Workbook

Sheet Смета по ФСНБ 421+557прРИМ
A1: Наименование редакции сметных нормативов | F1: =IF(Source!CQ12 <> "", Source!CQ12, "") -> Приказ Минстроя России от 30.12.2021 г. № 1046/пр; Приказ Минстроя России от 04.08.2020 г. № 421/пр; Приказ Минстроя России от 21.12.2020 г. № 812/пр; Приказ Минстроя России от 11.12.2020 г. № 774/пр | CO1: =IF(Source!CQ12 <> "", Source!CQ12, "") -> Приказ Минстроя России от 30.12.2021 г. № 1046/пр; Приказ Минстроя России от 04.08.2020 г. № 421/пр; Приказ Минстроя России от 21.12.2020 г. № 812/пр; Приказ Минстроя России от 11.12.2020 г. № 774/пр
A3: Реквизиты приказа Минстроя России об утверждении дополнений и изменений к сметным нормативам | F3: =IF(Source!CV12 <> "", Source!CV12, "") -> Приказ Минстроя России от 18.05.2022 г. № 378/пр; Приказ Минстроя России от 26.08.2022 г. № 703/пр; Приказ Минстроя России от 26.10.2022 г. № 905/пр; Приказ Минстроя России от 27.12.2022 г. № 1133/пр; Приказ Минстроя России от 10.02.2023 г. № 84/пр; Приказ Минстроя России от 11.05.2023 г. № 335/пр; Приказ Минстроя России от 02.08.2023 г. № 551/пр; Приказ Минстроя России от 14.11.2023 г. № 817/пр; Приказ Минстроя России от 16.02.2024 г. № 102/пр; Приказ Минстроя России от 13.05.2024 г. № 323/пр; Приказ Минстроя России от 09.08.2024 г. № 524/пр; Приказ Минстроя России от 07.11.2024 г. № 747/пр; Приказ Минстроя России от 07.02.2025 г. № 69/пр; Приказ Минстроя России от 19.05.2025 г. № 299/пр; Приказ Минстроя России от 14.08.2025 г. № 490/пр; Приказ Минстроя России от 12.11.2025 г. № 696/пр; Приказ Минстроя России от 17.02.2026 г. № 91/пр; Приказ Минстроя России от 15.05.2026 г. № 301/пр; Приказ Минстроя России от 12.08.2026 г. № 527/пр; Приказ Минстроя России от 07.07.2022 г. № 557/пр; Приказ Минстроя России от 30.01.2024 г. № 55/пр; Приказ Минстроя России от 23.01.2025 г. № 30/пр; Приказ Минстроя России от 02.09.2021 г. № 636/пр; Приказ Минстроя России от 26.07.2022 г. № 611/пр; Приказ Минстроя России от 22.04.2022 г. № 317/пр | CO3: =IF(Source!CV12 <> "", Source!CV12, "") -> Приказ Минстроя России от 18.05.2022 г. № 378/пр; Приказ Минстроя России от 26.08.2022 г. № 703/пр; Приказ Минстроя России от 26.10.2022 г. № 905/пр; Приказ Минстроя России от 27.12.2022 г. № 1133/пр; Приказ Минстроя России от 10.02.2023 г. № 84/пр; Приказ Минстроя России от 11.05.2023 г. № 335/пр; Приказ Минстроя России от 02.08.2023 г. № 551/пр; Приказ Минстроя России от 14.11.2023 г. № 817/пр; Приказ Минстроя России от 16.02.2024 г. № 102/пр; Приказ Минстроя России от 13.05.2024 г. № 323/пр; Приказ Минстроя России от 09.08.2024 г. № 524/пр; Приказ Минстроя России от 07.11.2024 г. № 747/пр; Приказ Минстроя России от 07.02.2025 г. № 69/пр; Приказ Минстроя России от 19.05.2025 г. № 299/пр; Приказ Минстроя России от 14.08.2025 г. № 490/пр; Приказ Минстроя России от 12.11.2025 г. № 696/пр; Приказ Минстроя России от 17.02.2026 г. № 91/пр; Приказ Минстроя России от 15.05.2026 г. № 301/пр; Приказ Минстроя России от 12.08.2026 г. № 527/пр; Приказ Минстроя России от 07.07.2022 г. № 557/пр; Приказ Минстроя России от 30.01.2024 г. № 55/пр; Приказ Минстроя России от 23.01.2025 г. № 30/пр; Приказ Минстроя России от 02.09.2021 г. № 636/пр; Приказ Минстроя России от 26.07.2022 г. № 611/пр; Приказ Минстроя России от 22.04.2022 г. № 317/пр
A5: Реквизиты письма Минстроя России об индексах изменения сметной стоимости строительства, включаемые в федеральный реестр сметных нормативов и размещаемые в федеральной государственной информационной системе ценообразования в строительстве, подготовленного в соответствии с пунктом 85 Методики расчета индексов изменения сметной стоимости строительства, утвержденной приказом Министерства строительства и жилищно-коммунального хозяйства Российской Федерации от 5 июня 2019 г. N 326/пр | F5: Письмо Минстроя России от 24.08.2026 № 52419-ИФ/09
A7: Реквизиты нормативного правового акта об утверждении оплаты труда, утверждаемый в соответствии с пунктом 22(1) Правилами мониторинга цен, утвержденными постановлением Правительства Российской Федерации от 23 декабря 2016 г. N 1452 | F7: Приказ Министерства градостроительства и архитектуры Пензенской области от 06.03.2026 г. № 250/оп
A9: Обоснование принятых текущих цен на строительные ресурсы | F9: ФГИС ЦС, конъюнктурный анализ
A11: Наименование субъекта Российской Федерации | F11: Пензенская область
A12: Наименование зоны субъекта Российской Федерации | F12: Пензенская область
A14: Газопровод низкого давления к жилому дому,расположенному по адресу: Пензенская область,Кузнецкий район,с.Радищево,ул.Кузнецкая,3
A16: (наименование стройки)
A18: =IF(Source!G12<>"Новый объект", Source!G12, "") -> Газопровод низкого давления к жилому дому,расположенному по адресу: Пензенская область,Кузнецкий район,с.Радищево,ул.Кузнецкая,3 | CN18: =IF(Source!G12<>"Новый объект", Source!G12, "") -> Газопровод низкого давления к жилому дому,расположенному по адресу: Пензенская область,Кузнецкий район,с.Радищево,ул.Кузнецкая,3
A19: (наименование объекта капитального строительства)
A21: ЛОКАЛЬНАЯ СМЕТА №ЛС-01-01-01
A22: =IF(Source!G20<>"Новая локальная смета", Source!G20, "") -> Газопровод низкого давленияя
A23: (наименование работ и затрат)
A24: Составлен | C24: Ресурсно-индексным | D24: методом
A26: Основание | C26: проект шифр 2118-26-П-ГСН.С
C27: (проектная и (или) иная техническая документация)
A28: Составлен(а) в текущем уровне цен на сентябрь 2026 года
A30: Сметная стоимость | C30: =C33+C34+C35+C36 -> 255.3 | E30: тыс. руб.
G31: Средства на оплату труда рабочих | K31: =ROUND(SUM(AR43:AR763)/1000, 2) -> 30.21 | L31: тыс. руб.
B32: в том числе: | G32: Средства на оплату труда машинистов | K32: =ROUND(SUM(AT43:AT763)/1000, 2) -> 8.01 | L32: тыс. руб.
B33: строительных работ | C33: =ROUND((Source!F258)/1000, 2) -> 238.05 | E33: тыс. руб. | G33: Нормативные затраты труда рабочих | K33: =Source!F263 -> 79.76951 | L33: чел.-ч.
B34: монтажных работ | C34: =ROUND((Source!F259)/1000, 2) -> 17.25 | E34: тыс. руб. | G34: Нормативные затраты труда машинистов | K34: =Source!F264 -> 17.372354 | L34: чел.-ч.
B35: оборудования | C35: =ROUND((Source!F250)/1000, 2) -> 0 | E35: тыс. руб.
B36: прочих затрат | C36: =ROUND((Source!F260)/1000, 2) -> 0 | E36: тыс. руб.
A37: № п/п | B37: Обоснование | C37: Наименование работ и затрат | D37: Единица измерения | E37: Количество | H37: Сметная стоимость, руб.
E41: на единицу измерения | F41: коэффициенты | G41: всего с учетом коэффициентов | H41: на единицу измерения в базисном уровне цен | I41: индекс | J41: на единицу измерения в текущем уровне цен | K41: коэффициенты | L41: всего в текущем уровне цен
A42: 1 | B42: 2 | C42: 3 | D42: 4 | E42: 5 | F42: 6 | G42: 7 | H42: 8 | I42: 9 | J42: 10 | K42: 11 | L42: 12
A44: Раздел: Земляные работы
A45: 1 | B45: ГЭСН 01-01-009-14 | C45: =Source!G28 -> Разработка грунта в траншеях экскаватором «обратная лопата» с ковшом вместимостью 0,5 (0,5-0,63) м3, в отвал группа грунтов: 2 | D45: =Source!H28 -> 1000 м3 | E45: =Source!K28 -> 0.121 | G45: =Source!I28 -> 0.121
C46: ="Объем: "&Source!I28&"=121/"&"1000" -> Объем: 0,121=121/1000
B47: 2 | C47: ЭМ | L47: =SUM(L48:L50)-SUMIF(CE48:CE50, 1, L48:L50) -> 4423
C48: ОТм(ЗТм) | D48: чел.-ч. | G48: =Source!V28 -> 3.0855 | L48: =SUMIF(CE49:CE50, 1, L49:L50) -> 1658.89 | CE48: 1
B49: 91.01.05-085 | C49: Экскаваторы одноковшовые дизельные на гусеничном ходу, объем ковша 0,5 м3 | D49: маш.-ч | E49: 25.5 | G49: =SmtRes!CX2 -> 3.0855 | H49: =SmtRes!CZ2 -> 1054.03 | I49: =SmtRes!AJ2 -> 1.36 | J49: =ROUND(H49*I49, 2) -> 1433.48 | L49: =SmtRes!DG2 -> 4423
B50: 4-100-060 | C50: ОТм(ЗТм) Средний разряд машинистов 6 | D50: чел.-ч. | E50: =SmtRes!DO2*SmtRes!AT2 -> 25.5 | G50: =ROUND(E50*G45, 7) -> 3.0855 | J50: =ROUND(SmtRes!AG2/SmtRes!DO2, 2) -> 537.64 | L50: =SmtRes!DH2 -> 1658.89 | CE50: 1
C51: Итого прямые затраты | L51: =L47+L48 -> 6081.89
C52: ФОТ | L52: =SUM(AR45:AR55)+SUM(AS45:AS55)+SUM(AT45:AT55)+SUM(AU45:AU55)+SUM(AV45:AV55) -> 1658.89
B53: Пр/812-001.1-1 | C53: НР Земляные работы, выполняемые: механизированным способом | D53: % | E53: =Source!BZ28 -> 92 | G53: =Source!AT28 -> 92 | L53: =SUM(AZ45:AZ55) -> 1526.18
B54: Пр/774-001.1 | C54: СП Земляные работы, выполняемые: механизированным способом | D54: % | E54: =Source!CA28 -> 46 | G54: =Source!AU28 -> 46 | L54: =SUM(BA45:BA55) -> 763.09
C55: Всего по позиции | I55: =IF(E45<>0,K55/E45, 0) -> 69183.14 | K55: =L47+L53+L54+L48 -> 8371.16 | AD55: =ROUND((Source!AT28/100)*((ROUND(SUMIF(SmtRes!AQ1:'SmtRes'!AQ2,"=1",SmtRes!AD1:'SmtRes'!AD2)*Source!I28, 2)+ROUND(SUMIF(SmtRes!AQ1:'SmtRes'!AQ2,"=1",SmtRes!AC1:'SmtRes'!AC2)*Source!I28, 2))), 2) -> 59.85 | AE55: =ROUND((Source!AU28/100)*((ROUND(SUMIF(SmtRes!AQ1:'SmtRes'!AQ2,"=1",SmtRes!AD1:'SmtRes'!AD2)*Source!I28, 2)+ROUND(SUMIF(SmtRes!AQ1:'SmtRes'!AQ2,"=1",SmtRes!AC1:'SmtRes'!AC2)*Source!I28, 2))), 2) -> 29.92 | AN55: =L47+L53+L54+L48 -> 8371.16 | AO55: =L47 -> 4423 | AQ55: = | AR55: =0 -> 0 | AT55: =L48 -> 1658.89 | AV55: = | AW55: =0 -> 0 | AZ55: =Source!X28 -> 1526.18 | BA55: =Source!Y28 -> 763.09 | CD55: 1
A56: 2 | B56: ГЭСН 01-02-057-02 | C56: =Source!G29 -> Добор грунта вручную в траншеях глубиной до 2 м без креплений с откосами, группа грунтов: 2 | D56: =Source!H29 -> 100 м3 | E56: =Source!K29 -> 0.04 | G56: =Source!I29 -> 0.04
C57: ="Объем: "&Source!I29&"=4/"&"100" -> Объем: 0,04=4/100
B58: 1 | C58: ОТ (ЗТ) | D58: чел.-ч. | G58: =Source!U29 -> 6.16 | L58: =SUM(L59:L59)-SUMIF(CE59:CE59, 1, L59:L59) -> 2005.51
B59: 1-100-20 | C59: Средний разряд работы 2,0 | D59: чел.-ч. | E59: 154 | G59: =SmtRes!CX3 -> 6.16 | J59: =SmtRes!CZ3 -> 325.57 | L59: =SmtRes!DI3 -> 2005.51
C60: Итого прямые затраты | L60: =L58 -> 2005.51
C61: ФОТ | L61: =SUM(AR56:AR64)+SUM(AS56:AS64)+SUM(AT56:AT64)+SUM(AU56:AU64)+SUM(AV56:AV64) -> 2005.51
B62: Пр/812-001.2-1 | C62: НР Земляные работы, выполняемые: ручным способом | D62: % | E62: =Source!BZ29 -> 89 | G62: =Source!AT29 -> 89 | L62: =SUM(AZ56:AZ64) -> 1784.9
B63: Пр/774-001.2 | C63: СП Земляные работы, выполняемые: ручным способом | D63: % | E63: =Source!CA29 -> 40 | G63: =Source!AU29 -> 40 | L63: =SUM(BA56:BA64) -> 802.2
C64: Всего по позиции | I64: =IF(E56<>0,K64/E56, 0) -> 114815.25 | K64: =L58+L62+L63 -> 4592.61 | AD64: =ROUND((Source!AT29/100)*((ROUND(SUMIF(SmtRes!AQ3:'SmtRes'!AQ3,"=1",SmtRes!AD3:'SmtRes'!AD3)*Source!I29, 2)+ROUND(SUMIF(SmtRes!AQ3:'SmtRes'!AQ3,"=1",SmtRes!AC3:'SmtRes'!AC3)*Source!I29, 2))), 2) -> 11.59 | AE64: =ROUND((Source!AU29/100)*((ROUND(SUMIF(SmtRes!AQ3:'SmtRes'!AQ3,"=1",SmtRes!AD3:'SmtRes'!AD3)*Source!I29, 2)+ROUND(SUMIF(SmtRes!AQ3:'SmtRes'!AQ3,"=1",SmtRes!AC3:'SmtRes'!AC3)*Source!I29, 2))), 2) -> 5.21 | AN64: =L58+L62+L63 -> 4592.61 | AO64: =0 -> 0 | AQ64: = | AR64: =L58 -> 2005.51 | AT64: =0 -> 0 | AV64: = | AW64: =0 -> 0 | AZ64: =Source!X29 -> 1784.9 | BA64: =Source!Y29 -> 802.2 | CD64: 1
A65: 3 | B65: ГЭСН 23-01-001-01 | C65: =Source!G30 -> Устройство основания под трубопроводы: песчаного | D65: =Source!H30 -> 10 м3 | E65: =Source!K30 -> 2.4 | G65: =Source!I30 -> 2.4
C66: ="Объем: "&Source!I30&"=24/"&"10" -> Объем: 2,4=24/10
B67: 1 | C67: ОТ (ЗТ) | D67: чел.-ч. | G67: =Source!U30 -> 24.48 | L67: =SUM(L68:L68)-SUMIF(CE68:CE68, 1, L68:L68) -> 8335.68
B68: 1-100-25 | C68: Средний разряд работы 2,5 | D68: чел.-ч. | E68: 10.2 | G68: =SmtRes!CX4 -> 24.48 | J68: =SmtRes!CZ4 -> 340.51 | L68: =SmtRes!DI4 -> 8335.68
B69: 2 | C69: ЭМ | L69: =SUM(L70:L72)-SUMIF(CE70:CE72, 1, L70:L72) -> 1291.64
C70: ОТм(ЗТм) | D70: чел.-ч. | G70: =Source!V30 -> 0.768 | L70: =SUMIF(CE71:CE72, 1, L71:L72) -> 353.26 | CE70: 1
B71: 91.06.05-011 | C71: Погрузчики одноковшовые универсальные фронтальные пневмоколесные, номинальная вместимость основного ковша 2,6 м3, грузоподъемность 5 т | D71: маш.-ч | E71: 0.32 | G71: =SmtRes!CX6 -> 0.768 | J71: =SmtRes!CZ6 -> 1681.82 | L71: =SmtRes!DG6 -> 1291.64
B72: 4-100-050 | C72: ОТм(ЗТм) Средний разряд машинистов 5 | D72: чел.-ч. | E72: =SmtRes!DO6*SmtRes!AT6 -> 0.32 | G72: =ROUND(E72*G65, 7) -> 0.768 | J72: =ROUND(SmtRes!AG6/SmtRes!DO6, 2) -> 459.98 | L72: =SmtRes!DH6 -> 353.26 | CE72: 1
C74: Итого прямые затраты | L74: =L67+L69+L70 -> 9980.58
C75: ФОТ | L75: =SUM(AR65:AR78)+SUM(AS65:AS78)+SUM(AT65:AT78)+SUM(AU65:AU78)+SUM(AV65:AV78) -> 8688.94
B76: Пр/812-018.0-1 | C76: НР Наружные сети водопровода, канализации, теплоснабжения, газопроводы | D76: % | E76: =Source!BZ30 -> 117 | G76: =Source!AT30 -> 117 | L76: =SUM(AZ65:AZ78) -> 10166.06
B77: Пр/774-018.0 | C77: СП Наружные сети водопровода, канализации, теплоснабжения, газопроводы | D77: % | E77: =Source!CA30 -> 74 | G77: =Source!AU30 -> 74 | L77: =SUM(BA65:BA78) -> 6429.82
C78: Всего по позиции | I78: =IF(E65<>0,K78/E65, 0) -> 11073.525 | K78: =L67+L69+L76+L77+L70 -> 26576.46 | AD78: =ROUND((Source!AT30/100)*((ROUND(SUMIF(SmtRes!AQ4:'SmtRes'!AQ7,"=1",SmtRes!AD4:'SmtRes'!AD7)*Source!I30, 2)+ROUND(SUMIF(SmtRes!AQ4:'SmtRes'!AQ7,"=1",SmtRes!AC4:'SmtRes'!AC7)*Source!I30, 2))), 2) -> 2247.77 | AE78: =ROUND((Source!AU30/100)*((ROUND(SUMIF(SmtRes!AQ4:'SmtRes'!AQ7,"=1",SmtRes!AD4:'SmtRes'!AD7)*Source!I30, 2)+ROUND(SUMIF(SmtRes!AQ4:'SmtRes'!AQ7,"=1",SmtRes!AC4:'SmtRes'!AC7)*Source!I30, 2))), 2) -> 1421.67 | AN78: =L67+L69+L76+L77+L70 -> 26576.46 | AO78: =L69 -> 1291.64 | AQ78: = | AR78: =L67 -> 8335.68 | AT78: =L70 -> 353.26 | AV78: = | AW78: =0 -> 0 | AZ78: =Source!X30 -> 10166.06 | BA78: =Source!Y30 -> 6429.82 | CD78: 1
A79: 4 | B79: =Source!F32 -> 02.3.01.02-1104 | C79: =Source!G32 -> Песок природный для строительных работ I класс, средний | D79: =Source!H32 -> м3 | E79: =Source!K32 -> 24 | G79: =Source!I32 -> 24 | H79: =Source!AL32 -> 573.7 | I79: =IF(Source!BC32<> 0, Source!BC32, 1) -> 3.57 | J79: =ROUND(H79*I79, 2) -> 2048.11 | L79: =Source!P32 -> 49154.64
C80: Всего по позиции | I80: =IF(E79<>0,K80/E79, 0) -> 2048.11 | K80: =L79 -> 49154.64 | AD80: =ROUND((Source!AT32/100)*((ROUND(ROUND(Source!AO32,2)*Source!I32, 2)+ROUND(ROUND(Source!AN32,2)*Source!I32, 2))), 2) -> 0 | AE80: =ROUND((Source!AU32/100)*((ROUND(ROUND(Source!AO32,2)*Source!I32, 2)+ROUND(ROUND(Source!AN32,2)*Source!I32, 2))), 2) -> 0 | AN80: =L79 -> 49154.64 | AO80: =0 -> 0 | AQ80: = | AR80: =0 -> 0 | AT80: =0 -> 0 | AV80: = | AW80: =L79 -> 49154.64 | AZ80: =Source!X32 -> 0 | BA80: =Source!Y32 -> 0 | CD80: 1
A81: 5 | B81: ГЭСН 01-01-033-02 | C81: =Source!G33 -> Засыпка траншей и котлованов с перемещением грунта до 5 м бульдозерами мощностью: 59 кВт (80 л.с.), группа грунтов 2 | D81: =Source!H33 -> 1000 м3 | E81: =Source!K33 -> 0.094 | G81: =Source!I33 -> 0.094
C82: ="Объем: "&Source!I33&"=94/"&"1000" -> Объем: 0,094=94/1000
B83: 2 | C83: ЭМ | L83: =SUM(L84:L86)-SUMIF(CE84:CE86, 1, L84:L86) -> 884.7
C84: ОТм(ЗТм) | D84: чел.-ч. | G84: =Source!V33 -> 0.75764 | L84: =SUMIF(CE85:CE86, 1, L85:L86) -> 348.5 | CE84: 1
B85: 91.01.01-034 | C85: Бульдозеры, мощность 59 кВт (80 л.с.) | D85: маш.-ч | E85: 8.06 | G85: =SmtRes!CX9 -> 0.75764 | H85: =SmtRes!CZ9 -> 828.16 | I85: =SmtRes!AJ9 -> 1.41 | J85: =ROUND(H85*I85, 2) -> 1167.71 | L85: =SmtRes!DG9 -> 884.7
B86: 4-100-050 | C86: ОТм(ЗТм) Средний разряд машинистов 5 | D86: чел.-ч. | E86: =SmtRes!DO9*SmtRes!AT9 -> 8.06 | G86: =ROUND(E86*G81, 7) -> 0.75764 | J86: =ROUND(SmtRes!AG9/SmtRes!DO9, 2) -> 459.98 | L86: =SmtRes!DH9 -> 348.5 | CE86: 1
C87: Итого прямые затраты | L87: =L83+L84 -> 1233.2
C88: ФОТ | L88: =SUM(AR81:AR91)+SUM(AS81:AS91)+SUM(AT81:AT91)+SUM(AU81:AU91)+SUM(AV81:AV91) -> 348.5
B89: Пр/812-001.1-1 | C89: НР Земляные работы, выполняемые: механизированным способом | D89: % | E89: =Source!BZ33 -> 92 | G89: =Source!AT33 -> 92 | L89: =SUM(AZ81:AZ91) -> 320.62
B90: Пр/774-001.1 | C90: СП Земляные работы, выполняемые: механизированным способом | D90: % | E90: =Source!CA33 -> 46 | G90: =Source!AU33 -> 46 | L90: =SUM(BA81:BA91) -> 160.31
C91: Всего по позиции | I91: =IF(E81<>0,K91/E81, 0) -> 18235.426 | K91: =L83+L89+L90+L84 -> 1714.13 | AD91: =ROUND((Source!AT33/100)*((ROUND(SUMIF(SmtRes!AQ8:'SmtRes'!AQ9,"=1",SmtRes!AD8:'SmtRes'!AD9)*Source!I33, 2)+ROUND(SUMIF(SmtRes!AQ8:'SmtRes'!AQ9,"=1",SmtRes!AC8:'SmtRes'!AC9)*Source!I33, 2))), 2) -> 39.78 | AE91: =ROUND((Source!AU33/100)*((ROUND(SUMIF(SmtRes!AQ8:'SmtRes'!AQ9,"=1",SmtRes!AD8:'SmtRes'!AD9)*Source!I33, 2)+ROUND(SUMIF(SmtRes!AQ8:'SmtRes'!AQ9,"=1",SmtRes!AC8:'SmtRes'!AC9)*Source!I33, 2))), 2) -> 19.89 | AN91: =L83+L89+L90+L84 -> 1714.13 | AO91: =L83 -> 884.7 | AQ91: = | AR91: =0 -> 0 | AT91: =L84 -> 348.5 | AV91: = | AW91: =0 -> 0 | AZ91: =Source!X33 -> 320.62 | BA91: =Source!Y33 -> 160.31 | CD91: 1
A92: 6 | B92: ГЭСН 01-02-061-02 | C92: =Source!G34 -> Засыпка вручную траншей, пазух котлованов и ям, группа грунтов: 2 | D92: =Source!H34 -> 100 м3 | E92: =Source!K34 -> 0.02 | G92: =Source!I34 -> 0.02
C93: ="Объем: "&Source!I34&"=2/"&"100" -> Объем: 0,02=2/100
B94: 1 | C94: ОТ (ЗТ) | D94: чел.-ч. | G94: =Source!U34 -> 1.944 | L94: =SUM(L95:L95)-SUMIF(CE95:CE95, 1, L95:L95) -> 606.78
B95: 1-100-15 | C95: Средний разряд работы 1,5 | D95: чел.-ч. | E95: 97.2 | G95: =SmtRes!CX10 -> 1.944 | J95: =SmtRes!CZ10 -> 312.13 | L95: =SmtRes!DI10 -> 606.78
C96: Итого прямые затраты | L96: =L94 -> 606.78
C97: ФОТ | L97: =SUM(AR92:AR100)+SUM(AS92:AS100)+SUM(AT92:AT100)+SUM(AU92:AU100)+SUM(AV92:AV100) -> 606.78
B98: Пр/812-001.2-1 | C98: НР Земляные работы, выполняемые: ручным способом | D98: % | E98: =Source!BZ34 -> 89 | G98: =Source!AT34 -> 89 | L98: =SUM(AZ92:AZ100) -> 540.03
B99: Пр/774-001.2 | C99: СП Земляные работы, выполняемые: ручным способом | D99: % | E99: =Source!CA34 -> 40 | G99: =Source!AU34 -> 40 | L99: =SUM(BA92:BA100) -> 242.71
C100: Всего по позиции | I100: =IF(E92<>0,K100/E92, 0) -> 69476 | K100: =L94+L98+L99 -> 1389.52 | AD100: =ROUND((Source!AT34/100)*((ROUND(SUMIF(SmtRes!AQ10:'SmtRes'!AQ10,"=1",SmtRes!AD10:'SmtRes'!AD10)*Source!I34, 2)+ROUND(SUMIF(SmtRes!AQ10:'SmtRes'!AQ10,"=1",SmtRes!AC10:'SmtRes'!AC10)*Source!I34, 2))), 2) -> 5.55 | AE100: =ROUND((Source!AU34/100)*((ROUND(SUMIF(SmtRes!AQ10:'SmtRes'!AQ10,"=1",SmtRes!AD10:'SmtRes'!AD10)*Source!I34, 2)+ROUND(SUMIF(SmtRes!AQ10:'SmtRes'!AQ10,"=1",SmtRes!AC10:'SmtRes'!AC10)*Source!I34, 2))), 2) -> 2.5 | AN100: =L94+L98+L99 -> 1389.52 | AO100: =0 -> 0 | AQ100: = | AR100: =L94 -> 606.78 | AT100: =0 -> 0 | AV100: = | AW100: =0 -> 0 | AZ100: =Source!X34 -> 540.03 | BA100: =Source!Y34 -> 242.71 | CD100: 1
C102: Итого прямые затраты по разделу | L102: =L104+L105+L111+L115 -> 69062.6
C103: в том числе
C104: оплата труда | L104: =SUM(AR44:AR100) -> 10947.97
C105: эксплуатация машин и механизмов | L105: =L107+L110+L109 -> 8959.99
C106: в том числе
C107: эксплуатация машин и механизмов | L107: =SUM(AO44:AO100) -> 6599.34
C108: в том числе
C109: оплата труда машинистов (ОТм) | L109: =SUM(AT44:AT100) -> 2360.65
C110: доплаты к оплате труда машинистов | L110: =SUM(AV44:AV100) -> 0
C111: материальные ресурсы | L111: =L113+L114 -> 49154.64
C112: в том числе
C113: материальные ресурсы без учета дополнительной перевозки | L113: =SUM(AW44:AW100)-SUM(BK44:BK100) -> 49154.64
C114: дополнительная перевозка материальных ресурсов | L114: =SUM(BC44:BC100) -> 0
C115: перевозка | L115: =SUM(BB44:BB100) -> 0
C116: Всего ФОТ (справочно) | L116: =SUM(AR44:AR100)+SUM(AT44:AT100)+SUM(AV44:AV100) -> 13308.62
C117: Всего накладные расходы | L117: =SUM(AZ44:AZ100) -> 14337.79
...

Sheet Source
A1: 0 | B1: Smeta.RU (495) 974-1589 | D1: _PS_ | F1: 0 | G1: 0 | H1: 0 | I1: Smeta.RU | K1: 1 | L1: 28180 | M1: 10 | N1: 12 | O1: 1 | P1: 0 | Q1: 5
A12: 1 | B12: 336 | C12: 0 | D12: =ROW(A271) -> 271 | E12: 0 | F12: Новый объект_(Копия)_(Копия)_(Копия)_(Копия)_(Копия)_(Копия) | G12: Газопровод низкого давления к жилому дому,расположенному по адресу: Пензенская область,Кузнецкий район,с.Радищево,ул.Кузнецкая,3 | I12: 0 | K12: 0 | L12: 0 | M12: 523 | O12: 0 | P12: 0 | Q12: 7 | R12: 0 | T12: 4 | V12: 0 | BB12: 0 | BH12: Сметные нормы списания | BI12: Коды ценников | BJ12: 1 | BK12: 1 | BL12: 0 | BM12: 0 | BN12: 1 | BO12: 0 | BP12: 6 | BQ12: 2 | BR12: 1 | BS12: 1 | BT12: 0 | BU12: 0 | BV12: 0 | BW12: 0 | BX12: 0 | BY12: ФСНБ-2022_И19 | BZ12: Версия 1.19.0 для ФСНБ-2022 И19 | CA12: ФСНБ-2022 - Изменения И19 | CB12: ФСНБ-2022 - Изменения И19 | CC12: ФСНБ-2022 - Изменения И19 | CD12: ФСНБ-2022 - Изменения И19 | CE12: Поправки для ФСНБ-2022 от 21.08.2026 г И19 (55/пр) Строительство | CF12: 0 | CG12: 0 | CH12: 487096328 | CK12: 19 | CQ12: Приказ Минстроя России от 30.12.2021 г. № 1046/пр; Приказ Минстроя России от 04.08.2020 г. № 421/пр; Приказ Минстроя России от 21.12.2020 г. № 812/пр; Приказ Минстроя России от 11.12.2020 г. № 774/пр | CR12: ГСН | CS12: 46248 | CT12: 570 | CU12: 19 | CV12: Приказ Минстроя России от 18.05.2022 г. № 378/пр; Приказ Минстроя России от 26.08.2022 г. № 703/пр; Приказ Минстроя России от 26.10.2022 г. № 905/пр; Приказ Минстроя России от 27.12.2022 г. № 1133/пр; Приказ Минстроя России от 10.02.2023 г. № 84/пр; Приказ Минстроя России от 11.05.2023 г. № 335/пр; Приказ Минстроя России от 02.08.2023 г. № 551/пр; Приказ Минстроя России от 14.11.2023 г. № 817/пр; Приказ Минстроя России от 16.02.2024 г. № 102/пр; Приказ Минстроя России от 13.05.2024 г. № 323/пр; Приказ Минстроя России от 09.08.2024 г. № 524/пр; Приказ Минстроя России от 07.11.2024 г. № 747/пр; Приказ Минстроя России от 07.02.2025 г. № 69/пр; Приказ Минстроя России от 19.05.2025 г. № 299/пр; Приказ Минстроя России от 14.08.2025 г. № 490/пр; Приказ Минстроя России от 12.11.2025 г. № 696/пр; Приказ Минстроя России от 17.02.2026 г. № 91/пр; Приказ Минстроя России от 15.05.2026 г. № 301/пр; Приказ Минстроя России от 12.08.2026 г. № 527/пр; Приказ Минстроя России от 07.07.2022 г. № 557/пр; Приказ Минстроя России от 30.01.2024 г. № 55/пр; Приказ Минстроя России от 23.01.2025 г. № 30/пр; Приказ Минстроя России от 02.09.2021 г. № 636/пр; Приказ Минстроя России от 26.07.2022 г. № 611/пр; Приказ Минстроя России от 22.04.2022 г. № 317/пр | CY12: 0 | EC12: 0
A15: 15 | B15: 1
A18: 52 | B18: =B271 -> 336 | C18: =C271 -> 1 | D18: =D271 -> 12 | E18: =E271 -> 0 | F18: =F271 -> Новый объект_(Копия)_(Копия)_(Копия)_(Копия)_(Копия)_(Копия) | G18: =G271 -> Газопровод низкого давления к жилому дому,расположенному по адресу: Пензенская область,Кузнецкий район,с.Радищево,ул.Кузнецкая,3 | O18: =O271 -> 185651.92 | P18: =P271 -> 129096.4 | Q18: =Q271 -> 18339.82 | R18: =R271 -> 8007.49 | S18: =S271 -> 30208.21 | T18: =T271 -> 0 | U18: =U271 -> 79.76951 | V18: =V271 -> 17.372354 | ... GX18: =GX271 -> 0
A20: 3 | B20: 1 | D20: =ROW(A241) -> 241 | F20: Новая локальная смета | G20: Газопровод низкого давленияя | I20: 0 | K20: -1 | L20: Новая локальная смета | S20: 0 | V20: 0 | BX20: 0 | CF20: 0 | CG20: 0
A22: 52 | B22: =B241 -> 1 | C22: =C241 -> 3 | D22: =D241 -> 20 | E22: =E241 -> 0 | F22: =F241 -> Новая локальная смета | G22: =G241 -> Газопровод низкого давленияя | O22: =O241 -> 185651.92 | P22: =P241 -> 129096.4 | Q22: =Q241 -> 18339.82 | R22: =R241 -> 8007.49 | S22: =S241 -> 30208.21 | T22: =T241 -> 0 | U22: =U241 -> 79.76951 | V22: =V241 -> 17.372354 | ... GX22: =GX241 -> 0
A24: 4 | B24: 1 | D24: =ROW(A36) -> 36 | F24: Новый раздел | G24: Земляные работы | I24: 0 | K24: -1 | S24: 0 | V24: 0 | BX24: 0 | CJ24: 0
A26: 52 | B26: =B36 -> 1 | C26: =C36 -> 4 | D26: =D36 -> 24 | E26: =E36 -> 0 | F26: =F36 -> Новый раздел | G26: =G36 -> Земляные работы | O26: =O36 -> 69062.6 | P26: =P36 -> 49154.64 | Q26: =Q36 -> 6599.34 | R26: =R36 -> 2360.65 | S26: =S36 -> 10947.97 | T26: =T36 -> 0 | U26: =U36 -> 32.584 | V26: =V36 -> 4.61114 | ... GX26: =GX36 -> 0
A28: 17 | B28: 1 | C28: =ROW(SmtRes!A2) -> 2 | D28: =ROW(EtalonRes!A2) -> 2 | E28: 1 | F28: 01-01-009-14 | G28: Разработка грунта в траншеях экскаватором «обратная лопата» с ковшом вместимостью 0,5 (0,5-0,63) м3, в отвал группа грунтов: 2 | H28: 1000 м3 | I28: =ROUND(121/1000,7) -> 0.121 | J28: 0 | K28: =ROUND(121/1000,7) -> 0.121 | O28: =ROUND(CP28,2) -> 6081.89 | P28: =SUMIF(SmtRes!AQ1:'SmtRes'!AQ2,"=1",SmtRes!DF1:'SmtRes'!DF2) -> 0 | Q28: =SUMIF(SmtRes!AQ1:'SmtRes'!AQ2,"=1",SmtRes!DG1:'SmtRes'!DG2) -> 4423 | R28: =SUMIF(SmtRes!AQ1:'SmtRes'!AQ2,"=1",SmtRes!DH1:'SmtRes'!DH2) -> 1658.89 | S28: =SUMIF(SmtRes!AQ1:'SmtRes'!AQ2,"=1",SmtRes!DI1:'SmtRes'!DI2) -> 0 | T28: =ROUND(CU28*I28,2) -> 0 | U28: =SUMIF(SmtRes!AQ1:'SmtRes'!AQ2,"=1",SmtRes!CV1:'SmtRes'!CV2) -> 0 | V28: =SUMIF(SmtRes!AQ1:'SmtRes'!AQ2,"=1",SmtRes!CW1:'SmtRes'!CW2) -> 3.0855 | W28: =ROUND(CX28*I28,2) -> 0 | X28: =ROUND(CY28,2) -> 1526.18 | Y28: =ROUND(CZ28,2) -> 763.09 | AA28: 73938991 | AB28: =ROUND((AC28+AD28+AF28),6) -> 26877.765 | AC28: =ROUND((0),6) -> 0 | AD28: =ROUND((((SUM(SmtRes!BR1:'SmtRes'!BR2))-(SUM(SmtRes!BS1:'SmtRes'!BS2)))+AE28),6) -> 26877.765 | AE28: =ROUND((SUM(SmtRes!BS1:'SmtRes'!BS2)),6) -> 13709.82 | AF28: =ROUND((0),6) -> 0 | AG28: =ROUND((AP28),6) -> 0 | AH28: =(0) -> 0 | AI28: =(SUM(SmtRes!BV1:'SmtRes'!BV2)) -> 25.5 | AJ28: =(AS28) -> 0 | AK28: 40587.585 | AL28: 0 | AM28: 26877.765 | AN28: 13709.82 | AO28: 0 | AP28: 0 | AQ28: 0 | AR28: 25.5 | AS28: 0 | AT28: 92 | AU28: 46 | AV28: 1 | AW28: 1 | AZ28: 1 | BA28: 1 | BB28: 1 | BC28: 1 | BH28: 0 | BI28: 1 | BJ28: ГЭСН-2022, 01-01-009-14, приказ Минстроя России от 18.05.2022 г. № 378/пр | BM28: 1001 | BN28: 0 | BP28: 0 | BQ28: 2 | BR28: 0 | BS28: 1 | BT28: 1 | BU28: 1 | BV28: 1 | BW28: 1 | BX28: 1 | BZ28: 92 | CA28: 46 | CE28: 0 | CF28: 0 | CG28: 0 | CM28: 0 | CO28: 0 | CP28: =(P28+Q28+S28+R28) -> 6081.89 | CQ28: =SUMIF(SmtRes!AQ1:'SmtRes'!AQ2,"=1",SmtRes!AA1:'SmtRes'!AA2) -> 0 | CR28: =SUMIF(SmtRes!AQ1:'SmtRes'!AQ2,"=1",SmtRes!AB1:'SmtRes'!AB2) -> 1433.48 | CS28: =SUMIF(SmtRes!AQ1:'SmtRes'!AQ2,"=1",SmtRes!AC1:'SmtRes'!AC2) -> 537.64 | CT28: =SUMIF(SmtRes!AQ1:'SmtRes'!AQ2,"=1",SmtRes!AD1:'SmtRes'!AD2) -> 0 | CU28: =AG28 -> 0 | CV28: =SUMIF(SmtRes!AQ1:'SmtRes'!AQ2,"=1",SmtRes!BU1:'SmtRes'!BU2) -> 0 | CW28: =SUMIF(SmtRes!AQ1:'SmtRes'!AQ2,"=1",SmtRes!BV1:'SmtRes'!BV2) -> 25.5 | CX28: =AJ28 -> 0 | CY28: =(((S28+R28)*AT28)/100) -> 1526.1788 | CZ28: =(((S28+R28)*AU28)/100) -> 763.0894 | DN28: 0 | DO28: 0 | DP28: 1 | DQ28: 1 | DU28: 1007 | DV28: 1000 м3 | DW28: 1000 м3 | DX28: 1000 | EE28: 72340571 | EF28: 2 | EG28: Общестроительные работы | EH28: 1 | EI28: Земляные работы | EJ28: 1 | EK28: 1001 | EL28: Земляные работы, выполняемые: механизированным способом | EM28: ФЕР-01 | EQ28: 0 | ER28: 0 | ES28: 0 | ET28: 0 | EU28: 0 | EV28: 0 | EW28: 0 | EX28: 25.5 | EY28: 0 | FQ28: 0 | FR28: 0 | FS28: 0 | FX28: 92 | FY28: 46 | GD28: 1 | GF28: 1103103698 | GG28: 2 | GH28: 1 | GI28: -2 | GJ28: 0 | GK28: 0 | GL28: =ROUND(IF(AND(BH28=3,BI28=3,FS28<>0),P28,0),2) -> 0 | GM28: =ROUND(O28+X28+Y28,2)+GX28 -> 8371.16 | GN28: =IF(OR(BI28=0,BI28=1),GM28-GX28,0) -> 8371.16 | GO28: =IF(BI28=2,GM28-GX28,0) -> 0 | GP28: =IF(BI28=4,GM28-GX28,0) -> 0 | GR28: 0 | GS28: 3 | GT28: 0 | GV28: =ROUND((GT28),6) -> 0 | GW28: 1 | GX28: =ROUND(HC28*I28,2) -> 0 | HA28: 0 | HB28: 0 | HC28: =GV28*GW28 -> 0 | HN28: Пр/812-001.1-1 | HO28: Пр/774-001.1 | HP28: Земляные работы, выполняемые: механизированным способом | HQ28: Земляные работы, выполняемые: механизированным способом | HS28: 0 | IK28: 0
A29: 17 | B29: 1 | C29: =ROW(SmtRes!A3) -> 3 | D29: =ROW(EtalonRes!A3) -> 3 | E29: 2 | F29: 01-02-057-02 | G29: Добор грунта вручную в траншеях глубиной до 2 м без креплений с откосами, группа грунтов: 2 | H29: 100 м3 | I29: =ROUND(4/100,7) -> 0.04 | J29: 0 | K29: =ROUND(4/100,7) -> 0.04 | O29: =ROUND(CP29,2) -> 2005.51 | P29: =SUMIF(SmtRes!AQ3:'SmtRes'!AQ3,"=1",SmtRes!DF3:'SmtRes'!DF3) -> 0 | Q29: =SUMIF(SmtRes!AQ3:'SmtRes'!AQ3,"=1",SmtRes!DG3:'SmtRes'!DG3) -> 0 | R29: =SUMIF(SmtRes!AQ3:'SmtRes'!AQ3,"=1",SmtRes!DH3:'SmtRes'!DH3) -> 0 | S29: =SUMIF(SmtRes!AQ3:'SmtRes'!AQ3,"=1",SmtRes!DI3:'SmtRes'!DI3) -> 2005.51 | T29: =ROUND(CU29*I29,2) -> 0 | U29: =SUMIF(SmtRes!AQ3:'SmtRes'!AQ3,"=1",SmtRes!CV3:'SmtRes'!CV3) -> 6.16 | V29: =SUMIF(SmtRes!AQ3:'SmtRes'!AQ3,"=1",SmtRes!CW3:'SmtRes'!CW3) -> 0 | W29: =ROUND(CX29*I29,2) -> 0 | X29: =ROUND(CY29,2) -> 1784.9 | Y29: =ROUND(CZ29,2) -> 802.2 | AA29: 73938991 | AB29: =ROUND((AC29+AD29+AF29),6) -> 50137.78 | AC29: =ROUND((0),6) -> 0 | AD29: =ROUND((((0)-(0))+AE29),6) -> 0 | AE29: =ROUND((0),6) -> 0 | AF29: =ROUND((SUM(SmtRes!BT3:'SmtRes'!BT3)),6) -> 50137.78 | AG29: =ROUND((AP29),6) -> 0 | AH29: =(SUM(SmtRes!BU3:'SmtRes'!BU3)) -> 154 | AI29: =(0) -> 0 | AJ29: =(AS29) -> 0 | AK29: 50137.78 | AL29: 0 | AM29: 0 | AN29: 0 | AO29: 50137.78 | AP29: 0 | AQ29: 154 | AR29: 0 | AS29: 0 | AT29: 89 | AU29: 40 | AV29: 1 | AW29: 1 | AZ29: 1 | BA29: 1 | BB29: 1 | BC29: 1 | BH29: 0 | BI29: 1 | BJ29: ГЭСН-2022, 01-02-057-02, приказ Минстроя России от 18.05.2022 г. № 378/пр | BM29: 1003 | BN29: 0 | BP29: 0 | BQ29: 2 | BR29: 0 | BS29: 1 | BT29: 1 | BU29: 1 | BV29: 1 | BW29: 1 | BX29: 1 | BZ29: 89 | CA29: 40 | CE29: 0 | CF29: 0 | CG29: 0 | CM29: 0 | CO29: 0 | CP29: =(P29+Q29+S29+R29) -> 2005.51 | CQ29: =SUMIF(SmtRes!AQ3:'SmtRes'!AQ3,"=1",SmtRes!AA3:'SmtRes'!AA3) -> 0 | CR29: =SUMIF(SmtRes!AQ3:'SmtRes'!AQ3,"=1",SmtRes!AB3:'SmtRes'!AB3) -> 0 | CS29: =SUMIF(SmtRes!AQ3:'SmtRes'!AQ3,"=1",SmtRes!AC3:'SmtRes'!AC3) -> 0 | CT29: =SUMIF(SmtRes!AQ3:'SmtRes'!AQ3,"=1",SmtRes!AD3:'SmtRes'!AD3) -> 325.57 | CU29: =AG29 -> 0 | CV29: =SUMIF(SmtRes!AQ3:'SmtRes'!AQ3,"=1",SmtRes!BU3:'SmtRes'!BU3) -> 154 | CW29: =SUMIF(SmtRes!AQ3:'SmtRes'!AQ3,"=1",SmtRes!BV3:'SmtRes'!BV3) -> 0 | CX29: =AJ29 -> 0 | CY29: =(((S29+R29)*AT29)/100) -> 1784.9039 | CZ29: =(((S29+R29)*AU29)/100) -> 802.204 | DN29: 0 | DO29: 0 | DP29: 1 | DQ29: 1 | DU29: 1007 | DV29: 100 м3 | DW29: 100 м3 | DX29: 100 | EE29: 72340573 | EF29: 2 | EG29: Общестроительные работы | EH29: 1 | EI29: Земляные работы | EJ29: 1 | EK29: 1003 | EL29: Земляные работы, выполняемые: ручным способом | EM29: ФЕР-01 | EQ29: 0 | ER29: 0 | ES29: 0 | ET29: 0 | EU29: 0 | EV29: 0 | EW29: 154 | EX29: 0 | EY29: 0 | FQ29: 0 | FR29: 0 | FS29: 0 | FX29: 89 | FY29: 40 | GD29: 1 | GF29: 1750746771 | GG29: 2 | GH29: 1 | GI29: -2 | GJ29: 0 | GK29: 0 | GL29: =ROUND(IF(AND(BH29=3,BI29=3,FS29<>0),P29,0),2) -> 0 | GM29: =ROUND(O29+X29+Y29,2)+GX29 -> 4592.61 | GN29: =IF(OR(BI29=0,BI29=1),GM29-GX29,0) -> 4592.61 | GO29: =IF(BI29=2,GM29-GX29,0) -> 0 | GP29: =IF(BI29=4,GM29-GX29,0) -> 0 | GR29: 0 | GS29: 3 | GT29: 0 | GV29: =ROUND((GT29),6) -> 0 | GW29: 1 | GX29: =ROUND(HC29*I29,2) -> 0 | HA29: 0 | HB29: 0 | HC29: =GV29*GW29 -> 0 | HN29: Пр/812-001.2-1 | HO29: Пр/774-001.2 | HP29: Земляные работы, выполняемые: ручным способом | HQ29: Земляные работы, выполняемые: ручным способом | HS29: 0 | IK29: 0
A30: 17 | B30: 1 | C30: =ROW(SmtRes!A7) -> 7 | D30: =ROW(EtalonRes!A7) -> 7 | E30: 3 | F30: 23-01-001-01 | G30: Устройство основания под трубопроводы: песчаного | H30: 10 м3 | I30: =ROUND(24/10,7) -> 2.4 | J30: 0 | K30: =ROUND(24/10,7) -> 2.4 | O30: =ROUND(CP30,2) -> 9980.58 | P30: =SUMIF(SmtRes!AQ4:'SmtRes'!AQ7,"=1",SmtRes!DF4:'SmtRes'!DF7) -> 0 | Q30: =SUMIF(SmtRes!AQ4:'SmtRes'!AQ7,"=1",SmtRes!DG4:'SmtRes'!DG7) -> 1291.64 | R30: =SUMIF(SmtRes!AQ4:'SmtRes'!AQ7,"=1",SmtRes!DH4:'SmtRes'!DH7) -> 353.26 | S30: =SUMIF(SmtRes!AQ4:'SmtRes'!AQ7,"=1",SmtRes!DI4:'SmtRes'!DI7) -> 8335.68 | T30: =ROUND(CU30*I30,2) -> 0 | U30: =SUMIF(SmtRes!AQ4:'SmtRes'!AQ7,"=1",SmtRes!CV4:'SmtRes'!CV7) -> 24.48 | V30: =SUMIF(SmtRes!AQ4:'SmtRes'!AQ7,"=1",SmtRes!CW4:'SmtRes'!CW7) -> 0.768 | W30: =ROUND(CX30*I30,2) -> 0 | X30: =ROUND(CY30,2) -> 10166.06 | Y30: =ROUND(CZ30,2) -> 6429.82 | AA30: 73938991 | AB30: =ROUND((AC30+AD30+AF30),6) -> 4011.3844 | AC30: =ROUND((0),6) -> 0 | AD30: =ROUND((((SUM(SmtRes!BR4:'SmtRes'!BR7))-(SUM(SmtRes!BS4:'SmtRes'!BS7)))+AE30),6) -> 538.1824 | AE30: =ROUND((SUM(SmtRes!BS4:'SmtRes'!BS7)),6) -> 147.1936 | AF30: =ROUND((SUM(SmtRes!BT4:'SmtRes'!BT7)),6) -> 3473.202 | AG30: =ROUND((AP30),6) -> 0 | AH30: =(SUM(SmtRes!BU4:'SmtRes'!BU7)) -> 10.2 | AI30: =(SUM(SmtRes!BV4:'SmtRes'!BV7)) -> 0.32 | AJ30: =(AS30) -> 0 | AK30: 4158.578 | AL30: 0 | AM30: 538.1824 | AN30: 147.1936 | AO30: 3473.202 | AP30: 0 | AQ30: 10.2 | AR30: 0.32 | AS30: 0 | AT30: 117 | AU30: 74 | AV30: 1 | AW30: 1 | AZ30: 1 | BA30: 1 | BB30: 1 | BC30: 1 | BH30: 0 | BI30: 1 | BJ30: ГЭСН-2022 доп.18, 23-01-001-01, приказ Минстроя России от 15.05.2026 г. № 301/пр | BM30: 23001 | BN30: 0 | BP30: 0 | BQ30: 2 | BR30: 0 | BS30: 1 | BT30: 1 | BU30: 1 | BV30: 1 | BW30: 1 | BX30: 1 | BZ30: 117 | CA30: 74 | CE30: 0 | CF30: 0 | CG30: 0 | CM30: 0 | CO30: 0 | CP30: =(P30+Q30+S30+R30) -> 9980.58 | CQ30: =SUMIF(SmtRes!AQ4:'SmtRes'!AQ7,"=1",SmtRes!AA4:'SmtRes'!AA7) -> 0 | CR30: =SUMIF(SmtRes!AQ4:'SmtRes'!AQ7,"=1",SmtRes!AB4:'SmtRes'!AB7) -> 1681.82 | CS30: =SUMIF(SmtRes!AQ4:'SmtRes'!AQ7,"=1",SmtRes!AC4:'SmtRes'!AC7) -> 459.98 | CT30: =SUMIF(SmtRes!AQ4:'SmtRes'!AQ7,"=1",SmtRes!AD4:'SmtRes'!AD7) -> 340.51 | CU30: =AG30 -> 0 | CV30: =SUMIF(SmtRes!AQ4:'SmtRes'!AQ7,"=1",SmtRes!BU4:'SmtRes'!BU7) -> 10.2 | CW30: =SUMIF(SmtRes!AQ4:'SmtRes'!AQ7,"=1",SmtRes!BV4:'SmtRes'!BV7) -> 0.32 | CX30: =AJ30 -> 0 | CY30: =(((S30+R30)*AT30)/100) -> 10166.06 | CZ30: =(((S30+R30)*AU30)/100) -> 6429.8156 | DN30: 0 | DO30: 0 | DP30: 1 | DQ30: 1 | DU30: 1007 | DV30: 10 м3 | DW30: 10 м3 | DX30: 10 | EE30: 72340631 | EF30: 2 | EG30: Общестроительные работы | EH30: 18 | EI30: Наружные сети водопровода, канализации, теплоснабжения, газопроводы | EJ30: 1 | EK30: 23001 | EL30: Наружные сети водопровода, канализации, теплоснабжения, газопроводы | EM30: ФЕР-23 | EQ30: 0 | ER30: 0 | ES30: 0 | ET30: 0 | EU30: 0 | EV30: 0 | EW30: 10.2 | EX30: 0.32 | EY30: 0 | FQ30: 0 | FR30: 0 | FS30: 0 | FX30: 117 | FY30: 74 | GD30: 1 | GF30: 1295446289 | GG30: 2 | GH30: 1 | GI30: -2 | GJ30: 0 | GK30: 0 | GL30: =ROUND(IF(AND(BH30=3,BI30=3,FS30<>0),P30,0),2) -> 0 | GM30: =ROUND(O30+X30+Y30,2)+GX30 -> 26576.46 | GN30: =IF(OR(BI30=0,BI30=1),GM30-GX30,0) -> 26576.46 | GO30: =IF(BI30=2,GM30-GX30,0) -> 0 | GP30: =IF(BI30=4,GM30-GX30,0) -> 0 | GR30: 0 | GS30: 3 | GT30: 0 | GV30: =ROUND((GT30),6) -> 0 | GW30: 1 | GX30: =ROUND(HC30*I30,2) -> 0 | HA30: 0 | HB30: 0 | HC30: =GV30*GW30 -> 0 | HN30: Пр/812-018.0-1 | HO30: Пр/774-018.0 | HP30: Наружные сети водопровода, канализации, теплоснабжения, газопроводы | HQ30: Наружные сети водопровода, канализации, теплоснабжения, газопроводы | HS30: 0 | IK30: 0
A31: 18 | B31: 1 | C31: 7 | E31: 3,1 | F31: 02.3.01.02 | G31: Песок для строительных работ природный | H31: м3 | I31: =I30*J31 -> 26.4 | J31: 11 | K31: 11 | O31: =ROUND(CP31,2) -> 0 | P31: =ROUND(CQ31*I31,2) -> 0 | Q31: =ROUND(CR31*I31,2) -> 0 | R31: =ROUND(CS31*I31,2) -> 0 | S31: =ROUND(CT31*I31,2) -> 0 | T31: =ROUND(CU31*I31,2) -> 0 | U31: =ROUND(CV31*I31,7) -> 0 | V31: =ROUND(CW31*I31,7) -> 0 | W31: =ROUND(CX31*I31,2) -> 0 | X31: =ROUND(CY31,2) -> 0 | Y31: =ROUND(CZ31,2) -> 0 | AA31: 73938991 | AB31: =ROUND((AC31+AD31+AF31),6) -> 0 | AC31: =ROUND((ES31),6) -> 0 | AD31: =ROUND((((ET31)-(EU31))+AE31),6) -> 0 | AE31: =ROUND((EU31),6) -> 0 | AF31: =ROUND((EV31),6) -> 0 | AG31: =ROUND((AP31),6) -> 0 | AH31: =(EW31) -> 0 | AI31: =(EX31) -> 0 | AJ31: =(AS31) -> 0 | AK31: 0 | AL31: 0 | AM31: 0 | AN31: 0 | AO31: 0 | AP31: 0 | AQ31: 0 | AR31: 0 | AS31: 0 | AT31: 117 | AU31: 74 | AV31: 1 | AW31: 1 | AZ31: 1 | BA31: 1 | BB31: 1 | BC31: 1 | BH31: 3 | BI31: 1 | BM31: 23001 | BN31: 0 | BP31: 0 | BQ31: 2 | BR31: 0 | BS31: 1 | BT31: 1 | BU31: 1 | BV31: 1 | BW31: 1 | BX31: 1 | BZ31: 117 | CA31: 74 | CE31: 0 | CF31: 0 | CG31: 0 | CM31: 0 | CO31: 0 | CP31: =(P31+Q31+S31+R31) -> 0 | CQ31: =ROUND(AL31*BC31,2) -> 0 | CR31: =ROUND(AM31*BB31,2) -> 0 | CS31: =ROUND(AN31*BS31,2) -> 0 | CT31: =ROUND(AO31*BA31,2) -> 0 | CU31: =AG31 -> 0 | CV31: =AH31 -> 0 | CW31: =AI31 -> 0 | CX31: =AJ31 -> 0 | CY31: =(((S31+R31)*AT31)/100) -> 0 | CZ31: =(((S31+R31)*AU31)/100) -> 0 | DN31: 0 | DO31: 0 | DP31: 1 | DQ31: 1 | DU31: 1007 | DV31: м3 | DW31: м3 | DX31: 1 | EE31: 72340631 | EF31: 2 | EG31: Общестроительные работы | EH31: 18 | EI31: Наружные сети водопровода, канализации, теплоснабжения, газопроводы | EJ31: 1 | EK31: 23001 | EL31: Наружные сети водопровода, канализации, теплоснабжения, газопроводы | EM31: ФЕР-23 | EQ31: 0 | ER31: 0 | ES31: 0 | ET31: 0 | EU31: 0 | EV31: 0 | EW31: 0 | EX31: 0 | FQ31: 0 | FR31: 0 | FS31: 0 | FX31: 117 | FY31: 74 | GD31: 1 | GF31: 220090467 | GG31: 2 | GH31: 1 | GI31: -2 | GJ31: 0 | GK31: 0 | GL31: =ROUND(IF(AND(BH31=3,BI31=3,FS31<>0),P31,0),2) -> 0 | GM31: =ROUND(O31+X31+Y31,2)+GX31 -> 0 | GN31: =IF(OR(BI31=0,BI31=1),GM31-GX31,0) -> 0 | GO31: =IF(BI31=2,GM31-GX31,0) -> 0 | GP31: =IF(BI31=4,GM31-GX31,0) -> 0 | GR31: 0 | GS31: 3 | GT31: 0 | GV31: =ROUND((GT31),6) -> 0 | GW31: 1 | GX31: =ROUND(HC31*I31,2) -> 0 | HA31: 0 | HB31: 0 | HC31: =GV31*GW31 -> 0 | HN31: Пр/812-018.0-1 | HO31: Пр/774-018.0 | HP31: Наружные сети водопровода, канализации, теплоснабжения, газопроводы | HQ31: Наружные сети водопровода, канализации, теплоснабжения, газопроводы | HS31: 0 | IK31: 0
A32: 17 | B32: 1 | E32: 4 | F32: 02.3.01.02-1104 | G32: Песок природный для строительных работ I класс, средний | H32: м3 | I32: 24 | J32: 0 | K32: 24 | O32: =ROUND(CP32,2) -> 49154.64 | P32: =ROUND(CQ32*I32,2) -> 49154.64 | Q32: =ROUND(CR32*I32,2) -> 0 | R32: =ROUND(CS32*I32,2) -> 0 | S32: =ROUND(CT32*I32,2) -> 0 | T32: =ROUND(CU32*I32,2) -> 0 | U32: =ROUND(CV32*I32,7) -> 0 | V32: =ROUND(CW32*I32,7) -> 0 | W32: =ROUND(CX32*I32,2) -> 0 | X32: =ROUND(CY32,2) -> 0 | Y32: =ROUND(CZ32,2) -> 0 | AA32: 73938991 | AB32: =ROUND((AC32+AD32+AF32),6) -> 573.7 | AC32: =ROUND((ES32),6) -> 573.7 | AD32: =ROUND((((ET32)-(EU32))+AE32),6) -> 0 | AE32: =ROUND((EU32),6) -> 0 | AF32: =ROUND((EV32),6) -> 0 | AG32: =ROUND((AP32),6) -> 0 | AH32: =(EW32) -> 0 | AI32: =(EX32) -> 0 | AJ32: =(AS32) -> 0 | AK32: 573.7 | AL32: 573.7 | AM32: 0 | AN32: 0 | AO32: 0 | AP32: 0 | AQ32: 0 | AR32: 0 | AS32: 0 | AT32: 0 | AU32: 0 | AV32: 1 | AW32: 1 | AZ32: 1 | BA32: 1 | BB32: 1 | BC32: 3.57 | BH32: 3 | BI32: 1 | BJ32: ФСБЦ-2022, 02.3.01.02-1104, приказ Минстроя России от 18.05.2022 г. № 378/пр | BM32: 500001 | BN32: 0 | BO32: 02.3.01.02-1104 | BP32: 1 | BQ32: 8 | BR32: 0 | BS32: 1 | BT32: 1 | BU32: 1 | BV32: 1 | BW32: 1 | BX32: 1 | BZ32: 0 | CA32: 0 | CE32: 0 | CF32: 0 | CG32: 0 | CM32: 0 | CO32: 0 | CP32: =(P32+Q32+S32+R32) -> 49154.64 | CQ32: =ROUND(AL32*BC32,2) -> 2048.11 | CR32: =ROUND(AM32*BB32,2) -> 0 | CS32: =ROUND(AN32*BS32,2) -> 0 | CT32: =ROUND(AO32*BA32,2) -> 0 | CU32: =AG32 -> 0 | CV32: =AH32 -> 0 | CW32: =AI32 -> 0 | CX32: =AJ32 -> 0 | CY32: =0 -> 0 | CZ32: =0 -> 0 | DN32: 0 | DO32: 0 | DP32: 1 | DQ32: 1 | DU32: 1007 | DV32: м3 | DW32: м3 | DX32: 1 | EE32: 72340530 | EF32: 8 | EG32: Материалы строительные | EH32: 0 | EJ32: 1 | EK32: 500001 | EL32: Материалы и конструкции ( строительные ) по ценникам и каталогом | EM32: ФССЦст | EQ32: 0 | ER32: 573.7 | ES32: 573.7 | ET32: 0 | EU32: 0 | EV32: 0 | EW32: 0 | EX32: 0 | EY32: 0 | FQ32: 0 | FR32: 0 | FS32: 0 | FX32: 0 | FY32: 0 | GD32: 1 | GF32: -1170073795 | GG32: 2 | GH32: 1 | GI32: 2 | GJ32: 0 | GK32: 0 | GL32: =ROUND(IF(AND(BH32=3,BI32=3,FS32<>0),P32,0),2) -> 0 | GM32: =ROUND(O32+X32+Y32,2)+GX32 -> 49154.64 | GN32: =IF(OR(BI32=0,BI32=1),GM32-GX32,0) -> 49154.64 | GO32: =IF(BI32=2,GM32-GX32,0) -> 0 | GP32: =IF(BI32=4,GM32-GX32,0) -> 0 | GR32: 0 | GS32: 3 | GT32: 0 | GV32: =ROUND((GT32),6) -> 0 | GW32: 1 | GX32: =ROUND(HC32*I32,2) -> 0 | HA32: 0 | HB32: 0 | HC32: =GV32*GW32 -> 0 | HS32: 0 | IK32: 0
A33: 17 | B33: 1 | C33: =ROW(SmtRes!A9) -> 9 | D33: =ROW(EtalonRes!A9) -> 9 | E33: 5 | F33: 01-01-033-02 | G33: Засыпка траншей и котлованов с перемещением грунта до 5 м бульдозерами мощностью: 59 кВт (80 л.с.), группа грунтов 2 | H33: 1000 м3 | I33: =ROUND(94/1000,7) -> 0.094 | J33: 0 | K33: =ROUND(94/1000,7) -> 0.094 | O33: =ROUND(CP33,2) -> 1233.2 | P33: =SUMIF(SmtRes!AQ8:'SmtRes'!AQ9,"=1",SmtRes!DF8:'SmtRes'!DF9) -> 0 | Q33: =SUMIF(SmtRes!AQ8:'SmtRes'!AQ9,"=1",SmtRes!DG8:'SmtRes'!DG9) -> 884.7 | R33: =SUMIF(SmtRes!AQ8:'SmtRes'!AQ9,"=1",SmtRes!DH8:'SmtRes'!DH9) -> 348.5 | S33: =SUMIF(SmtRes!AQ8:'SmtRes'!AQ9,"=1",SmtRes!DI8:'SmtRes'!DI9) -> 0 | T33: =ROUND(CU33*I33,2) -> 0 | U33: =SUMIF(SmtRes!AQ8:'SmtRes'!AQ9,"=1",SmtRes!CV8:'SmtRes'!CV9) -> 0 | V33: =SUMIF(SmtRes!AQ8:'SmtRes'!AQ9,"=1",SmtRes!CW8:'SmtRes'!CW9) -> 0.75764 | W33: =ROUND(CX33*I33,2) -> 0 | X33: =ROUND(CY33,2) -> 320.62 | Y33: =ROUND(CZ33,2) -> 160.31 | AA33: 73938991 | AB33: =ROUND((AC33+AD33+AF33),6) -> 6674.9696 | AC33: =ROUND((0),6) -> 0 | AD33: =ROUND((((SUM(SmtRes!BR8:'SmtRes'!BR9))-(SUM(SmtRes!BS8:'SmtRes'!BS9)))+AE33),6) -> 6674.9696 | AE33: =ROUND((SUM(SmtRes!BS8:'SmtRes'!BS9)),6) -> 3707.4388 | AF33: =ROUND((0),6) -> 0 | AG33: =ROUND((AP33),6) -> 0 | AH33: =(0) -> 0 | AI33: =(SUM(SmtRes!BV8:'SmtRes'!BV9)) -> 8.06 | AJ33: =(AS33) -> 0 | AK33: 10382.408 | AL33: 0 | AM33: 6674.9696 | AN33: 3707.4388 | AO33: 0 | AP33: 0 | AQ33: 0 | AR33: 8.06 | AS33: 0 | AT33: 92 | AU33: 46 | AV33: 1 | AW33: 1 | AZ33: 1 | BA33: 1 | BB33: 1 | BC33: 1 | BH33: 0 | BI33: 1 | BJ33: ГЭСН-2022, 01-01-033-02, приказ Минстроя России от 18.05.2022 г. № 378/пр | BM33: 1001 | BN33: 0 | BP33: 0 | BQ33: 2 | BR33: 0 | BS33: 1 | BT33: 1 | BU33: 1 | BV33: 1 | BW33: 1 | BX33: 1 | BZ33: 92 | CA33: 46 | CE33: 0 | CF33: 0 | CG33: 0 | CM33: 0 | CO33: 0 | CP33: =(P33+Q33+S33+R33) -> 1233.2 | CQ33: =SUMIF(SmtRes!AQ8:'SmtRes'!AQ9,"=1",SmtRes!AA8:'SmtRes'!AA9) -> 0 | CR33: =SUMIF(SmtRes!AQ8:'SmtRes'!AQ9,"=1",SmtRes!AB8:'SmtRes'!AB9) -> 1167.71 | CS33: =SUMIF(SmtRes!AQ8:'SmtRes'!AQ9,"=1",SmtRes!AC8:'SmtRes'!AC9) -> 459.98 | CT33: =SUMIF(SmtRes!AQ8:'SmtRes'!AQ9,"=1",SmtRes!AD8:'SmtRes'!AD9) -> 0 | CU33: =AG33 -> 0 | CV33: =SUMIF(SmtRes!AQ8:'SmtRes'!AQ9,"=1",SmtRes!BU8:'SmtRes'!BU9) -> 0 | CW33: =SUMIF(SmtRes!AQ8:'SmtRes'!AQ9,"=1",SmtRes!BV8:'SmtRes'!BV9) -> 8.06 | CX33: =AJ33 -> 0 | CY33: =(((S33+R33)*AT33)/100) -> 320.62 | CZ33: =(((S33+R33)*AU33)/100) -> 160.31 | DN33: 0 | DO33: 0 | DP33: 1 | DQ33: 1 | DU33: 1007 | DV33: 1000 м3 | DW33: 1000 м3 | DX33: 1000 | EE33: 72340571 | EF33: 2 | EG33: Общестроительные работы | EH33: 1 | EI33: Земляные работы | EJ33: 1 | EK33: 1001 | EL33: Земляные работы, выполняемые: механизированным способом | EM33: ФЕР-01 | EQ33: 0 | ER33: 0 | ES33: 0 | ET33: 0 | EU33: 0 | EV33: 0 | EW33: 0 | EX33: 8.06 | EY33: 0 | FQ33: 0 | FR33: 0 | FS33: 0 | FX33: 92 | FY33: 46 | GD33: 1 | GF33: 2021498894 | GG33: 2 | GH33: 1 | GI33: -2 | GJ33: 0 | GK33: 0 | GL33: =ROUND(IF(AND(BH33=3,BI33=3,FS33<>0),P33,0),2) -> 0 | GM33: =ROUND(O33+X33+Y33,2)+GX33 -> 1714.13 | GN33: =IF(OR(BI33=0,BI33=1),GM33-GX33,0) -> 1714.13 | GO33: =IF(BI33=2,GM33-GX33,0) -> 0 | GP33: =IF(BI33=4,GM33-GX33,0) -> 0 | GR33: 0 | GS33: 3 | GT33: 0 | GV33: =ROUND((GT33),6) -> 0 | GW33: 1 | GX33: =ROUND(HC33*I33,2) -> 0 | HA33: 0 | HB33: 0 | HC33: =GV33*GW33 -> 0 | HN33: Пр/812-001.1-1 | HO33: Пр/774-001.1 | HP33: Земляные работы, выполняемые: механизированным способом | HQ33: Земляные работы, выполняемые: механизированным способом | HS33: 0 | IK33: 0
A34: 17 | B34: 1 | C34: =ROW(SmtRes!A10) -> 10 | D34: =ROW(EtalonRes!A10) -> 10 | E34: 6 | F34: 01-02-061-02 | G34: Засыпка вручную траншей, пазух котлованов и ям, группа грунтов: 2 | H34: 100 м3 | I34: =ROUND(2/100,7) -> 0.02 | J34: 0 | K34: =ROUND(2/100,7) -> 0.02 | O34: =ROUND(CP34,2) -> 606.78 | P34: =SUMIF(SmtRes!AQ10:'SmtRes'!AQ10,"=1",SmtRes!DF10:'SmtRes'!DF10) -> 0 | Q34: =SUMIF(SmtRes!AQ10:'SmtRes'!AQ10,"=1",SmtRes!DG10:'SmtRes'!DG10) -> 0 | R34: =SUMIF(SmtRes!AQ10:'SmtRes'!AQ10,"=1",SmtRes!DH10:'SmtRes'!DH10) -> 0 | S34: =SUMIF(SmtRes!AQ10:'SmtRes'!AQ10,"=1",SmtRes!DI10:'SmtRes'!DI10) -> 606.78 | T34: =ROUND(CU34*I34,2) -> 0 | U34: =SUMIF(SmtRes!AQ10:'SmtRes'!AQ10,"=1",SmtRes!CV10:'SmtRes'!CV10) -> 1.944 | V34: =SUMIF(SmtRes!AQ10:'SmtRes'!AQ10,"=1",SmtRes!CW10:'SmtRes'!CW10) -> 0 | W34: =ROUND(CX34*I34,2) -> 0 | X34: =ROUND(CY34,2) -> 540.03 | Y34: =ROUND(CZ34,2) -> 242.71 | AA34: 73938991 | AB34: =ROUND((AC34+AD34+AF34),6) -> 30339.036 | AC34: =ROUND((0),6) -> 0 | AD34: =ROUND((((0)-(0))+AE34),6) -> 0 | AE34: =ROUND((0),6) -> 0 | AF34: =ROUND((SUM(SmtRes!BT10:'SmtRes'!BT10)),6) -> 30339.036 | AG34: =ROUND((AP34),6) -> 0 | AH34: =(SUM(SmtRes!BU10:'SmtRes'!BU10)) -> 97.2 | AI34: =(0) -> 0 | AJ34: =(AS34) -> 0 | AK34: 30339.036 | AL34: 0 | AM34: 0 | AN34: 0 | AO34: 30339.036 | AP34: 0 | AQ34: 97.2 | AR34: 0 | AS34: 0 | AT34: 89 | AU34: 40 | AV34: 1 | AW34: 1 | AZ34: 1 | BA34: 1 | BB34: 1 | BC34: 1 | BH34: 0 | BI34: 1 | BJ34: ГЭСН-2022, 01-02-061-02, приказ Минстроя России от 18.05.2022 г. № 378/пр | BM34: 1003 | BN34: 0 | BP34: 0 | BQ34: 2 | BR34: 0 | BS34: 1 | BT34: 1 | BU34: 1 | BV34: 1 | BW34: 1 | BX34: 1 | BZ34: 89 | CA34: 40 | CE34: 0 | CF34: 0 | CG34: 0 | CM34: 0 | CO34: 0 | CP34: =(P34+Q34+S34+R34) -> 606.78 | CQ34: =SUMIF(SmtRes!AQ10:'SmtRes'!AQ10,"=1",SmtRes!AA10:'SmtRes'!AA10) -> 0 | CR34: =SUMIF(SmtRes!AQ10:'SmtRes'!AQ10,"=1",SmtRes!AB10:'SmtRes'!AB10) -> 0 | CS34: =SUMIF(SmtRes!AQ10:'SmtRes'!AQ10,"=1",SmtRes!AC10:'SmtRes'!AC10) -> 0 | CT34: =SUMIF(SmtRes!AQ10:'SmtRes'!AQ10,"=1",SmtRes!AD10:'SmtRes'!AD10) -> 312.13 | CU34: =AG34 -> 0 | CV34: =SUMIF(SmtRes!AQ10:'SmtRes'!AQ10,"=1",SmtRes!BU10:'SmtRes'!BU10) -> 97.2 | CW34: =SUMIF(SmtRes!AQ10:'SmtRes'!AQ10,"=1",SmtRes!BV10:'SmtRes'!BV10) -> 0 | CX34: =AJ34 -> 0 | CY34: =(((S34+R34)*AT34)/100) -> 540.0342 | CZ34: =(((S34+R34)*AU34)/100) -> 242.712 | DN34: 0 | DO34: 0 | DP34: 1 | DQ34: 1 | DU34: 1007 | DV34: 100 м3 | DW34: 100 м3 | DX34: 100 | EE34: 72340573 | EF34: 2 | EG34: Общестроительные работы | EH34: 1 | EI34: Земляные работы | EJ34: 1 | EK34: 1003 | EL34: Земляные работы, выполняемые: ручным способом | EM34: ФЕР-01 | EQ34: 0 | ER34: 0 | ES34: 0 | ET34: 0 | EU34: 0 | EV34: 0 | EW34: 97.2 | EX34: 0 | EY34: 0 | FQ34: 0 | FR34: 0 | FS34: 0 | FX34: 89 | FY34: 40 | GD34: 1 | GF34: -1063570572 | GG34: 2 | GH34: 1 | GI34: -2 | GJ34: 0 | GK34: 0 | GL34: =ROUND(IF(AND(BH34=3,BI34=3,FS34<>0),P34,0),2) -> 0 | GM34: =ROUND(O34+X34+Y34,2)+GX34 -> 1389.52 | GN34: =IF(OR(BI34=0,BI34=1),GM34-GX34,0) -> 1389.52 | GO34: =IF(BI34=2,GM34-GX34,0) -> 0 | GP34: =IF(BI34=4,GM34-GX34,0) -> 0 | GR34: 0 | GS34: 3 | GT34: 0 | GV34: =ROUND((GT34),6) -> 0 | GW34: 1 | GX34: =ROUND(HC34*I34,2) -> 0 | HA34: 0 | HB34: 0 | HC34: =GV34*GW34 -> 0 | HN34: Пр/812-001.2-1 | HO34: Пр/774-001.2 | HP34: Земляные работы, выполняемые: ручным способом | HQ34: Земляные работы, выполняемые: ручным способом | HS34: 0 | IK34: 0
A36: 51 | B36: =B24 -> 1 | C36: =A24 -> 4 | D36: =ROW(A24) -> 24 | F36: =IF(F24<>"",F24,"") -> Новый раздел | G36: =IF(G24<>"",G24,"") -> Земляные работы | H36: 0 | O36: =ROUND(AB36,2) -> 69062.6 | P36: =ROUND(AC36,2) -> 49154.64 | Q36: =ROUND(AD36,2) -> 6599.34 | R36: =ROUND(AE36,2) -> 2360.65 | S36: =ROUND(AF36,2) -> 10947.97 | T36: =ROUND(AG36,2) -> 0 | U36: =AH36 -> 32.584 | V36: =AI36 -> 4.61114 | W36: =ROUND(AJ36,2) -> 0 | X36: =ROUND(AK36,2) -> 14337.79 | Y36: =ROUND(AL36,2) -> 8398.13 | AB36: =ROUND(SUMIF(AA28:AA34,"=73938991",O28:O34),2) -> 69062.6 | AC36: =ROUND(SUMIF(AA28:AA34,"=73938991",P28:P34),2) -> 49154.64 | AD36: =ROUND(SUMIF(AA28:AA34,"=73938991",Q28:Q34),2) -> 6599.34 | AE36: =ROUND(SUMIF(AA28:AA34,"=73938991",R28:R34),2) -> 2360.65 | AF36: =ROUND(SUMIF(AA28:AA34,"=73938991",S28:S34),2) -> 10947.97 | AG36: =ROUND(SUMIF(AA28:AA34,"=73938991",T28:T34),2) -> 0 | AH36: =SUMIF(AA28:AA34,"=73938991",U28:U34) -> 32.584 | AI36: =SUMIF(AA28:AA34,"=73938991",V28:V34) -> 4.61114 | AJ36: =ROUND(SUMIF(AA28:AA34,"=73938991",W28:W34),2) -> 0 | AK36: =ROUND(SUMIF(AA28:AA34,"=73938991",X28:X34),2) -> 14337.79 | AL36: =ROUND(SUMIF(AA28:AA34,"=73938991",Y28:Y34),2) -> 8398.13 | AO36: =ROUND(BX36,2) -> 0 | AP36: =ROUND(BY36,2) -> 0 | AQ36: =ROUND(BZ36,2) -> 0 | AR36: =ROUND(CA36,2) -> 91798.52 | AS36: =ROUND(CB36,2) -> 91798.52 | AT36: =ROUND(CC36,2) -> 0 | AU36: =ROUND(CD36,2) -> 0 | AV36: =ROUND(CE36,2) -> 49154.64 | ... BD36: =ROUND(CM36,2) -> 0 | BX36: =ROUND(SUMIF(AA28:AA34,"=73938991",FQ28:FQ34),2) -> 0 | BY36: =ROUND(SUMIF(AA28:AA34,"=73938991",FR28:FR34),2) -> 0 | BZ36: =ROUND(SUMIF(AA28:AA34,"=73938991",GL28:GL34),2) -> 0 | CA36: =ROUND(SUMIF(AA28:AA34,"=73938991",GM28:GM34),2) -> 91798.52 | CB36: =ROUND(SUMIF(AA28:AA34,"=73938991",GN28:GN34),2) -> 91798.52 | CC36: =ROUND(SUMIF(AA28:AA34,"=73938991",GO28:GO34),2) -> 0 | CD36: =ROUND(SUMIF(AA28:AA34,"=73938991",GP28:GP34),2) -> 0 | CE36: =AC36-BX36 -> 49154.64 | CF36: =AC36-BY36 -> 49154.64 | CG36: =BX36-BZ36 -> 0 | CH36: =AC36-BX36-BY36+BZ36 -> 49154.64 | CI36: =BY36-BZ36 -> 0 | CJ36: =ROUND(SUMIF(AA28:AA34,"=73938991",GX28:GX34),2) -> 0 | CK36: =ROUND(SUMIF(AA28:AA34,"=73938991",GY28:GY34),2) -> 0 | CL36: =ROUND(SUMIF(AA28:AA34,"=73938991",GZ28:GZ34),2) -> 0 | CM36: =ROUND(SUMIF(AA28:AA34,"=73938991",HD28:HD34),2) -> 0 | GX36: 0
A38: 50 | B38: 0 | C38: 0 | D38: 1 | E38: 201 | F38: =ROUND(Source!O36,O38) -> 69062.6 | G38: ПЗ | H38: Прямые затраты | K38: 201 | L38: 1 | M38: 3 | O38: 2 | W38: 69062.6 | X38: 1 | Y38: 69062.6
A39: 50 | B39: 0 | C39: 0 | D39: 1 | E39: 202 | F39: =ROUND(Source!P36,O39) -> 49154.64 | G39: СтМатОб | H39: Стоимость материальных ресурсов (всего) | K39: 202 | L39: 2 | M39: 3 | O39: 2 | W39: 49154.64 | X39: 1 | Y39: 49154.64
A40: 50 | B40: 0 | C40: 0 | D40: 1 | E40: 222 | F40: =ROUND(Source!AO36,O40) -> 0 | G40: СтМатОбЗак | H40: Стоимость материалов и оборудования заказчика | K40: 222 | L40: 3 | M40: 3 | O40: 2 | W40: 0 | X40: 1 | Y40: 0
A41: 50 | B41: 0 | C41: 0 | D41: 1 | E41: 225 | F41: =ROUND(Source!AV36,O41) -> 49154.64 | G41: СтМатОбПод | H41: Стоимость материалов и оборудования подрядчика | K41: 225 | L41: 4 | M41: 3 | O41: 2 | W41: 49154.64 | X41: 1 | Y41: 49154.64
A42: 50 | B42: 0 | C42: 0 | D42: 1 | E42: 226 | F42: =ROUND(Source!AW36,O42) -> 49154.64 | G42: СтМат | H42: Стоимость материалов (всего) | K42: 226 | L42: 5 | M42: 3 | O42: 2 | W42: 49154.64 | X42: 1 | Y42: 49154.64
A43: 50 | B43: 0 | C43: 0 | D43: 1 | E43: 227 | F43: =ROUND(Source!AX36,O43) -> 0 | G43: СтМатЗак | H43: Стоимость материалов заказчика | K43: 227 | L43: 6 | M43: 3 | O43: 2 | W43: 0 | X43: 1 | Y43: 0
A44: 50 | B44: 0 | C44: 0 | D44: 1 | E44: 228 | F44: =ROUND(Source!AY36,O44) -> 49154.64 | G44: СтМатПод | H44: Стоимость материалов подрядчика | K44: 228 | L44: 7 | M44: 3 | O44: 2 | W44: 49154.64 | X44: 1 | Y44: 49154.64
A45: 50 | B45: 0 | C45: 0 | D45: 1 | E45: 216 | F45: =ROUND(Source!AP36,O45) -> 0 | G45: Оборуд | H45: Стоимость оборудования (всего) | K45: 216 | L45: 8 | M45: 3 | O45: 2 | W45: 0 | X45: 1 | Y45: 0
A46: 50 | B46: 0 | C46: 0 | D46: 1 | E46: 223 | F46: =ROUND(Source!AQ36,O46) -> 0 | G46: ОборудЗак | H46: Стоимость оборудования заказчика | K46: 223 | L46: 9 | M46: 3 | O46: 2 | W46: 0 | X46: 1 | Y46: 0
A47: 50 | B47: 0 | C47: 0 | D47: 1 | E47: 229 | F47: =ROUND(Source!AZ36,O47) -> 0 | G47: ОборудПод | H47: Стоимость оборудования подрядчика | K47: 229 | L47: 10 | M47: 3 | O47: 2 | W47: 0 | X47: 1 | Y47: 0
A48: 50 | B48: 0 | C48: 0 | D48: 1 | E48: 203 | F48: =ROUND(Source!Q36,O48) -> 6599.34 | G48: ЭММ | H48: Эксплуатация машин | K48: 203 | L48: 11 | M48: 3 | O48: 2 | W48: 6599.34 | X48: 1 | Y48: 6599.34
A49: 50 | B49: 0 | C49: 0 | D49: 1 | E49: 231 | F49: =ROUND(Source!BB36,O49) -> 0 | G49: ЭММсНРиСП | H49: Эксплуатация машин по ТСН-2001.16 | K49: 231 | L49: 12 | M49: 3 | O49: 2 | W49: 0 | X49: 1 | Y49: 0
A50: 50 | B50: 0 | C50: 0 | D50: 1 | E50: 204 | F50: =ROUND(Source!R36,O50) -> 2360.65 | G50: ЗПМ | H50: ЗП машинистов | K50: 204 | L50: 13 | M50: 3 | O50: 2 | W50: 2360.65 | X50: 1 | Y50: 2360.65
A51: 50 | B51: 0 | C51: 0 | D51: 1 | E51: 205 | F51: =ROUND(Source!S36,O51) -> 10947.97 | G51: ОЗП | H51: Основная ЗП рабочих | K51: 205 | L51: 14 | M51: 3 | O51: 2 | W51: 10947.97 | X51: 1 | Y51: 10947.97
A52: 50 | B52: 0 | C52: 0 | D52: 1 | E52: 232 | F52: =ROUND(Source!BC36,O52) -> 0 | G52: ОЗПсНРиСП | H52: Основная ЗП рабочих по ТСН-2001.16 | K52: 232 | L52: 15 | M52: 3 | O52: 2 | W52: 0 | X52: 1 | Y52: 0
A53: 50 | B53: 0 | C53: 0 | D53: 1 | E53: 214 | F53: =ROUND(Source!AS36,O53) -> 91798.52 | G53: Строит | H53: Строительные работы с НР и СП | K53: 214 | L53: 16 | M53: 3 | O53: 2 | W53: 91798.52 | X53: 1 | Y53: 91798.52
A54: 50 | B54: 0 | C54: 0 | D54: 1 | E54: 215 | F54: =ROUND(Source!AT36,O54) -> 0 | G54: Монтаж | H54: Монтажные работы с НР и СП | K54: 215 | L54: 17 | M54: 3 | O54: 2 | W54: 0 | X54: 1 | Y54: 0
A55: 50 | B55: 0 | C55: 0 | D55: 1 | E55: 217 | F55: =ROUND(Source!AU36,O55) -> 0 | G55: Прочие | H55: Прочие работы с НР и СП | K55: 217 | L55: 18 | M55: 3 | O55: 2 | W55: 0 | X55: 1 | Y55: 0
A56: 50 | B56: 0 | C56: 0 | D56: 1 | E56: 230 | F56: =ROUND(Source!BA36,O56) -> 0 | G56: ПрочиеЗатр | H56: Прочие затраты по ТСН-2001.16 | K56: 230 | L56: 19 | M56: 3 | O56: 2 | W56: 0 | X56: 1 | Y56: 0
A57: 50 | B57: 0 | C57: 0 | D57: 1 | E57: 206 | F57: =ROUND(Source!T36,O57) -> 0 | G57: ВозврМат | H57: Возврат материалов | K57: 206 | L57: 20 | M57: 3 | O57: 2 | W57: 0 | X57: 1 | Y57: 0
A58: 50 | B58: 0 | C58: 0 | D58: 1 | E58: 207 | F58: =ROUND(Source!U36,O58) -> 32.584 | G58: ТрудСтр | H58: Трудозатраты строителей | K58: 207 | L58: 21 | M58: 3 | O58: 7 | W58: 32.584 | X58: 1 | Y58: 32.584
A59: 50 | B59: 0 | C59: 0 | D59: 1 | E59: 208 | F59: =ROUND(Source!V36,O59) -> 4.61114 | G59: ТрудМаш | H59: Трудозатраты машинистов | K59: 208 | L59: 22 | M59: 3 | O59: 7 | W59: 4.61114 | X59: 1 | Y59: 4.61114
A60: 50 | B60: 0 | C60: 0 | D60: 1 | E60: 209 | F60: =ROUND(Source!W36,O60) -> 0 | G60: ТранспМат | H60: Транспорт материалов | K60: 209 | L60: 23 | M60: 3 | O60: 2 | W60: 0 | X60: 1 | Y60: 0
A61: 50 | B61: 0 | C61: 0 | D61: 1 | E61: 233 | F61: =ROUND(Source!BD36,O61) -> 0 | G61: Перевозка | H61: Перевозка грузов | K61: 233 | L61: 24 | M61: 3 | O61: 2 | W61: 0 | X61: 1 | Y61: 0
A62: 50 | B62: 0 | C62: 0 | D62: 1 | E62: 210 | F62: =ROUND(Source!X36,O62) -> 14337.79 | G62: НР | H62: Накладные расходы | K62: 210 | L62: 25 | M62: 3 | O62: 2 | W62: 14337.79 | X62: 1 | Y62: 14337.79
A63: 50 | B63: 0 | C63: 0 | D63: 1 | E63: 211 | F63: =ROUND(Source!Y36,O63) -> 8398.13 | G63: СмПриб | H63: Сметная прибыль | K63: 211 | L63: 26 | M63: 3 | O63: 2 | W63: 8398.13 | X63: 1 | Y63: 8398.13
A64: 50 | B64: 0 | C64: 0 | D64: 1 | E64: 224 | F64: =ROUND(Source!AR36,O64) -> 91798.52 | G64: Всего | H64: Всего с НР и СП | K64: 224 | L64: 27 | M64: 3 | O64: 2 | W64: 91798.52 | X64: 1 | Y64: 91798.52
A66: 4 | B66: 1 | D66: =ROW(A113) -> 113 | F66: Новый раздел | G66: Укладка трубы | I66: 0 | K66: 0 | S66: 0 | V66: 0 | BX66: 0 | CJ66: 0
A68: 52 | B68: =B113 -> 1 | C68: =C113 -> 4 | D68: =D113 -> 66 | E68: =E113 -> 0 | F68: =F113 -> Новый раздел | G68: =G113 -> Укладка трубы | O68: =O113 -> 112106.52 | P68: =P113 -> 76976.1 | Q68: =Q113 -> 10953.35 | R68: =R113 -> 5389.06 | S68: =S113 -> 18788.01 | T68: =T113 -> 0 | U68: =U113 -> 46.0633 | V68: =V113 -> 12.202825 | ... GX68: =GX113 -> 0
A70: 17 | B70: 1 | C70: =ROW(SmtRes!A14) -> 14 | D70: =ROW(EtalonRes!A15) -> 15 | E70: 7 | F70: 24-02-031-01 | G70: Укладка полиэтиленовых труб газопроводов в траншею со стационарно установленного барабана, диаметр труб: до 63 мм | H70: 100 м | I70: =ROUND(99/100,7) -> 0.99 | J70: 0 | K70: =ROUND(99/100,7) -> 0.99 | O70: =ROUND(CP70,2) -> 2936.5 | P70: =SUMIF(SmtRes!AQ11:'SmtRes'!AQ14,"=1",SmtRes!DF11:'SmtRes'!DF14) -> 0 | Q70: =SUMIF(SmtRes!AQ11:'SmtRes'!AQ14,"=1",SmtRes!DG11:'SmtRes'!DG14) -> 441.96 | R70: =SUMIF(SmtRes!AQ11:'SmtRes'!AQ14,"=1",SmtRes!DH11:'SmtRes'!DH14) -> 0 | S70: =SUMIF(SmtRes!AQ11:'SmtRes'!AQ14,"=1",SmtRes!DI11:'SmtRes'!DI14) -> 2494.54 | T70: =ROUND(CU70*I70,2) -> 0 | U70: =SUMIF(SmtRes!AQ11:'SmtRes'!AQ14,"=1",SmtRes!CV11:'SmtRes'!CV14) -> 5.643 | V70: =SUMIF(SmtRes!AQ11:'SmtRes'!AQ14,"=1",SmtRes!CW11:'SmtRes'!CW14) -> 0 | W70: =ROUND(CX70*I70,2) -> 0 | X70: =ROUND(CY70,2) -> 2918.61 | Y70: =ROUND(CZ70,2) -> 1845.96 | AA70: 73938991 | AB70: =ROUND((AC70+AD70+AF70),6) -> 2844.0744 | AC70: =ROUND((0),6) -> 0 | AD70: =ROUND((((SUM(SmtRes!BR11:'SmtRes'!BR14))-(0))+AE70),6) -> 324.3324 | AE70: =ROUND((0),6) -> 0 | AF70: =ROUND((SUM(SmtRes!BT11:'SmtRes'!BT14)),6) -> 2519.742 | AG70: =ROUND((AP70),6) -> 0 | AH70: =(SUM(SmtRes!BU11:'SmtRes'!BU14)) -> 5.7 | AI70: =(0) -> 0 | AJ70: =(AS70) -> 0 | AK70: 2844.0744 | AL70: 0 | AM70: 324.3324 | AN70: 0 | AO70: 2519.742 | AP70: 0 | AQ70: 5.7 | AR70: 0 | AS70: 0 | AT70: 117 | AU70: 74 | AV70: 1 | AW70: 1 | AZ70: 1 | BA70: 1 | BB70: 1 | BC70: 1 | BH70: 0 | BI70: 1 | BJ70: ГЭСН-2022, 24-02-031-01, приказ Минстроя России от 18.05.2022 г. № 378/пр | BM70: 24001 | BN70: 0 | BP70: 0 | BQ70: 2 | BR70: 0 | BS70: 1 | BT70: 1 | BU70: 1 | BV70: 1 | BW70: 1 | BX70: 1 | BZ70: 117 | CA70: 74 | CE70: 0 | CF70: 0 | CG70: 0 | CM70: 0 | CO70: 0 | CP70: =(P70+Q70+S70+R70) -> 2936.5 | CQ70: =SUMIF(SmtRes!AQ11:'SmtRes'!AQ14,"=1",SmtRes!AA11:'SmtRes'!AA14) -> 0 | CR70: =SUMIF(SmtRes!AQ11:'SmtRes'!AQ14,"=1",SmtRes!AB11:'SmtRes'!AB14) -> 518.44 | CS70: =SUMIF(SmtRes!AQ11:'SmtRes'!AQ14,"=1",SmtRes!AC11:'SmtRes'!AC14) -> 0 | CT70: =SUMIF(SmtRes!AQ11:'SmtRes'!AQ14,"=1",SmtRes!AD11:'SmtRes'!AD14) -> 442.06 | CU70: =AG70 -> 0 | CV70: =SUMIF(SmtRes!AQ11:'SmtRes'!AQ14,"=1",SmtRes!BU11:'SmtRes'!BU14) -> 5.7 | CW70: =SUMIF(SmtRes!AQ11:'SmtRes'!AQ14,"=1",SmtRes!BV11:'SmtRes'!BV14) -> 0 | CX70: =AJ70 -> 0 | CY70: =(((S70+R70)*AT70)/100) -> 2918.6118 | CZ70: =(((S70+R70)*AU70)/100) -> 1845.9596 | DN70: 0 | DO70: 0 | DP70: 1 | DQ70: 1 | DU70: 1003 | DV70: 100 м | DW70: 100 м | DX70: 100 | EE70: 72340632 | EF70: 2 | EG70: Общестроительные работы | EH70: 18 | EI70: Наружные сети водопровода, канализации, теплоснабжения, газопроводы | EJ70: 1 | EK70: 24001 | EL70: Наружные сети водопровода, канализации, теплоснабжения, газопроводы | EM70: ФЕР-24 | EQ70: 0 | ER70: 0 | ES70: 0 | ET70: 0 | EU70: 0 | EV70: 0 | EW70: 5.7 | EX70: 0 | EY70: 0 | FQ70: 0 | FR70: 0 | FS70: 0 | FX70: 117 | FY70: 74 | GD70: 1 | GF70: -705619183 | GG70: 2 | GH70: 1 | GI70: -2 | GJ70: 0 | GK70: 0 | GL70: =ROUND(IF(AND(BH70=3,BI70=3,FS70<>0),P70,0),2) -> 0 | GM70: =ROUND(O70+X70+Y70,2)+GX70 -> 7701.07 | GN70: =IF(OR(BI70=0,BI70=1),GM70-GX70,0) -> 7701.07 | GO70: =IF(BI70=2,GM70-GX70,0) -> 0 | GP70: =IF(BI70=4,GM70-GX70,0) -> 0 | GR70: 0 | GS70: 3 | GT70: 0 | GV70: =ROUND((GT70),6) -> 0 | GW70: 1 | GX70: =ROUND(HC70*I70,2) -> 0 | HA70: 0 | HB70: 0 | HC70: =GV70*GW70 -> 0 | HN70: Пр/812-018.0-1 | HO70: Пр/774-018.0 | HP70: Наружные сети водопровода, канализации, теплоснабжения, газопроводы | HQ70: Наружные сети водопровода, канализации, теплоснабжения, газопроводы | HS70: 0 | IK70: 0
A71: 17 | B71: 1 | E71: 8 | F71: 24.3.03.11-0021 | G71: Трубы напорные полиэтиленовые газопроводные ПЭ100, стандартное размерное отношение SDR11, номинальный наружный диаметр 32 мм, толщина стенки 3,0 мм | H71: м | I71: 6 | J71: 0 | K71: 6 | O71: =ROUND(CP71,2) -> 346.98 | P71: =ROUND(CQ71*I71,2) -> 346.98 | Q71: =ROUND(CR71*I71,2) -> 0 | R71: =ROUND(CS71*I71,2) -> 0 | S71: =ROUND(CT71*I71,2) -> 0 | T71: =ROUND(CU71*I71,2) -> 0 | U71: =ROUND(CV71*I71,7) -> 0 | V71: =ROUND(CW71*I71,7) -> 0 | W71: =ROUND(CX71*I71,2) -> 0 | X71: =ROUND(CY71,2) -> 0 | Y71: =ROUND(CZ71,2) -> 0 | AA71: 73938991 | AB71: =ROUND((AC71+AD71+AF71),6) -> 56.15 | AC71: =ROUND((ES71),6) -> 56.15 | AD71: =ROUND((((ET71)-(EU71))+AE71),6) -> 0 | AE71: =ROUND((EU71),6) -> 0 | AF71: =ROUND((EV71),6) -> 0 | AG71: =ROUND((AP71),6) -> 0 | AH71: =(EW71) -> 0 | AI71: =(EX71) -> 0 | AJ71: =(AS71) -> 0 | AK71: 56.15 | AL71: 56.15 | AM71: 0 | AN71: 0 | AO71: 0 | AP71: 0 | AQ71: 0 | AR71: 0 | AS71: 0 | AT71: 0 | AU71: 0 | AV71: 1 | AW71: 1 | AZ71: 1 | BA71: 1 | BB71: 1 | BC71: 1.03 | BH71: 3 | BI71: 1 | BJ71: ФСБЦ-2022, 24.3.03.11-0021, приказ Минстроя России от 18.05.2022 г. № 378/пр | BM71: 500001 | BN71: 0 | BO71: 24.3.03.11-0021 | BP71: 1 | BQ71: 8 | BR71: 0 | BS71: 1 | BT71: 1 | BU71: 1 | BV71: 1 | BW71: 1 | BX71: 1 | BZ71: 0 | CA71: 0 | CE71: 0 | CF71: 0 | CG71: 0 | CM71: 0 | CO71: 0 | CP71: =(P71+Q71+S71+R71) -> 346.98 | CQ71: =ROUND(AL71*BC71,2) -> 57.83 | CR71: =ROUND(AM71*BB71,2) -> 0 | CS71: =ROUND(AN71*BS71,2) -> 0 | CT71: =ROUND(AO71*BA71,2) -> 0 | CU71: =AG71 -> 0 | CV71: =AH71 -> 0 | CW71: =AI71 -> 0 | CX71: =AJ71 -> 0 | CY71: =0 -> 0 | CZ71: =0 -> 0 | DN71: 0 | DO71: 0 | DP71: 1 | DQ71: 1 | DU71: 1003 | DV71: м | DW71: м | DX71: 1 | EE71: 72340530 | EF71: 8 | EG71: Материалы строительные | EH71: 0 | EJ71: 1 | EK71: 500001 | EL71: Материалы и конструкции ( строительные ) по ценникам и каталогом | EM71: ФССЦст | EQ71: 0 | ER71: 56.15 | ES71: 56.15 | ET71: 0 | EU71: 0 | EV71: 0 | EW71: 0 | EX71: 0 | EY71: 0 | FQ71: 0 | FR71: 0 | FS71: 0 | FX71: 0 | FY71: 0 | GD71: 1 | GF71: 54765842 | GG71: 2 | GH71: 1 | GI71: 2 | GJ71: 0 | GK71: 0 | GL71: =ROUND(IF(AND(BH71=3,BI71=3,FS71<>0),P71,0),2) -> 0 | GM71: =ROUND(O71+X71+Y71,2)+GX71 -> 346.98 | GN71: =IF(OR(BI71=0,BI71=1),GM71-GX71,0) -> 346.98 | GO71: =IF(BI71=2,GM71-GX71,0) -> 0 | GP71: =IF(BI71=4,GM71-GX71,0) -> 0 | GR71: 0 | GS71: 3 | GT71: 0 | GV71: =ROUND((GT71),6) -> 0 | GW71: 1 | GX71: =ROUND(HC71*I71,2) -> 0 | HA71: 0 | HB71: 0 | HC71: =GV71*GW71 -> 0 | HS71: 0 | IK71: 0
A72: 17 | B72: 1 | E72: 9 | F72: 24.3.03.11-0071 | G72: Трубы напорные полиэтиленовые газопроводные с защитным покрытием ПЭ100, стандартное размерное отношение SDR11, номинальный наружный диаметр 63 мм, толщина стенки 5,8 мм | H72: м | I72: 93 | J72: 0 | K72: 93 | O72: =ROUND(CP72,2) -> 41474.28 | P72: =ROUND(CQ72*I72,2) -> 41474.28 | Q72: =ROUND(CR72*I72,2) -> 0 | R72: =ROUND(CS72*I72,2) -> 0 | S72: =ROUND(CT72*I72,2) -> 0 | T72: =ROUND(CU72*I72,2) -> 0 | U72: =ROUND(CV72*I72,7) -> 0 | V72: =ROUND(CW72*I72,7) -> 0 | W72: =ROUND(CX72*I72,2) -> 0 | X72: =ROUND(CY72,2) -> 0 | Y72: =ROUND(CZ72,2) -> 0 | AA72: 73938991 | AB72: =ROUND((AC72+AD72+AF72),6) -> 445.96 | AC72: =ROUND((ES72),6) -> 445.96 | AD72: =ROUND((((ET72)-(EU72))+AE72),6) -> 0 | AE72: =ROUND((EU72),6) -> 0 | AF72: =ROUND((EV72),6) -> 0 | AG72: =ROUND((AP72),6) -> 0 | AH72: =(EW72) -> 0 | AI72: =(EX72) -> 0 | AJ72: =(AS72) -> 0 | AK72: 445.96 | AL72: 445.96 | AM72: 0 | AN72: 0 | AO72: 0 | AP72: 0 | AQ72: 0 | AR72: 0 | AS72: 0 | AT72: 0 | AU72: 0 | AV72: 1 | AW72: 1 | AZ72: 1 | BA72: 1 | BB72: 1 | BC72: 1 | BH72: 3 | BI72: 1 | BJ72: ФСБЦ-2022, 24.3.03.11-0071, приказ Минстроя России от 18.05.2022 г. № 378/пр | BM72: 500001 | BN72: 0 | BP72: 0 | BQ72: 8 | BR72: 0 | BS72: 1 | BT72: 1 | BU72: 1 | BV72: 1 | BW72: 1 | BX72: 1 | BZ72: 0 | CA72: 0 | CE72: 0 | CF72: 0 | CG72: 0 | CM72: 0 | CO72: 0 | CP72: =(P72+Q72+S72+R72) -> 41474.28 | CQ72: =ROUND(AL72*BC72,2) -> 445.96 | CR72: =ROUND(AM72*BB72,2) -> 0 | CS72: =ROUND(AN72*BS72,2) -> 0 | CT72: =ROUND(AO72*BA72,2) -> 0 | CU72: =AG72 -> 0 | CV72: =AH72 -> 0 | CW72: =AI72 -> 0 | CX72: =AJ72 -> 0 | CY72: =0 -> 0 | CZ72: =0 -> 0 | DN72: 0 | DO72: 0 | DP72: 1 | DQ72: 1 | DU72: 1003 | DV72: м | DW72: м | DX72: 1 | EE72: 72340530 | EF72: 8 | EG72: Материалы строительные | EH72: 0 | EJ72: 1 | EK72: 500001 | EL72: Материалы и конструкции ( строительные ) по ценникам и каталогом | EM72: ФССЦст | EQ72: 0 | ER72: 445.96 | ES72: 445.96 | ET72: 0 | EU72: 0 | EV72: 0 | EW72: 0 | EX72: 0 | EY72: 0 | FQ72: 0 | FR72: 0 | FS72: 0 | FX72: 0 | FY72: 0 | GD72: 1 | GE72: 356.47 | GF72: -1478815123 | GG72: 2 | GH72: 1 | GI72: -2 | GJ72: 0 | GK72: 0 | GL72: =ROUND(IF(AND(BH72=3,BI72=3,FS72<>0),P72,0),2) -> 0 | GM72: =ROUND(O72+X72+Y72,2)+GX72 -> 41474.28 | GN72: =IF(OR(BI72=0,BI72=1),GM72-GX72,0) -> 41474.28 | GO72: =IF(BI72=2,GM72-GX72,0) -> 0 | GP72: =IF(BI72=4,GM72-GX72,0) -> 0 | GR72: 3 | GS72: 3 | GT72: 0 | GV72: =ROUND((GT72),6) -> 0 | GW72: 1 | GX72: =ROUND(HC72*I72,2) -> 0 | HA72: 0 | HB72: 0 | HC72: =GV72*GW72 -> 0 | HS72: 0 | IK72: 0
A73: 17 | B73: 1 | E73: 10 | F73: 24.3.05.02-0131 | G73: Заглушка полиэтиленовая электросварная для газо- и водоснабжения, ПЭ100, стандартное размерное отношение SDR11, диаметр 32 мм | H73: ШТ | I73: 1 | J73: 0 | K73: 1 | O73: =ROUND(CP73,2) -> 533.61 | P73: =ROUND(CQ73*I73,2) -> 533.61 | Q73: =ROUND(CR73*I73,2) -> 0 | R73: =ROUND(CS73*I73,2) -> 0 | S73: =ROUND(CT73*I73,2) -> 0 | T73: =ROUND(CU73*I73,2) -> 0 | U73: =ROUND(CV73*I73,7) -> 0 | V73: =ROUND(CW73*I73,7) -> 0 | W73: =ROUND(CX73*I73,2) -> 0 | X73: =ROUND(CY73,2) -> 0 | Y73: =ROUND(CZ73,2) -> 0 | AA73: 73938991 | AB73: =ROUND((AC73+AD73+AF73),6) -> 518.07 | AC73: =ROUND((ES73),6) -> 518.07 | AD73: =ROUND((((ET73)-(EU73))+AE73),6) -> 0 | AE73: =ROUND((EU73),6) -> 0 | AF73: =ROUND((EV73),6) -> 0 | AG73: =ROUND((AP73),6) -> 0 | AH73: =(EW73) -> 0 | AI73: =(EX73) -> 0 | AJ73: =(AS73) -> 0 | AK73: 518.07 | AL73: 518.07 | AM73: 0 | AN73: 0 | AO73: 0 | AP73: 0 | AQ73: 0 | AR73: 0 | AS73: 0 | AT73: 0 | AU73: 0 | AV73: 1 | AW73: 1 | AZ73: 1 | BA73: 1 | BB73: 1 | BC73: 1.03 | BH73: 3 | BI73: 1 | BJ73: ФСБЦ-2022, 24.3.05.02-0131, приказ Минстроя России от 18.05.2022 г. № 378/пр | BM73: 500001 | BN73: 0 | BO73: 24.3.05.02-0131 | BP73: 1 | BQ73: 8 | BR73: 0 | BS73: 1 | BT73: 1 | BU73: 1 | BV73: 1 | BW73: 1 | BX73: 1 | BZ73: 0 | CA73: 0 | CE73: 0 | CF73: 0 | CG73: 0 | CM73: 0 | CO73: 0 | CP73: =(P73+Q73+S73+R73) -> 533.61 | CQ73: =ROUND(AL73*BC73,2) -> 533.61 | CR73: =ROUND(AM73*BB73,2) -> 0 | CS73: =ROUND(AN73*BS73,2) -> 0 | CT73: =ROUND(AO73*BA73,2) -> 0 | CU73: =AG73 -> 0 | CV73: =AH73 -> 0 | CW73: =AI73 -> 0 | CX73: =AJ73 -> 0 | CY73: =0 -> 0 | CZ73: =0 -> 0 | DN73: 0 | DO73: 0 | DP73: 1 | DQ73: 1 | DU73: 1013 | DV73: ШТ | DW73: ШТ | DX73: 1 | EE73: 72340530 | EF73: 8 | EG73: Материалы строительные | EH73: 0 | EJ73: 1 | EK73: 500001 | EL73: Материалы и конструкции ( строительные ) по ценникам и каталогом | EM73: ФССЦст | EQ73: 0 | ER73: 518.07 | ES73: 518.07 | ET73: 0 | EU73: 0 | EV73: 0 | EW73: 0 | EX73: 0 | EY73: 0 | FQ73: 0 | FR73: 0 | FS73: 0 | FX73: 0 | FY73: 0 | GD73: 1 | GF73: 302373056 | GG73: 2 | GH73: 1 | GI73: 2 | GJ73: 0 | GK73: 0 | GL73: =ROUND(IF(AND(BH73=3,BI73=3,FS73<>0),P73,0),2) -> 0 | GM73: =ROUND(O73+X73+Y73,2)+GX73 -> 533.61 | GN73: =IF(OR(BI73=0,BI73=1),GM73-GX73,0) -> 533.61 | GO73: =IF(BI73=2,GM73-GX73,0) -> 0 | GP73: =IF(BI73=4,GM73-GX73,0) -> 0 | GR73: 0 | GS73: 3 | GT73: 0 | GV73: =ROUND((GT73),6) -> 0 | GW73: 1 | GX73: =ROUND(HC73*I73,2) -> 0 | HA73: 0 | HB73: 0 | HC73: =GV73*GW73 -> 0 | HS73: 0 | IK73: 0
A74: 17 | B74: 1 | E74: 11 | F74: 24.3.05.02-0133 | G74: Заглушка полиэтиленовая электросварная для газо- и водоснабжения, ПЭ100, стандартное размерное отношение SDR11, диаметр 63 мм | H74: ШТ | I74: 0 | J74: 0 | K74: 0 | O74: =ROUND(CP74,2) -> 0 | P74: =ROUND(CQ74*I74,2) -> 0 | Q74: =ROUND(CR74*I74,2) -> 0 | R74: =ROUND(CS74*I74,2) -> 0 | S74: =ROUND(CT74*I74,2) -> 0 | T74: =ROUND(CU74*I74,2) -> 0 | U74: =ROUND(CV74*I74,7) -> 0 | V74: =ROUND(CW74*I74,7) -> 0 | W74: =ROUND(CX74*I74,2) -> 0 | X74: =ROUND(CY74,2) -> 0 | Y74: =ROUND(CZ74,2) -> 0 | AA74: 73938991 | AB74: =ROUND((AC74+AD74+AF74),6) -> 1027.46 | AC74: =ROUND((ES74),6) -> 1027.46 | AD74: =ROUND((((ET74)-(EU74))+AE74),6) -> 0 | AE74: =ROUND((EU74),6) -> 0 | AF74: =ROUND((EV74),6) -> 0 | AG74: =ROUND((AP74),6) -> 0 | AH74: =(EW74) -> 0 | AI74: =(EX74) -> 0 | AJ74: =(AS74) -> 0 | AK74: 1027.46 | AL74: 1027.46 | AM74: 0 | AN74: 0 | AO74: 0 | AP74: 0 | AQ74: 0 | AR74: 0 | AS74: 0 | AT74: 0 | AU74: 0 | AV74: 1 | AW74: 1 | AZ74: 1 | BA74: 1 | BB74: 1 | BC74: 1.03 | BH74: 3 | BI74: 1 | BJ74: ФСБЦ-2022, 24.3.05.02-0133, приказ Минстроя России от 18.05.2022 г. № 378/пр | BM74: 500001 | BN74: 0 | BO74: 24.3.05.02-0133 | BP74: 1 | BQ74: 8 | BR74: 0 | BS74: 1 | BT74: 1 | BU74: 1 | BV74: 1 | BW74: 1 | BX74: 1 | BZ74: 0 | CA74: 0 | CE74: 0 | CF74: 0 | CG74: 0 | CM74: 0 | CO74: 0 | CP74: =(P74+Q74+S74+R74) -> 0 | CQ74: =ROUND(AL74*BC74,2) -> 1058.28 | CR74: =ROUND(AM74*BB74,2) -> 0 | CS74: =ROUND(AN74*BS74,2) -> 0 | CT74: =ROUND(AO74*BA74,2) -> 0 | CU74: =AG74 -> 0 | CV74: =AH74 -> 0 | CW74: =AI74 -> 0 | CX74: =AJ74 -> 0 | CY74: =0 -> 0 | CZ74: =0 -> 0 | DN74: 0 | DO74: 0 | DP74: 1 | DQ74: 1 | DU74: 1013 | DV74: ШТ | DW74: ШТ | DX74: 1 | EE74: 72340530 | EF74: 8 | EG74: Материалы строительные | EH74: 0 | EJ74: 1 | EK74: 500001 | EL74: Материалы и конструкции ( строительные ) по ценникам и каталогом | EM74: ФССЦст | EQ74: 0 | ER74: 1027.46 | ES74: 1027.46 | ET74: 0 | EU74: 0 | EV74: 0 | EW74: 0 | EX74: 0 | EY74: 0 | FQ74: 0 | FR74: 0 | FS74: 0 | FX74: 0 | FY74: 0 | GD74: 1 | GF74: 1160847145 | GG74: 2 | GH74: 1 | GI74: 2 | GJ74: 0 | GK74: 0 | GL74: =ROUND(IF(AND(BH74=3,BI74=3,FS74<>0),P74,0),2) -> 0 | GM74: =ROUND(O74+X74+Y74,2)+GX74 -> 0 | GN74: =IF(OR(BI74=0,BI74=1),GM74-GX74,0) -> 0 | GO74: =IF(BI74=2,GM74-GX74,0) -> 0 | GP74: =IF(BI74=4,GM74-GX74,0) -> 0 | GR74: 0 | GS74: 3 | GT74: 0 | GV74: =ROUND((GT74),6) -> 0 | GW74: 1 | GX74: =ROUND(HC74*I74,2) -> 0 | HA74: 0 | HB74: 0 | HC74: =GV74*GW74 -> 0 | HS74: 0 | IK74: 0
A75: 17 | B75: 1 | C75: =ROW(SmtRes!A29) -> 29 | D75: =ROW(EtalonRes!A30) -> 30 | E75: 12 | F75: 24-02-041-01 | G75: Надземная прокладка стальных газопроводов, диаметр газопровода: 50 мм | H75: 100 м | I75: =ROUND(3/100,7) -> 0.03 | J75: 0 | K75: =ROUND(3/100,7) -> 0.03 | O75: =ROUND(CP75,2) -> 863.42 | P75: =SUMIF(SmtRes!AQ15:'SmtRes'!AQ29,"=1",SmtRes!DF15:'SmtRes'!DF29) -> 57.7 | Q75: =SUMIF(SmtRes!AQ15:'SmtRes'!AQ29,"=1",SmtRes!DG15:'SmtRes'!DG29) -> 411.88 | R75: =SUMIF(SmtRes!AQ15:'SmtRes'!AQ29,"=1",SmtRes!DH15:'SmtRes'!DH29) -> 164.11 | S75: =SUMIF(SmtRes!AQ15:'SmtRes'!AQ29,"=1",SmtRes!DI15:'SmtRes'!DI29) -> 229.73 | T75: =ROUND(CU75*I75,2) -> 0 | U75: =SUMIF(SmtRes!AQ15:'SmtRes'!AQ29,"=1",SmtRes!CV15:'SmtRes'!CV29) -> 0.6153 | V75: =SUMIF(SmtRes!AQ15:'SmtRes'!AQ29,"=1",SmtRes!CW15:'SmtRes'!CW29) -> 0.3588 | W75: =ROUND(CX75*I75,2) -> 0 | X75: =ROUND(CY75,2) -> 460.79 | Y75: =ROUND(CZ75,2) -> 291.44 | AA75: 73938991 | AB75: =ROUND((AC75+AD75+AF75),6) -> 20759.783 | AC75: =ROUND((SUM(SmtRes!BQ15:'SmtRes'!BQ29)),6) -> 1420.631 | AD75: =ROUND((((SUM(SmtRes!BR15:'SmtRes'!BR29))-(SUM(SmtRes!BS15:'SmtRes'!BS29)))+AE75),6) -> 11681.538 | AE75: =ROUND((SUM(SmtRes!BS15:'SmtRes'!BS29)),6) -> 5470.296 | AF75: =ROUND((SUM(SmtRes!BT15:'SmtRes'!BT29)),6) -> 7657.6136 | AG75: =ROUND((AP75),6) -> 0 | AH75: =(SUM(SmtRes!BU15:'SmtRes'!BU29)) -> 20.51 | AI75: =(SUM(SmtRes!BV15:'SmtRes'!BV29)) -> 11.96 | AJ75: =(AS75) -> 0 | AK75: 26230.079 | AL75: 1420.631 | AM75: 11681.538 | AN75: 5470.296 | AO75: 7657.6136 | AP75: 0 | AQ75: 20.51 | AR75: 11.96 | AS75: 0 | AT75: 117 | AU75: 74 | AV75: 1 | AW75: 1 | AZ75: 1 | BA75: 1 | BB75: 1 | BC75: 1 | BH75: 0 | BI75: 1 | BJ75: ГЭСН-2022 доп.4, 24-02-041-01, приказ Минстроя России от 27.12.2022 г. № 1133/пр | BM75: 24001 | BN75: 0 | BP75: 0 | BQ75: 2 | BR75: 0 | BS75: 1 | BT75: 1 | BU75: 1 | BV75: 1 | BW75: 1 | BX75: 1 | BZ75: 117 | CA75: 74 | CE75: 0 | CF75: 0 | CG75: 0 | CM75: 0 | CO75: 0 | CP75: =(P75+Q75+S75+R75) -> 863.42 | CQ75: =SUMIF(SmtRes!AQ15:'SmtRes'!AQ29,"=1",SmtRes!AA15:'SmtRes'!AA29) -> 867589.44 | CR75: =SUMIF(SmtRes!AQ15:'SmtRes'!AQ29,"=1",SmtRes!AB15:'SmtRes'!AB29) -> 1640.61 | CS75: =SUMIF(SmtRes!AQ15:'SmtRes'!AQ29,"=1",SmtRes!AC15:'SmtRes'!AC29) -> 860.22 | CT75: =SUMIF(SmtRes!AQ15:'SmtRes'!AQ29,"=1",SmtRes!AD15:'SmtRes'!AD29) -> 373.36 | CU75: =AG75 -> 0 | CV75: =SUMIF(SmtRes!AQ15:'SmtRes'!AQ29,"=1",SmtRes!BU15:'SmtRes'!BU29) -> 20.51 | CW75: =SUMIF(SmtRes!AQ15:'SmtRes'!AQ29,"=1",SmtRes!BV15:'SmtRes'!BV29) -> 11.96 | CX75: =AJ75 -> 0 | CY75: =(((S75+R75)*AT75)/100) -> 460.7928 | CZ75: =(((S75+R75)*AU75)/100) -> 291.4416 | DN75: 0 | DO75: 0 | DP75: 1 | DQ75: 1 | DU75: 1003 | DV75: 100 м | DW75: 100 м | DX75: 100 | EE75: 72340632 | EF75: 2 | EG75: Общестроительные работы | EH75: 18 | EI75: Наружные сети водопровода, канализации, теплоснабжения, газопроводы | EJ75: 1 | EK75: 24001 | EL75: Наружные сети водопровода, канализации, теплоснабжения, газопроводы | EM75: ФЕР-24 | EQ75: 0 | ER75: 0 | ES75: 0 | ET75: 0 | EU75: 0 | EV75: 0 | EW75: 20.51 | EX75: 11.96 | EY75: 0 | FQ75: 0 | FR75: 0 | FS75: 0 | FX75: 117 | FY75: 74 | GD75: 1 | GF75: -46601497 | GG75: 2 | GH75: 1 | GI75: -2 | GJ75: 0 | GK75: 0 | GL75: =ROUND(IF(AND(BH75=3,BI75=3,FS75<>0),P75,0),2) -> 0 | GM75: =ROUND(O75+X75+Y75,2)+GX75 -> 1615.65 | GN75: =IF(OR(BI75=0,BI75=1),GM75-GX75,0) -> 1615.65 | GO75: =IF(BI75=2,GM75-GX75,0) -> 0 | GP75: =IF(BI75=4,GM75-GX75,0) -> 0 | GR75: 0 | GS75: 3 | GT75: 0 | GV75: =ROUND((GT75),6) -> 0 | GW75: 1 | GX75: =ROUND(HC75*I75,2) -> 0 | HA75: 0 | HB75: 0 | HC75: =GV75*GW75 -> 0 | HN75: Пр/812-018.0-1 | HO75: Пр/774-018.0 | HP75: Наружные сети водопровода, канализации, теплоснабжения, газопроводы | HQ75: Наружные сети водопровода, канализации, теплоснабжения, газопроводы | HS75: 0 | IK75: 0
A76: 18 | B76: 1 | C76: 29 | E76: 12,1 | F76: 23.5.02.02-0033 | G76: Трубы стальные электросварные прямошовные из стали марок Ст2, 10, наружный диаметр 57 мм, толщина стенки 3 мм | H76: м | I76: =I75*J76 -> 3 | J76: 100 | K76: 100 | O76: =ROUND(CP76,2) -> 603.15 | P76: =ROUND(CQ76*I76,2) -> 603.15 | Q76: =ROUND(CR76*I76,2) -> 0 | R76: =ROUND(CS76*I76,2) -> 0 | S76: =ROUND(CT76*I76,2) -> 0 | T76: =ROUND(CU76*I76,2) -> 0 | U76: =ROUND(CV76*I76,7) -> 0 | V76: =ROUND(CW76*I76,7) -> 0 | W76: =ROUND(CX76*I76,2) -> 0 | X76: =ROUND(CY76,2) -> 0 | Y76: =ROUND(CZ76,2) -> 0 | AA76: 73938991 | AB76: =ROUND((AC76+AD76+AF76),6) -> 201.05 | AC76: =ROUND((ES76),6) -> 201.05 | AD76: =ROUND((((ET76)-(EU76))+AE76),6) -> 0 | AE76: =ROUND((EU76),6) -> 0 | AF76: =ROUND((EV76),6) -> 0 | AG76: =ROUND((AP76),6) -> 0 | AH76: =(EW76) -> 0 | AI76: =(EX76) -> 0 | AJ76: =(AS76) -> 0 | AK76: 201.05 | AL76: 201.05 | AM76: 0 | AN76: 0 | AO76: 0 | AP76: 0 | AQ76: 0 | AR76: 0 | AS76: 0 | AT76: 117 | AU76: 74 | AV76: 1 | AW76: 1 | AZ76: 1 | BA76: 1 | BB76: 1 | BC76: 1 | BH76: 3 | BI76: 1 | BJ76: ФСБЦ-2022, 23.5.02.02-0033, приказ Минстроя России от 18.05.2022 г. № 378/пр | BM76: 24001 | BN76: 0 | BP76: 0 | BQ76: 2 | BR76: 0 | BS76: 1 | BT76: 1 | BU76: 1 | BV76: 1 | BW76: 1 | BX76: 1 | BZ76: 117 | CA76: 74 | CE76: 0 | CF76: 0 | CG76: 0 | CM76: 0 | CO76: 0 | CP76: =(P76+Q76+S76+R76) -> 603.15 | CQ76: =ROUND(AL76*BC76,2) -> 201.05 | CR76: =ROUND(AM76*BB76,2) -> 0 | CS76: =ROUND(AN76*BS76,2) -> 0 | CT76: =ROUND(AO76*BA76,2) -> 0 | CU76: =AG76 -> 0 | CV76: =AH76 -> 0 | CW76: =AI76 -> 0 | CX76: =AJ76 -> 0 | CY76: =(((S76+R76)*AT76)/100) -> 0 | CZ76: =(((S76+R76)*AU76)/100) -> 0 | DN76: 0 | DO76: 0 | DP76: 1 | DQ76: 1 | DU76: 1003 | DV76: м | DW76: м | DX76: 1 | EE76: 72340632 | EF76: 2 | EG76: Общестроительные работы | EH76: 18 | EI76: Наружные сети водопровода, канализации, теплоснабжения, газопроводы | EJ76: 1 | EK76: 24001 | EL76: Наружные сети водопровода, канализации, теплоснабжения, газопроводы | EM76: ФЕР-24 | EQ76: 0 | ER76: 201.05 | ES76: 201.05 | ET76: 0 | EU76: 0 | EV76: 0 | EW76: 0 | EX76: 0 | FQ76: 0 | FR76: 0 | FS76: 0 | FX76: 117 | FY76: 74 | GD76: 1 | GE76: 225.92 | GF76: 918212004 | GG76: 2 | GH76: 1 | GI76: -2 | GJ76: 0 | GK76: 0 | GL76: =ROUND(IF(AND(BH76=3,BI76=3,FS76<>0),P76,0),2) -> 0 | GM76: =ROUND(O76+X76+Y76,2)+GX76 -> 603.15 | GN76: =IF(OR(BI76=0,BI76=1),GM76-GX76,0) -> 603.15 | GO76: =IF(BI76=2,GM76-GX76,0) -> 0 | GP76: =IF(BI76=4,GM76-GX76,0) -> 0 | GR76: 3 | GS76: 3 | GT76: 0 | GV76: =ROUND((GT76),6) -> 0 | GW76: 1 | GX76: =ROUND(HC76*I76,2) -> 0 | HA76: 0 | HB76: 0 | HC76: =GV76*GW76 -> 0 | HN76: Пр/812-018.0-1 | HO76: Пр/774-018.0 | HP76: Наружные сети водопровода, канализации, теплоснабжения, газопроводы | HQ76: Наружные сети водопровода, канализации, теплоснабжения, газопроводы | HS76: 0 | IK76: 0
A77: 17 | B77: 1 | C77: =ROW(SmtRes!A35) -> 35 | D77: =ROW(EtalonRes!A36) -> 36 | E77: 13 | F77: 24-02-002-01 | G77: Сварка полиэтиленовых труб при помощи соединительных деталей с закладными электронагревателями, диаметр труб: до 32 мм | H77: соединение | I77: 0 | J77: 0 | K77: 0 | O77: =ROUND(CP77,2) -> 0 | P77: =SUMIF(SmtRes!AQ30:'SmtRes'!AQ35,"=1",SmtRes!DF30:'SmtRes'!DF35) -> 0 | Q77: =SUMIF(SmtRes!AQ30:'SmtRes'!AQ35,"=1",SmtRes!DG30:'SmtRes'!DG35) -> 0 | R77: =SUMIF(SmtRes!AQ30:'SmtRes'!AQ35,"=1",SmtRes!DH30:'SmtRes'!DH35) -> 0 | S77: =SUMIF(SmtRes!AQ30:'SmtRes'!AQ35,"=1",SmtRes!DI30:'SmtRes'!DI35) -> 0 | T77: =ROUND(CU77*I77,2) -> 0 | U77: =SUMIF(SmtRes!AQ30:'SmtRes'!AQ35,"=1",SmtRes!CV30:'SmtRes'!CV35) -> 0 | V77: =SUMIF(SmtRes!AQ30:'SmtRes'!AQ35,"=1",SmtRes!CW30:'SmtRes'!CW35) -> 0 | W77: =ROUND(CX77*I77,2) -> 0 | X77: =ROUND(CY77,2) -> 0 | Y77: =ROUND(CZ77,2) -> 0 | AA77: 73938991 | AB77: =ROUND((AC77+AD77+AF77),6) -> 116.59131 | AC77: =ROUND((SUM(SmtRes!BQ30:'SmtRes'!BQ35)),6) -> 6.02421 | AD77: =ROUND((((SUM(SmtRes!BR30:'SmtRes'!BR35))-(0))+AE77),6) -> 2.2631 | AE77: =ROUND((0),6) -> 0 | AF77: =ROUND((SUM(SmtRes!BT30:'SmtRes'!BT35)),6) -> 108.304 | AG77: =ROUND((AP77),6) -> 0 | AH77: =(SUM(SmtRes!BU30:'SmtRes'!BU35)) -> 0.28 | AI77: =(0) -> 0 | AJ77: =(AS77) -> 0 | AK77: 116.59131 | AL77: 6.02421 | AM77: 2.2631 | AN77: 0 | AO77: 108.304 | AP77: 0 | AQ77: 0.28 | AR77: 0 | AS77: 0 | AT77: 117 | AU77: 74 | AV77: 1 | AW77: 1 | AZ77: 1 | BA77: 1 | BB77: 1 | BC77: 1 | BH77: 0 | BI77: 1 | BJ77: ГЭСН-2022, 24-02-002-01, приказ Минстроя России от 18.05.2022 г. № 378/пр | BM77: 24001 | BN77: 0 | BP77: 0 | BQ77: 2 | BR77: 0 | BS77: 1 | BT77: 1 | BU77: 1 | BV77: 1 | BW77: 1 | BX77: 1 | BZ77: 117 | CA77: 74 | CE77: 0 | CF77: 0 | CG77: 0 | CM77: 0 | CO77: 0 | CP77: =(P77+Q77+S77+R77) -> 0 | CQ77: =SUMIF(SmtRes!AQ30:'SmtRes'!AQ35,"=1",SmtRes!AA30:'SmtRes'!AA35) -> 1094.1 | CR77: =SUMIF(SmtRes!AQ30:'SmtRes'!AQ35,"=1",SmtRes!AB30:'SmtRes'!AB35) -> 18.15 | CS77: =SUMIF(SmtRes!AQ30:'SmtRes'!AQ35,"=1",SmtRes!AC30:'SmtRes'!AC35) -> 0 | CT77: =SUMIF(SmtRes!AQ30:'SmtRes'!AQ35,"=1",SmtRes!AD30:'SmtRes'!AD35) -> 386.8 | CU77: =AG77 -> 0 | CV77: =SUMIF(SmtRes!AQ30:'SmtRes'!AQ35,"=1",SmtRes!BU30:'SmtRes'!BU35) -> 0.28 | CW77: =SUMIF(SmtRes!AQ30:'SmtRes'!AQ35,"=1",SmtRes!BV30:'SmtRes'!BV35) -> 0 | CX77: =AJ77 -> 0 | CY77: =(((S77+R77)*AT77)/100) -> 0 | CZ77: =(((S77+R77)*AU77)/100) -> 0 | DN77: 0 | DO77: 0 | DP77: 1 | DQ77: 1 | DU77: 1013 | DV77: соединение | DW77: соединение | DX77: 1 | EE77: 72340632 | EF77: 2 | EG77: Общестроительные работы | EH77: 18 | EI77: Наружные сети водопровода, канализации, теплоснабжения, газопроводы | EJ77: 1 | EK77: 24001 | EL77: Наружные сети водопровода, канализации, теплоснабжения, газопроводы | EM77: ФЕР-24 | EQ77: 0 | ER77: 0 | ES77: 0 | ET77: 0 | EU77: 0 | EV77: 0 | EW77: 0.28 | EX77: 0 | EY77: 0 | FQ77: 0 | FR77: 0 | FS77: 0 | FX77: 117 | FY77: 74 | GD77: 1 | GF77: -279115442 | GG77: 2 | GH77: 1 | GI77: -2 | GJ77: 0 | GK77: 0 | GL77: =ROUND(IF(AND(BH77=3,BI77=3,FS77<>0),P77,0),2) -> 0 | GM77: =ROUND(O77+X77+Y77,2)+GX77 -> 0 | GN77: =IF(OR(BI77=0,BI77=1),GM77-GX77,0) -> 0 | GO77: =IF(BI77=2,GM77-GX77,0) -> 0 | GP77: =IF(BI77=4,GM77-GX77,0) -> 0 | GR77: 0 | GS77: 3 | GT77: 0 | GV77: =ROUND((GT77),6) -> 0 | GW77: 1 | GX77: =ROUND(HC77*I77,2) -> 0 | HA77: 0 | HB77: 0 | HC77: =GV77*GW77 -> 0 | HN77: Пр/812-018.0-1 | HO77: Пр/774-018.0 | HP77: Наружные сети водопровода, канализации, теплоснабжения, газопроводы | HQ77: Наружные сети водопровода, канализации, теплоснабжения, газопроводы | HS77: 0 | IK77: 0
A78: 18 | B78: 1 | C78: 35 | E78: 13,1 | F78: 24.3.05.07-0512 | G78: Муфта полиэтиленовая электросварная, ПЭ100, SDR11, диаметр 32 мм | H78: ШТ | I78: =I77*J78 -> 0 | J78: 1 | K78: 1 | O78: =ROUND(CP78,2) -> 0 | P78: =ROUND(CQ78*I78,2) -> 0 | Q78: =ROUND(CR78*I78,2) -> 0 | R78: =ROUND(CS78*I78,2) -> 0 | S78: =ROUND(CT78*I78,2) -> 0 | T78: =ROUND(CU78*I78,2) -> 0 | U78: =ROUND(CV78*I78,7) -> 0 | V78: =ROUND(CW78*I78,7) -> 0 | W78: =ROUND(CX78*I78,2) -> 0 | X78: =ROUND(CY78,2) -> 0 | Y78: =ROUND(CZ78,2) -> 0 | AA78: 73938991 | AB78: =ROUND((AC78+AD78+AF78),6) -> 120.79 | AC78: =ROUND((ES78),6) -> 120.79 | AD78: =ROUND((((ET78)-(EU78))+AE78),6) -> 0 | AE78: =ROUND((EU78),6) -> 0 | AF78: =ROUND((EV78),6) -> 0 | AG78: =ROUND((AP78),6) -> 0 | AH78: =(EW78) -> 0 | AI78: =(EX78) -> 0 | AJ78: =(AS78) -> 0 | AK78: 120.79 | AL78: 120.79 | AM78: 0 | AN78: 0 | AO78: 0 | AP78: 0 | AQ78: 0 | AR78: 0 | AS78: 0 | AT78: 117 | AU78: 74 | AV78: 1 | AW78: 1 | AZ78: 1 | BA78: 1 | BB78: 1 | BC78: 1.27 | BH78: 3 | BI78: 1 | BJ78: ФСБЦ-2022, 24.3.05.07-0512, приказ Минстроя России от 18.05.2022 г. № 378/пр | BM78: 24001 | BN78: 0 | BO78: 24.3.05.07-0512 | BP78: 1 | BQ78: 2 | BR78: 0 | BS78: 1 | BT78: 1 | BU78: 1 | BV78: 1 | BW78: 1 | BX78: 1 | BZ78: 117 | CA78: 74 | CE78: 0 | CF78: 0 | CG78: 0 | CM78: 0 | CO78: 0 | CP78: =(P78+Q78+S78+R78) -> 0 | CQ78: =ROUND(AL78*BC78,2) -> 153.4 | CR78: =ROUND(AM78*BB78,2) -> 0 | CS78: =ROUND(AN78*BS78,2) -> 0 | CT78: =ROUND(AO78*BA78,2) -> 0 | CU78: =AG78 -> 0 | CV78: =AH78 -> 0 | CW78: =AI78 -> 0 | CX78: =AJ78 -> 0 | CY78: =(((S78+R78)*AT78)/100) -> 0 | CZ78: =(((S78+R78)*AU78)/100) -> 0 | DN78: 0 | DO78: 0 | DP78: 1 | DQ78: 1 | DU78: 1013 | DV78: ШТ | DW78: ШТ | DX78: 1 | EE78: 72340632 | EF78: 2 | EG78: Общестроительные работы | EH78: 18 | EI78: Наружные сети водопровода, канализации, теплоснабжения, газопроводы | EJ78: 1 | EK78: 24001 | EL78: Наружные сети водопровода, канализации, теплоснабжения, газопроводы | EM78: ФЕР-24 | EQ78: 0 | ER78: 120.79 | ES78: 120.79 | ET78: 0 | EU78: 0 | EV78: 0 | EW78: 0 | EX78: 0 | FQ78: 0 | FR78: 0 | FS78: 0 | FX78: 117 | FY78: 74 | GD78: 1 | GF78: 1640984246 | GG78: 2 | GH78: 1 | GI78: 2 | GJ78: 0 | GK78: 0 | GL78: =ROUND(IF(AND(BH78=3,BI78=3,FS78<>0),P78,0),2) -> 0 | GM78: =ROUND(O78+X78+Y78,2)+GX78 -> 0 | GN78: =IF(OR(BI78=0,BI78=1),GM78-GX78,0) -> 0 | GO78: =IF(BI78=2,GM78-GX78,0) -> 0 | GP78: =IF(BI78=4,GM78-GX78,0) -> 0 | GR78: 0 | GS78: 3 | GT78: 0 | GV78: =ROUND((GT78),6) -> 0 | GW78: 1 | GX78: =ROUND(HC78*I78,2) -> 0 | HA78: 0 | HB78: 0 | HC78: =GV78*GW78 -> 0 | HN78: Пр/812-018.0-1 | HO78: Пр/774-018.0 | HP78: Наружные сети водопровода, канализации, теплоснабжения, газопроводы | HQ78: Наружные сети водопровода, канализации, теплоснабжения, газопроводы | HS78: 0 | IK78: 0
A79: 17 | B79: 1 | C79: =ROW(SmtRes!A41) -> 41 | D79: =ROW(EtalonRes!A42) -> 42 | E79: 14 | F79: 24-02-002-02 | G79: Сварка полиэтиленовых труб при помощи соединительных деталей с закладными электронагревателями, диаметр труб: свыше 32 до 63 мм | H79: соединение | I79: 1 | J79: 0 | K79: 1 | O79: =ROUND(CP79,2) -> 148.06 | P79: =SUMIF(SmtRes!AQ36:'SmtRes'!AQ41,"=1",SmtRes!DF36:'SmtRes'!DF41) -> 20.23 | Q79: =SUMIF(SmtRes!AQ36:'SmtRes'!AQ41,"=1",SmtRes!DG36:'SmtRes'!DG41) -> 4.05 | R79: =SUMIF(SmtRes!AQ36:'SmtRes'!AQ41,"=1",SmtRes!DH36:'SmtRes'!DH41) -> 0 | S79: =SUMIF(SmtRes!AQ36:'SmtRes'!AQ41,"=1",SmtRes!DI36:'SmtRes'!DI41) -> 123.78 | T79: =ROUND(CU79*I79,2) -> 0 | U79: =SUMIF(SmtRes!AQ36:'SmtRes'!AQ41,"=1",SmtRes!CV36:'SmtRes'!CV41) -> 0.32 | V79: =SUMIF(SmtRes!AQ36:'SmtRes'!AQ41,"=1",SmtRes!CW36:'SmtRes'!CW41) -> 0 | W79: =ROUND(CX79*I79,2) -> 0 | X79: =ROUND(CY79,2) -> 144.82 | Y79: =ROUND(CZ79,2) -> 91.6 | AA79: 73938991 | AB79: =ROUND((AC79+AD79+AF79),6) -> 138.56632 | AC79: =ROUND((SUM(SmtRes!BQ36:'SmtRes'!BQ41)),6) -> 12.04842 | AD79: =ROUND((((SUM(SmtRes!BR36:'SmtRes'!BR41))-(0))+AE79),6) -> 2.7419 | AE79: =ROUND((0),6) -> 0 | AF79: =ROUND((SUM(SmtRes!BT36:'SmtRes'!BT41)),6) -> 123.776 | AG79: =ROUND((AP79),6) -> 0 | AH79: =(SUM(SmtRes!BU36:'SmtRes'!BU41)) -> 0.32 | AI79: =(0) -> 0 | AJ79: =(AS79) -> 0 | AK79: 138.56632 | AL79: 12.04842 | AM79: 2.7419 | AN79: 0 | AO79: 123.776 | AP79: 0 | AQ79: 0.32 | AR79: 0 | AS79: 0 | AT79: 117 | AU79: 74 | AV79: 1 | AW79: 1 | AZ79: 1 | BA79: 1 | BB79: 1 | BC79: 1 | BH79: 0 | BI79: 1 | BJ79: ГЭСН-2022, 24-02-002-02, приказ Минстроя России от 18.05.2022 г. № 378/пр | BM79: 24001 | BN79: 0 | BP79: 0 | BQ79: 2 | BR79: 0 | BS79: 1 | BT79: 1 | BU79: 1 | BV79: 1 | BW79: 1 | BX79: 1 | BZ79: 117 | CA79: 74 | CE79: 0 | CF79: 0 | CG79: 0 | CM79: 0 | CO79: 0 | CP79: =(P79+Q79+S79+R79) -> 148.06 | CQ79: =SUMIF(SmtRes!AQ36:'SmtRes'!AQ41,"=1",SmtRes!AA36:'SmtRes'!AA41) -> 1094.1 | CR79: =SUMIF(SmtRes!AQ36:'SmtRes'!AQ41,"=1",SmtRes!AB36:'SmtRes'!AB41) -> 18.15 | CS79: =SUMIF(SmtRes!AQ36:'SmtRes'!AQ41,"=1",SmtRes!AC36:'SmtRes'!AC41) -> 0 | CT79: =SUMIF(SmtRes!AQ36:'SmtRes'!AQ41,"=1",SmtRes!AD36:'SmtRes'!AD41) -> 386.8 | CU79: =AG79 -> 0 | CV79: =SUMIF(SmtRes!AQ36:'SmtRes'!AQ41,"=1",SmtRes!BU36:'SmtRes'!BU41) -> 0.32 | CW79: =SUMIF(SmtRes!AQ36:'SmtRes'!AQ41,"=1",SmtRes!BV36:'SmtRes'!BV41) -> 0 | CX79: =AJ79 -> 0 | CY79: =(((S79+R79)*AT79)/100) -> 144.8226 | CZ79: =(((S79+R79)*AU79)/100) -> 91.5972 | DN79: 0 | DO79: 0 | DP79: 1 | DQ79: 1 | DU79: 1013 | DV79: соединение | DW79: соединение | DX79: 1 | EE79: 72340632 | EF79: 2 | EG79: Общестроительные работы | EH79: 18 | EI79: Наружные сети водопровода, канализации, теплоснабжения, газопроводы | EJ79: 1 | EK79: 24001 | EL79: Наружные сети водопровода, канализации, теплоснабжения, газопроводы | EM79: ФЕР-24 | EQ79: 0 | ER79: 0 | ES79: 0 | ET79: 0 | EU79: 0 | EV79: 0 | EW79: 0.32 | EX79: 0 | EY79: 0 | FQ79: 0 | FR79: 0 | FS79: 0 | FX79: 117 | FY79: 74 | GD79: 1 | GF79: -1363492276 | GG79: 2 | GH79: 1 | GI79: -2 | GJ79: 0 | GK79: 0 | GL79: =ROUND(IF(AND(BH79=3,BI79=3,FS79<>0),P79,0),2) -> 0 | GM79: =ROUND(O79+X79+Y79,2)+GX79 -> 384.48 | GN79: =IF(OR(BI79=0,BI79=1),GM79-GX79,0) -> 384.48 | GO79: =IF(BI79=2,GM79-GX79,0) -> 0 | GP79: =IF(BI79=4,GM79-GX79,0) -> 0 | GR79: 0 | GS79: 3 | GT79: 0 | GV79: =ROUND((GT79),6) -> 0 | GW79: 1 | GX79: =ROUND(HC79*I79,2) -> 0 | HA79: 0 | HB79: 0 | HC79: =GV79*GW79 -> 0 | HN79: Пр/812-018.0-1 | HO79: Пр/774-018.0 | HP79: Наружные сети водопровода, канализации, теплоснабжения, газопроводы | HQ79: Наружные сети водопровода, канализации, теплоснабжения, газопроводы | HS79: 0 | IK79: 0
A80: 18 | B80: 1 | C80: 41 | E80: 14,1 | F80: 24.3.05.07-0603 | G80: Муфта полиэтиленовая электросварная, ПЭ100, SDR11, диаметр 63 мм | H80: ШТ | I80: =I79*J80 -> 1 | J80: 1 | K80: 1 | O80: =ROUND(CP80,2) -> 262.69 | P80: =ROUND(CQ80*I80,2) -> 262.69 | Q80: =ROUND(CR80*I80,2) -> 0 | R80: =ROUND(CS80*I80,2) -> 0 | S80: =ROUND(CT80*I80,2) -> 0 | T80: =ROUND(CU80*I80,2) -> 0 | U80: =ROUND(CV80*I80,7) -> 0 | V80: =ROUND(CW80*I80,7) -> 0 | W80: =ROUND(CX80*I80,2) -> 0 | X80: =ROUND(CY80,2) -> 0 | Y80: =ROUND(CZ80,2) -> 0 | AA80: 73938991 | AB80: =ROUND((AC80+AD80+AF80),6) -> 206.84 | AC80: =ROUND((ES80),6) -> 206.84 | AD80: =ROUND((((ET80)-(EU80))+AE80),6) -> 0 | AE80: =ROUND((EU80),6) -> 0 | AF80: =ROUND((EV80),6) -> 0 | AG80: =ROUND((AP80),6) -> 0 | AH80: =(EW80) -> 0 | AI80: =(EX80) -> 0 | AJ80: =(AS80) -> 0 | AK80: 206.84 | AL80: 206.84 | AM80: 0 | AN80: 0 | AO80: 0 | AP80: 0 | AQ80: 0 | AR80: 0 | AS80: 0 | AT80: 117 | AU80: 74 | AV80: 1 | AW80: 1 | AZ80: 1 | BA80: 1 | BB80: 1 | BC80: 1.27 | BH80: 3 | BI80: 1 | BJ80: ФСБЦ-2022, 24.3.05.07-0603, приказ Минстроя России от 18.05.2022 г. № 378/пр | BM80: 24001 | BN80: 0 | BO80: 24.3.05.07-0603 | BP80: 1 | BQ80: 2 | BR80: 0 | BS80: 1 | BT80: 1 | BU80: 1 | BV80: 1 | BW80: 1 | BX80: 1 | BZ80: 117 | CA80: 74 | CE80: 0 | CF80: 0 | CG80: 0 | CM80: 0 | CO80: 0 | CP80: =(P80+Q80+S80+R80) -> 262.69 | CQ80: =ROUND(AL80*BC80,2) -> 262.69 | CR80: =ROUND(AM80*BB80,2) -> 0 | CS80: =ROUND(AN80*BS80,2) -> 0 | CT80: =ROUND(AO80*BA80,2) -> 0 | CU80: =AG80 -> 0 | CV80: =AH80 -> 0 | CW80: =AI80 -> 0 | CX80: =AJ80 -> 0 | CY80: =(((S80+R80)*AT80)/100) -> 0 | CZ80: =(((S80+R80)*AU80)/100) -> 0 | DN80: 0 | DO80: 0 | DP80: 1 | DQ80: 1 | DU80: 1013 | DV80: ШТ | DW80: ШТ | DX80: 1 | EE80: 72340632 | EF80: 2 | EG80: Общестроительные работы | EH80: 18 | EI80: Наружные сети водопровода, канализации, теплоснабжения, газопроводы | EJ80: 1 | EK80: 24001 | EL80: Наружные сети водопровода, канализации, теплоснабжения, газопроводы | EM80: ФЕР-24 | EQ80: 0 | ER80: 206.84 | ES80: 206.84 | ET80: 0 | EU80: 0 | EV80: 0 | EW80: 0 | EX80: 0 | FQ80: 0 | FR80: 0 | FS80: 0 | FX80: 117 | FY80: 74 | GD80: 1 | GF80: -669902663 | GG80: 2 | GH80: 1 | GI80: 2 | GJ80: 0 | GK80: 0 | GL80: =ROUND(IF(AND(BH80=3,BI80=3,FS80<>0),P80,0),2) -> 0 | GM80: =ROUND(O80+X80+Y80,2)+GX80 -> 262.69 | GN80: =IF(OR(BI80=0,BI80=1),GM80-GX80,0) -> 262.69 | GO80: =IF(BI80=2,GM80-GX80,0) -> 0 | GP80: =IF(BI80=4,GM80-GX80,0) -> 0 | GR80: 0 | GS80: 3 | GT80: 0 | GV80: =ROUND((GT80),6) -> 0 | GW80: 1 | GX80: =ROUND(HC80*I80,2) -> 0 | HA80: 0 | HB80: 0 | HC80: =GV80*GW80 -> 0 | HN80: Пр/812-018.0-1 | HO80: Пр/774-018.0 | HP80: Наружные сети водопровода, канализации, теплоснабжения, газопроводы | HQ80: Наружные сети водопровода, канализации, теплоснабжения, газопроводы | HS80: 0 | IK80: 0
A81: 17 | B81: 1 | C81: =ROW(SmtRes!A47) -> 47 | D81: =ROW(EtalonRes!A48) -> 48 | E81: 15 | F81: 24-02-005-02 | G81: Установка отвода с раструбным концом с закладными электронагревателями на газопроводе из полиэтиленовых труб, диаметр газопровода: свыше 32 до 63 мм | H81: ШТ | I81: 1 | J81: 0 | K81: 1 | O81: =ROUND(CP81,2) -> 150.27 | P81: =SUMIF(SmtRes!AQ42:'SmtRes'!AQ47,"=1",SmtRes!DF42:'SmtRes'!DF47) -> 20.23 | Q81: =SUMIF(SmtRes!AQ42:'SmtRes'!AQ47,"=1",SmtRes!DG42:'SmtRes'!DG47) -> 3.87 | R81: =SUMIF(SmtRes!AQ42:'SmtRes'!AQ47,"=1",SmtRes!DH42:'SmtRes'!DH47) -> 0 | S81: =SUMIF(SmtRes!AQ42:'SmtRes'!AQ47,"=1",SmtRes!DI42:'SmtRes'!DI47) -> 126.17 | T81: =ROUND(CU81*I81,2) -> 0 | U81: =SUMIF(SmtRes!AQ42:'SmtRes'!AQ47,"=1",SmtRes!CV42:'SmtRes'!CV47) -> 0.33 | V81: =SUMIF(SmtRes!AQ42:'SmtRes'!AQ47,"=1",SmtRes!CW42:'SmtRes'!CW47) -> 0 | W81: =ROUND(CX81*I81,2) -> 0 | X81: =ROUND(CY81,2) -> 147.62 | Y81: =ROUND(CZ81,2) -> 93.37 | AA81: 73938991 | AB81: =ROUND((AC81+AD81+AF81),6) -> 140.85012 | AC81: =ROUND((SUM(SmtRes!BQ42:'SmtRes'!BQ47)),6) -> 12.04842 | AD81: =ROUND((((SUM(SmtRes!BR42:'SmtRes'!BR47))-(0))+AE81),6) -> 2.6361 | AE81: =ROUND((0),6) -> 0 | AF81: =ROUND((SUM(SmtRes!BT42:'SmtRes'!BT47)),6) -> 126.1656 | AG81: =ROUND((AP81),6) -> 0 | AH81: =(SUM(SmtRes!BU42:'SmtRes'!BU47)) -> 0.33 | AI81: =(0) -> 0 | AJ81: =(AS81) -> 0 | AK81: 140.85012 | AL81: 12.04842 | AM81: 2.6361 | AN81: 0 | AO81: 126.1656 | AP81: 0 | AQ81: 0.33 | AR81: 0 | AS81: 0 | AT81: 117 | AU81: 74 | AV81: 1 | AW81: 1 | AZ81: 1 | BA81: 1 | BB81: 1 | BC81: 1 | BH81: 0 | BI81: 1 | BJ81: ГЭСН-2022, 24-02-005-02, приказ Минстроя России от 18.05.2022 г. № 378/пр | BM81: 24001 | BN81: 0 | BP81: 0 | BQ81: 2 | BR81: 0 | BS81: 1 | BT81: 1 | BU81: 1 | BV81: 1 | BW81: 1 | BX81: 1 | BZ81: 117 | CA81: 74 | CE81: 0 | CF81: 0 | CG81: 0 | CM81: 0 | CO81: 0 | CP81: =(P81+Q81+S81+R81) -> 150.27 | CQ81: =SUMIF(SmtRes!AQ42:'SmtRes'!AQ47,"=1",SmtRes!AA42:'SmtRes'!AA47) -> 1094.1 | CR81: =SUMIF(SmtRes!AQ42:'SmtRes'!AQ47,"=1",SmtRes!AB42:'SmtRes'!AB47) -> 18.15 | CS81: =SUMIF(SmtRes!AQ42:'SmtRes'!AQ47,"=1",SmtRes!AC42:'SmtRes'!AC47) -> 0 | CT81: =SUMIF(SmtRes!AQ42:'SmtRes'!AQ47,"=1",SmtRes!AD42:'SmtRes'!AD47) -> 382.32 | CU81: =AG81 -> 0 | CV81: =SUMIF(SmtRes!AQ42:'SmtRes'!AQ47,"=1",SmtRes!BU42:'SmtRes'!BU47) -> 0.33 | CW81: =SUMIF(SmtRes!AQ42:'SmtRes'!AQ47,"=1",SmtRes!BV42:'SmtRes'!BV47) -> 0 | CX81: =AJ81 -> 0 | CY81: =(((S81+R81)*AT81)/100) -> 147.6189 | CZ81: =(((S81+R81)*AU81)/100) -> 93.3658 | DN81: 0 | DO81: 0 | DP81: 1 | DQ81: 1 | DU81: 1013 | DV81: ШТ | DW81: ШТ | DX81: 1 | EE81: 72340632 | EF81: 2 | EG81: Общестроительные работы | EH81: 18 | EI81: Наружные сети водопровода, канализации, теплоснабжения, газопроводы | EJ81: 1 | EK81: 24001 | EL81: Наружные сети водопровода, канализации, теплоснабжения, газопроводы | EM81: ФЕР-24 | EQ81: 0 | ER81: 0 | ES81: 0 | ET81: 0 | EU81: 0 | EV81: 0 | EW81: 0.33 | EX81: 0 | EY81: 0 | FQ81: 0 | FR81: 0 | FS81: 0 | FX81: 117 | FY81: 74 | GD81: 1 | GF81: -585343566 | GG81: 2 | GH81: 1 | GI81: -2 | GJ81: 0 | GK81: 0 | GL81: =ROUND(IF(AND(BH81=3,BI81=3,FS81<>0),P81,0),2) -> 0 | GM81: =ROUND(O81+X81+Y81,2)+GX81 -> 391.26 | GN81: =IF(OR(BI81=0,BI81=1),GM81-GX81,0) -> 391.26 | GO81: =IF(BI81=2,GM81-GX81,0) -> 0 | GP81: =IF(BI81=4,GM81-GX81,0) -> 0 | GR81: 0 | GS81: 3 | GT81: 0 | GV81: =ROUND((GT81),6) -> 0 | GW81: 1 | GX81: =ROUND(HC81*I81,2) -> 0 | HA81: 0 | HB81: 0 | HC81: =GV81*GW81 -> 0 | HN81: Пр/812-018.0-1 | HO81: Пр/774-018.0 | HP81: Наружные сети водопровода, канализации, теплоснабжения, газопроводы | HQ81: Наружные сети водопровода, канализации, теплоснабжения, газопроводы | HS81: 0 | IK81: 0
A82: 18 | B82: 1 | C82: 47 | E82: 15,1 | F82: 24.3.05.08 | G82: Отводы полимерные с закладными электронагревателями | H82: ШТ | I82: =I81*J82 -> 1 | J82: 1 | K82: 1 | O82: =ROUND(CP82,2) -> 0 | P82: =ROUND(CQ82*I82,2) -> 0 | Q82: =ROUND(CR82*I82,2) -> 0 | R82: =ROUND(CS82*I82,2) -> 0 | S82: =ROUND(CT82*I82,2) -> 0 | T82: =ROUND(CU82*I82,2) -> 0 | U82: =ROUND(CV82*I82,7) -> 0 | V82: =ROUND(CW82*I82,7) -> 0 | W82: =ROUND(CX82*I82,2) -> 0 | X82: =ROUND(CY82,2) -> 0 | Y82: =ROUND(CZ82,2) -> 0 | AA82: 73938991 | AB82: =ROUND((AC82+AD82+AF82),6) -> 0 | AC82: =ROUND((ES82),6) -> 0 | AD82: =ROUND((((ET82)-(EU82))+AE82),6) -> 0 | AE82: =ROUND((EU82),6) -> 0 | AF82: =ROUND((EV82),6) -> 0 | AG82: =ROUND((AP82),6) -> 0 | AH82: =(EW82) -> 0 | AI82: =(EX82) -> 0 | AJ82: =(AS82) -> 0 | AK82: 0 | AL82: 0 | AM82: 0 | AN82: 0 | AO82: 0 | AP82: 0 | AQ82: 0 | AR82: 0 | AS82: 0 | AT82: 117 | AU82: 74 | AV82: 1 | AW82: 1 | AZ82: 1 | BA82: 1 | BB82: 1 | BC82: 1 | BH82: 3 | BI82: 1 | BM82: 24001 | BN82: 0 | BP82: 0 | BQ82: 2 | BR82: 0 | BS82: 1 | BT82: 1 | BU82: 1 | BV82: 1 | BW82: 1 | BX82: 1 | BZ82: 117 | CA82: 74 | CE82: 0 | CF82: 0 | CG82: 0 | CM82: 0 | CO82: 0 | CP82: =(P82+Q82+S82+R82) -> 0 | CQ82: =ROUND(AL82*BC82,2) -> 0 | CR82: =ROUND(AM82*BB82,2) -> 0 | CS82: =ROUND(AN82*BS82,2) -> 0 | CT82: =ROUND(AO82*BA82,2) -> 0 | CU82: =AG82 -> 0 | CV82: =AH82 -> 0 | CW82: =AI82 -> 0 | CX82: =AJ82 -> 0 | CY82: =(((S82+R82)*AT82)/100) -> 0 | CZ82: =(((S82+R82)*AU82)/100) -> 0 | DN82: 0 | DO82: 0 | DP82: 1 | DQ82: 1 | DU82: 1013 | DV82: ШТ | DW82: ШТ | DX82: 1 | EE82: 72340632 | EF82: 2 | EG82: Общестроительные работы | EH82: 18 | EI82: Наружные сети водопровода, канализации, теплоснабжения, газопроводы | EJ82: 1 | EK82: 24001 | EL82: Наружные сети водопровода, канализации, теплоснабжения, газопроводы | EM82: ФЕР-24 | EQ82: 0 | ER82: 0 | ES82: 0 | ET82: 0 | EU82: 0 | EV82: 0 | EW82: 0 | EX82: 0 | FQ82: 0 | FR82: 0 | FS82: 0 | FX82: 117 | FY82: 74 | GD82: 1 | GF82: -70841237 | GG82: 2 | GH82: 1 | GI82: -2 | GJ82: 0 | GK82: 0 | GL82: =ROUND(IF(AND(BH82=3,BI82=3,FS82<>0),P82,0),2) -> 0 | GM82: =ROUND(O82+X82+Y82,2)+GX82 -> 0 | GN82: =IF(OR(BI82=0,BI82=1),GM82-GX82,0) -> 0 | GO82: =IF(BI82=2,GM82-GX82,0) -> 0 | GP82: =IF(BI82=4,GM82-GX82,0) -> 0 | GR82: 0 | GS82: 3 | GT82: 0 | GV82: =ROUND((GT82),6) -> 0 | GW82: 1 | GX82: =ROUND(HC82*I82,2) -> 0 | HA82: 0 | HB82: 0 | HC82: =GV82*GW82 -> 0 | HN82: Пр/812-018.0-1 | HO82: Пр/774-018.0 | HP82: Наружные сети водопровода, канализации, теплоснабжения, газопроводы | HQ82: Наружные сети водопровода, канализации, теплоснабжения, газопроводы | HS82: 0 | IK82: 0
A83: 17 | B83: 1 | E83: 16 | F83: 24.3.05.08-0223 | G83: Отвод 90° полиэтиленовый литой, электросварной, диаметр 63 мм | H83: ШТ | I83: 1 | J83: 0 | K83: 1 | O83: =ROUND(CP83,2) -> 999.81 | P83: =ROUND(CQ83*I83,2) -> 999.81 | Q83: =ROUND(CR83*I83,2) -> 0 | R83: =ROUND(CS83*I83,2) -> 0 | S83: =ROUND(CT83*I83,2) -> 0 | T83: =ROUND(CU83*I83,2) -> 0 | U83: =ROUND(CV83*I83,7) -> 0 | V83: =ROUND(CW83*I83,7) -> 0 | W83: =ROUND(CX83*I83,2) -> 0 | X83: =ROUND(CY83,2) -> 0 | Y83: =ROUND(CZ83,2) -> 0 | AA83: 73938991 | AB83: =ROUND((AC83+AD83+AF83),6) -> 1009.91 | AC83: =ROUND((ES83),6) -> 1009.91 | AD83: =ROUND((((ET83)-(EU83))+AE83),6) -> 0 | AE83: =ROUND((EU83),6) -> 0 | AF83: =ROUND((EV83),6) -> 0 | AG83: =ROUND((AP83),6) -> 0 | AH83: =(EW83) -> 0 | AI83: =(EX83) -> 0 | AJ83: =(AS83) -> 0 | AK83: 1009.91 | AL83: 1009.91 | AM83: 0 | AN83: 0 | AO83: 0 | AP83: 0 | AQ83: 0 | AR83: 0 | AS83: 0 | AT83: 0 | AU83: 0 | AV83: 1 | AW83: 1 | AZ83: 1 | BA83: 1 | BB83: 1 | BC83: 0.99 | BH83: 3 | BI83: 1 | BJ83: ФСБЦ-2022, 24.3.05.08-0223, приказ Минстроя России от 18.05.2022 г. № 378/пр | BM83: 500001 | BN83: 0 | BO83: 24.3.05.08-0223 | BP83: 1 | BQ83: 8 | BR83: 0 | BS83: 1 | BT83: 1 | BU83: 1 | BV83: 1 | BW83: 1 | BX83: 1 | BZ83: 0 | CA83: 0 | CE83: 0 | CF83: 0 | CG83: 0 | CM83: 0 | CO83: 0 | CP83: =(P83+Q83+S83+R83) -> 999.81 | CQ83: =ROUND(AL83*BC83,2) -> 999.81 | CR83: =ROUND(AM83*BB83,2) -> 0 | CS83: =ROUND(AN83*BS83,2) -> 0 | CT83: =ROUND(AO83*BA83,2) -> 0 | CU83: =AG83 -> 0 | CV83: =AH83 -> 0 | CW83: =AI83 -> 0 | CX83: =AJ83 -> 0 | CY83: =0 -> 0 | CZ83: =0 -> 0 | DN83: 0 | DO83: 0 | DP83: 1 | DQ83: 1 | DU83: 1013 | DV83: ШТ | DW83: ШТ | DX83: 1 | EE83: 72340530 | EF83: 8 | EG83: Материалы строительные | EH83: 0 | EJ83: 1 | EK83: 500001 | EL83: Материалы и конструкции ( строительные ) по ценникам и каталогом | EM83: ФССЦст | EQ83: 0 | ER83: 1009.91 | ES83: 1009.91 | ET83: 0 | EU83: 0 | EV83: 0 | EW83: 0 | EX83: 0 | EY83: 0 | FQ83: 0 | FR83: 0 | FS83: 0 | FX83: 0 | FY83: 0 | GD83: 1 | GF83: 1486426103 | GG83: 2 | GH83: 1 | GI83: 2 | GJ83: 0 | GK83: 0 | GL83: =ROUND(IF(AND(BH83=3,BI83=3,FS83<>0),P83,0),2) -> 0 | GM83: =ROUND(O83+X83+Y83,2)+GX83 -> 999.81 | GN83: =IF(OR(BI83=0,BI83=1),GM83-GX83,0) -> 999.81 | GO83: =IF(BI83=2,GM83-GX83,0) -> 0 | GP83: =IF(BI83=4,GM83-GX83,0) -> 0 | GR83: 0 | GS83: 3 | GT83: 0 | GV83: =ROUND((GT83),6) -> 0 | GW83: 1 | GX83: =ROUND(HC83*I83,2) -> 0 | HA83: 0 | HB83: 0 | HC83: =GV83*GW83 -> 0 | HS83: 0 | IK83: 0
A84: 17 | B84: 1 | C84: =ROW(SmtRes!A51) -> 51 | D84: =ROW(EtalonRes!A52) -> 52 | E84: 17 | F84: 24-02-007-01 | G84: Установка седловых отводов полиэтиленовых с закладными нагревателями на газопроводе из полиэтиленовых труб диаметром: до 63 мм | H84: соединение | I84: 0 | J84: 0 | K84: 0 | O84: =ROUND(CP84,2) -> 0 | P84: =SUMIF(SmtRes!AQ48:'SmtRes'!AQ51,"=1",SmtRes!DF48:'SmtRes'!DF51) -> 0 | Q84: =SUMIF(SmtRes!AQ48:'SmtRes'!AQ51,"=1",SmtRes!DG48:'SmtRes'!DG51) -> 0 | R84: =SUMIF(SmtRes!AQ48:'SmtRes'!AQ51,"=1",SmtRes!DH48:'SmtRes'!DH51) -> 0 | S84: =SUMIF(SmtRes!AQ48:'SmtRes'!AQ51,"=1",SmtRes!DI48:'SmtRes'!DI51) -> 0 | T84: =ROUND(CU84*I84,2) -> 0 | U84: =SUMIF(SmtRes!AQ48:'SmtRes'!AQ51,"=1",SmtRes!CV48:'SmtRes'!CV51) -> 0 | V84: =SUMIF(SmtRes!AQ48:'SmtRes'!AQ51,"=1",SmtRes!CW48:'SmtRes'!CW51) -> 0 | W84: =ROUND(CX84*I84,2) -> 0 | X84: =ROUND(CY84,2) -> 0 | Y84: =ROUND(CZ84,2) -> 0 | AA84: 73938991 | AB84: =ROUND((AC84+AD84+AF84),6) -> 439.1944 | AC84: =ROUND((SUM(SmtRes!BQ48:'SmtRes'!BQ51)),6) -> 23.8724 | AD84: =ROUND((((SUM(SmtRes!BR48:'SmtRes'!BR51))-(0))+AE84),6) -> 2.4164 | AE84: =ROUND((0),6) -> 0 | AF84: =ROUND((SUM(SmtRes!BT48:'SmtRes'!BT51)),6) -> 412.9056 | AG84: =ROUND((AP84),6) -> 0 | AH84: =(SUM(SmtRes!BU48:'SmtRes'!BU51)) -> 0.96 | AI84: =(0) -> 0 | AJ84: =(AS84) -> 0 | AK84: 439.1944 | AL84: 23.8724 | AM84: 2.4164 | AN84: 0 | AO84: 412.9056 | AP84: 0 | AQ84: 0.96 | AR84: 0 | AS84: 0 | AT84: 117 | AU84: 74 | AV84: 1 | AW84: 1 | AZ84: 1 | BA84: 1 | BB84: 1 | BC84: 1 | BH84: 0 | BI84: 1 | BJ84: ГЭСН-2022, 24-02-007-01, приказ Минстроя России от 18.05.2022 г. № 378/пр | BM84: 24001 | BN84: 0 | BP84: 0 | BQ84: 2 | BR84: 0 | BS84: 1 | BT84: 1 | BU84: 1 | BV84: 1 | BW84: 1 | BX84: 1 | BZ84: 117 | CA84: 74 | CE84: 0 | CF84: 0 | CG84: 0 | CM84: 0 | CO84: 0 | CP84: =(P84+Q84+S84+R84) -> 0 | CQ84: =SUMIF(SmtRes!AQ48:'SmtRes'!AQ51,"=1",SmtRes!AA48:'SmtRes'!AA51) -> 1002.64 | CR84: =SUMIF(SmtRes!AQ48:'SmtRes'!AQ51,"=1",SmtRes!AB48:'SmtRes'!AB51) -> 13.81 | CS84: =SUMIF(SmtRes!AQ48:'SmtRes'!AQ51,"=1",SmtRes!AC48:'SmtRes'!AC51) -> 0 | CT84: =SUMIF(SmtRes!AQ48:'SmtRes'!AQ51,"=1",SmtRes!AD48:'SmtRes'!AD51) -> 430.11 | CU84: =AG84 -> 0 | CV84: =SUMIF(SmtRes!AQ48:'SmtRes'!AQ51,"=1",SmtRes!BU48:'SmtRes'!BU51) -> 0.96 | CW84: =SUMIF(SmtRes!AQ48:'SmtRes'!AQ51,"=1",SmtRes!BV48:'SmtRes'!BV51) -> 0 | CX84: =AJ84 -> 0 | CY84: =(((S84+R84)*AT84)/100) -> 0 | CZ84: =(((S84+R84)*AU84)/100) -> 0 | DN84: 0 | DO84: 0 | DP84: 1 | DQ84: 1 | DU84: 1013 | DV84: соединение | DW84: соединение | DX84: 1 | EE84: 72340632 | EF84: 2 | EG84: Общестроительные работы | EH84: 18 | EI84: Наружные сети водопровода, канализации, теплоснабжения, газопроводы | EJ84: 1 | EK84: 24001 | EL84: Наружные сети водопровода, канализации, теплоснабжения, газопроводы | EM84: ФЕР-24 | EQ84: 0 | ER84: 0 | ES84: 0 | ET84: 0 | EU84: 0 | EV84: 0 | EW84: 0.96 | EX84: 0 | EY84: 0 | FQ84: 0 | FR84: 0 | FS84: 0 | FX84: 117 | FY84: 74 | GD84: 1 | GF84: 910638984 | GG84: 2 | GH84: 1 | GI84: -2 | GJ84: 0 | GK84: 0 | GL84: =ROUND(IF(AND(BH84=3,BI84=3,FS84<>0),P84,0),2) -> 0 | GM84: =ROUND(O84+X84+Y84,2)+GX84 -> 0 | GN84: =IF(OR(BI84=0,BI84=1),GM84-GX84,0) -> 0 | GO84: =IF(BI84=2,GM84-GX84,0) -> 0 | GP84: =IF(BI84=4,GM84-GX84,0) -> 0 | GR84: 0 | GS84: 3 | GT84: 0 | GV84: =ROUND((GT84),6) -> 0 | GW84: 1 | GX84: =ROUND(HC84*I84,2) -> 0 | HA84: 0 | HB84: 0 | HC84: =GV84*GW84 -> 0 | HN84: Пр/812-018.0-1 | HO84: Пр/774-018.0 | HP84: Наружные сети водопровода, канализации, теплоснабжения, газопроводы | HQ84: Наружные сети водопровода, канализации, теплоснабжения, газопроводы | HS84: 0 | IK84: 0
A85: 18 | B85: 1 | C85: 51 | E85: 17,1 | F85: 24.3.05.13-0073 | G85: Седелка поворотная 360° электросварная с ответной нижней частью, ПЭ100, SDR11, диаметр 63х32 мм | H85: ШТ | I85: =I84*J85 -> 0 | J85: 1 | K85: 1 | O85: =ROUND(CP85,2) -> 0 | P85: =ROUND(CQ85*I85,2) -> 0 | Q85: =ROUND(CR85*I85,2) -> 0 | R85: =ROUND(CS85*I85,2) -> 0 | S85: =ROUND(CT85*I85,2) -> 0 | T85: =ROUND(CU85*I85,2) -> 0 | U85: =ROUND(CV85*I85,7) -> 0 | V85: =ROUND(CW85*I85,7) -> 0 | W85: =ROUND(CX85*I85,2) -> 0 | X85: =ROUND(CY85,2) -> 0 | Y85: =ROUND(CZ85,2) -> 0 | AA85: 73938991 | AB85: =ROUND((AC85+AD85+AF85),6) -> 1829.75 | AC85: =ROUND((ES85),6) -> 1829.75 | AD85: =ROUND((((ET85)-(EU85))+AE85),6) -> 0 | AE85: =ROUND((EU85),6) -> 0 | AF85: =ROUND((EV85),6) -> 0 | AG85: =ROUND((AP85),6) -> 0 | AH85: =(EW85) -> 0 | AI85: =(EX85) -> 0 | AJ85: =(AS85) -> 0 | AK85: 1829.75 | AL85: 1829.75 | AM85: 0 | AN85: 0 | AO85: 0 | AP85: 0 | AQ85: 0 | AR85: 0 | AS85: 0 | AT85: 117 | AU85: 74 | AV85: 1 | AW85: 1 | AZ85: 1 | BA85: 1 | BB85: 1 | BC85: 0.99 | BH85: 3 | BI85: 1 | BJ85: ФСБЦ-2022, 24.3.05.13-0073, приказ Минстроя России от 18.05.2022 г. № 378/пр | BM85: 24001 | BN85: 0 | BO85: 24.3.05.13-0073 | BP85: 1 | BQ85: 2 | BR85: 0 | BS85: 1 | BT85: 1 | BU85: 1 | BV85: 1 | BW85: 1 | BX85: 1 | BZ85: 117 | CA85: 74 | CE85: 0 | CF85: 0 | CG85: 0 | CM85: 0 | CO85: 0 | CP85: =(P85+Q85+S85+R85) -> 0 | CQ85: =ROUND(AL85*BC85,2) -> 1811.45 | CR85: =ROUND(AM85*BB85,2) -> 0 | CS85: =ROUND(AN85*BS85,2) -> 0 | CT85: =ROUND(AO85*BA85,2) -> 0 | CU85: =AG85 -> 0 | CV85: =AH85 -> 0 | CW85: =AI85 -> 0 | CX85: =AJ85 -> 0 | CY85: =(((S85+R85)*AT85)/100) -> 0 | CZ85: =(((S85+R85)*AU85)/100) -> 0 | DN85: 0 | DO85: 0 | DP85: 1 | DQ85: 1 | DU85: 1013 | DV85: ШТ | DW85: ШТ | DX85: 1 | EE85: 72340632 | EF85: 2 | EG85: Общестроительные работы | EH85: 18 | EI85: Наружные сети водопровода, канализации, теплоснабжения, газопроводы | EJ85: 1 | EK85: 24001 | EL85: Наружные сети водопровода, канализации, теплоснабжения, газопроводы | EM85: ФЕР-24 | EQ85: 0 | ER85: 1829.75 | ES85: 1829.75 | ET85: 0 | EU85: 0 | EV85: 0 | EW85: 0 | EX85: 0 | FQ85: 0 | FR85: 0 | FS85: 0 | FX85: 117 | FY85: 74 | GD85: 1 | GF85: 747666951 | GG85: 2 | GH85: 1 | GI85: 2 | GJ85: 0 | GK85: 0 | GL85: =ROUND(IF(AND(BH85=3,BI85=3,FS85<>0),P85,0),2) -> 0 | GM85: =ROUND(O85+X85+Y85,2)+GX85 -> 0 | GN85: =IF(OR(BI85=0,BI85=1),GM85-GX85,0) -> 0 | GO85: =IF(BI85=2,GM85-GX85,0) -> 0 | GP85: =IF(BI85=4,GM85-GX85,0) -> 0 | GR85: 0 | GS85: 3 | GT85: 0 | GV85: =ROUND((GT85),6) -> 0 | GW85: 1 | GX85: =ROUND(HC85*I85,2) -> 0 | HA85: 0 | HB85: 0 | HC85: =GV85*GW85 -> 0 | HN85: Пр/812-018.0-1 | HO85: Пр/774-018.0 | HP85: Наружные сети водопровода, канализации, теплоснабжения, газопроводы | HQ85: Наружные сети водопровода, канализации, теплоснабжения, газопроводы | HS85: 0 | IK85: 0
A86: 17 | B86: 1 | C86: =ROW(SmtRes!A61) -> 61 | D86: =ROW(EtalonRes!A68) -> 68 | E86: 18 | F86: 24-02-063-03 | G86: Устройство цокольного газового ввода на наружных сетях полиэтиленовых газопроводов с соединением "сталь-полиэтилен", диаметр газопровода: 63 мм | H86: 10 узлов | I86: =ROUND(1/10,7) -> 0.1 | J86: 0 | K86: =ROUND(1/10,7) -> 0.1 | O86: =ROUND(CP86,2) -> 2837.94 | P86: =SUMIF(SmtRes!AQ52:'SmtRes'!AQ61,"=1",SmtRes!DF52:'SmtRes'!DF61) -> 5.55 | Q86: =SUMIF(SmtRes!AQ52:'SmtRes'!AQ61,"=1",SmtRes!DG52:'SmtRes'!DG61) -> 30.65 | R86: =SUMIF(SmtRes!AQ52:'SmtRes'!AQ61,"=1",SmtRes!DH52:'SmtRes'!DH61) -> 3.6 | S86: =SUMIF(SmtRes!AQ52:'SmtRes'!AQ61,"=1",SmtRes!DI52:'SmtRes'!DI61) -> 2798.14 | T86: =ROUND(CU86*I86,2) -> 0 | U86: =SUMIF(SmtRes!AQ52:'SmtRes'!AQ61,"=1",SmtRes!CV52:'SmtRes'!CV61) -> 6.993 | V86: =SUMIF(SmtRes!AQ52:'SmtRes'!AQ61,"=1",SmtRes!CW52:'SmtRes'!CW61) -> 0.009 | W86: =ROUND(CX86*I86,2) -> 0 | X86: =ROUND(CY86,2) -> 3278.04 | Y86: =ROUND(CZ86,2) -> 2073.29 | AA86: 73938991 | AB86: =ROUND((AC86+AD86+AF86),6) -> 28301.575 | AC86: =ROUND((SUM(SmtRes!BQ52:'SmtRes'!BQ61)),6) -> 50.6927 | AD86: =ROUND((((SUM(SmtRes!BR52:'SmtRes'!BR61))-(SUM(SmtRes!BS52:'SmtRes'!BS61)))+AE86),6) -> 269.5665 | AE86: =ROUND((SUM(SmtRes!BS52:'SmtRes'!BS61)),6) -> 36.0216 | AF86: =ROUND((SUM(SmtRes!BT52:'SmtRes'!BT61)),6) -> 27981.316 | AG86: =ROUND((AP86),6) -> 0 | AH86: =(SUM(SmtRes!BU52:'SmtRes'!BU61)) -> 69.93 | AI86: =(SUM(SmtRes!BV52:'SmtRes'!BV61)) -> 0.09 | AJ86: =(AS86) -> 0 | AK86: 28337.597 | AL86: 50.6927 | AM86: 269.5665 | AN86: 36.0216 | AO86: 27981.316 | AP86: 0 | AQ86: 69.93 | AR86: 0.09 | AS86: 0 | AT86: 117 | AU86: 74 | AV86: 1 | AW86: 1 | AZ86: 1 | BA86: 1 | BB86: 1 | BC86: 1 | BH86: 0 | BI86: 1 | BJ86: ГЭСН-2022 доп.7, 24-02-063-03, приказ Минстроя России от 02.08.2023 г. № 551/пр | BM86: 24001 | BN86: 0 | BP86: 0 | BQ86: 2 | BR86: 0 | BS86: 1 | BT86: 1 | BU86: 1 | BV86: 1 | BW86: 1 | BX86: 1 | BZ86: 117 | CA86: 74 | CE86: 0 | CF86: 0 | CG86: 0 | CM86: 0 | CO86: 0 | CP86: =(P86+Q86+S86+R86) -> 2837.94 | CQ86: =SUMIF(SmtRes!AQ52:'SmtRes'!AQ61,"=1",SmtRes!AA52:'SmtRes'!AA61) -> 325.12 | CR86: =SUMIF(SmtRes!AQ52:'SmtRes'!AQ61,"=1",SmtRes!AB52:'SmtRes'!AB61) -> 717.97 | CS86: =SUMIF(SmtRes!AQ52:'SmtRes'!AQ61,"=1",SmtRes!AC52:'SmtRes'!AC61) -> 400.24 | CT86: =SUMIF(SmtRes!AQ52:'SmtRes'!AQ61,"=1",SmtRes!AD52:'SmtRes'!AD61) -> 725.81 | CU86: =AG86 -> 0 | CV86: =SUMIF(SmtRes!AQ52:'SmtRes'!AQ61,"=1",SmtRes!BU52:'SmtRes'!BU61) -> 69.93 | CW86: =SUMIF(SmtRes!AQ52:'SmtRes'!AQ61,"=1",SmtRes!BV52:'SmtRes'!BV61) -> 0.09 | CX86: =AJ86 -> 0 | CY86: =(((S86+R86)*AT86)/100) -> 3278.0358 | CZ86: =(((S86+R86)*AU86)/100) -> 2073.2876 | DN86: 0 | DO86: 0 | DP86: 1 | DQ86: 1 | DU86: 1013 | DV86: 10 узлов | DW86: 10 узлов | DX86: 1 | EE86: 72340632 | EF86: 2 | EG86: Общестроительные работы | EH86: 18 | EI86: Наружные сети водопровода, канализации, теплоснабжения, газопроводы | EJ86: 1 | EK86: 24001 | EL86: Наружные сети водопровода, канализации, теплоснабжения, газопроводы | EM86: ФЕР-24 | EQ86: 0 | ER86: 0 | ES86: 0 | ET86: 0 | EU86: 0 | EV86: 0 | EW86: 69.93 | EX86: 0.09 | EY86: 0 | FQ86: 0 | FR86: 0 | FS86: 0 | FX86: 117 | FY86: 74 | GD86: 1 | GF86: 2103600629 | GG86: 2 | GH86: 1 | GI86: -2 | GJ86: 0 | GK86: 0 | GL86: =ROUND(IF(AND(BH86=3,BI86=3,FS86<>0),P86,0),2) -> 0 | GM86: =ROUND(O86+X86+Y86,2)+GX86 -> 8189.27 | GN86: =IF(OR(BI86=0,BI86=1),GM86-GX86,0) -> 8189.27 | GO86: =IF(BI86=2,GM86-GX86,0) -> 0 | GP86: =IF(BI86=4,GM86-GX86,0) -> 0 | GR86: 0 | GS86: 3 | GT86: 0 | GV86: =ROUND((GT86),6) -> 0 | GW86: 1 | GX86: =ROUND(HC86*I86,2) -> 0 | HA86: 0 | HB86: 0 | HC86: =GV86*GW86 -> 0 | HN86: Пр/812-018.0-1 | HO86: Пр/774-018.0 | HP86: Наружные сети водопровода, канализации, теплоснабжения, газопроводы | HQ86: Наружные сети водопровода, канализации, теплоснабжения, газопроводы | HS86: 0 | IK86: 0
A87: 17 | B87: 1 | E87: 19 | F87: 18.4.01.09-0116 | G87: Ввод цокольный полиэтилен-сталь Г-образный для полиэтиленового газопровода низкого, среднего и высокого давления, ПЭ100, SDR 11, со стальным футляром и защитным ленточно-полимерным покрытием, диаметр полиэтиленового патрубка 63 мм, диаметр стального патрубка 57 мм, габаритные размеры 2000х1500 мм | H87: ШТ | I87: 1 | J87: 0 | K87: 1 | O87: =ROUND(CP87,2) -> 7636.51 | P87: =ROUND(CQ87*I87,2) -> 7636.51 | Q87: =ROUND(CR87*I87,2) -> 0 | R87: =ROUND(CS87*I87,2) -> 0 | S87: =ROUND(CT87*I87,2) -> 0 | T87: =ROUND(CU87*I87,2) -> 0 | U87: =ROUND(CV87*I87,7) -> 0 | V87: =ROUND(CW87*I87,7) -> 0 | W87: =ROUND(CX87*I87,2) -> 0 | X87: =ROUND(CY87,2) -> 0 | Y87: =ROUND(CZ87,2) -> 0 | AA87: 73938991 | AB87: =ROUND((AC87+AD87+AF87),6) -> 7414.09 | AC87: =ROUND((ES87),6) -> 7414.09 | AD87: =ROUND((((ET87)-(EU87))+AE87),6) -> 0 | AE87: =ROUND((EU87),6) -> 0 | AF87: =ROUND((EV87),6) -> 0 | AG87: =ROUND((AP87),6) -> 0 | AH87: =(EW87) -> 0 | AI87: =(EX87) -> 0 | AJ87: =(AS87) -> 0 | AK87: 7414.09 | AL87: 7414.09 | AM87: 0 | AN87: 0 | AO87: 0 | AP87: 0 | AQ87: 0 | AR87: 0 | AS87: 0 | AT87: 0 | AU87: 0 | AV87: 1 | AW87: 1 | AZ87: 1 | BA87: 1 | BB87: 1 | BC87: 1.03 | BH87: 3 | BI87: 1 | BJ87: ФСБЦ-2022 доп.17, 18.4.01.09-0116, приказ Минстроя России от 17.02.2026 г. № 91/пр | BM87: 500001 | BN87: 0 | BO87: 18.4.01.09-0116 | BP87: 1 | BQ87: 8 | BR87: 0 | BS87: 1 | BT87: 1 | BU87: 1 | BV87: 1 | BW87: 1 | BX87: 1 | BZ87: 0 | CA87: 0 | CE87: 0 | CF87: 0 | CG87: 0 | CM87: 0 | CO87: 0 | CP87: =(P87+Q87+S87+R87) -> 7636.51 | CQ87: =ROUND(AL87*BC87,2) -> 7636.51 | CR87: =ROUND(AM87*BB87,2) -> 0 | CS87: =ROUND(AN87*BS87,2) -> 0 | CT87: =ROUND(AO87*BA87,2) -> 0 | CU87: =AG87 -> 0 | CV87: =AH87 -> 0 | CW87: =AI87 -> 0 | CX87: =AJ87 -> 0 | CY87: =0 -> 0 | CZ87: =0 -> 0 | DN87: 0 | DO87: 0 | DP87: 1 | DQ87: 1 | DU87: 1013 | DV87: ШТ | DW87: ШТ | DX87: 1 | EE87: 72340530 | EF87: 8 | EG87: Материалы строительные | EH87: 0 | EJ87: 1 | EK87: 500001 | EL87: Материалы и конструкции ( строительные ) по ценникам и каталогом | EM87: ФССЦст | EQ87: 0 | ER87: 7414.09 | ES87: 7414.09 | ET87: 0 | EU87: 0 | EV87: 0 | EW87: 0 | EX87: 0 | EY87: 0 | FQ87: 0 | FR87: 0 | FS87: 0 | FX87: 0 | FY87: 0 | GD87: 1 | GF87: 521127076 | GG87: 2 | GH87: 1 | GI87: 2 | GJ87: 0 | GK87: 0 | GL87: =ROUND(IF(AND(BH87=3,BI87=3,FS87<>0),P87,0),2) -> 0 | GM87: =ROUND(O87+X87+Y87,2)+GX87 -> 7636.51 | GN87: =IF(OR(BI87=0,BI87=1),GM87-GX87,0) -> 7636.51 | GO87: =IF(BI87=2,GM87-GX87,0) -> 0 | GP87: =IF(BI87=4,GM87-GX87,0) -> 0 | GR87: 0 | GS87: 3 | GT87: 0 | GV87: =ROUND((GT87),6) -> 0 | GW87: 1 | GX87: =ROUND(HC87*I87,2) -> 0 | HA87: 0 | HB87: 0 | HC87: =GV87*GW87 -> 0 | HS87: 0 | IK87: 0
A88: 17 | B88: 1 | C88: =ROW(SmtRes!A77) -> 77 | D88: =ROW(EtalonRes!A85) -> 85 | E88: 20 | F88: 24-02-051-01 | G88: Монтаж крана стального фланцевого для надземной установки на стальных газопроводах диаметром: 50 мм | H88: ШТ | I88: 1 | J88: 0 | K88: 1 | O88: =ROUND(CP88,2) -> 4393.74 | P88: =SUMIF(SmtRes!AQ62:'SmtRes'!AQ77,"=1",SmtRes!DF62:'SmtRes'!DF77) -> 1591.92 | Q88: =SUMIF(SmtRes!AQ62:'SmtRes'!AQ77,"=1",SmtRes!DG62:'SmtRes'!DG77) -> 203.84 | R88: =SUMIF(SmtRes!AQ62:'SmtRes'!AQ77,"=1",SmtRes!DH62:'SmtRes'!DH77) -> 56.03 | S88: =SUMIF(SmtRes!AQ62:'SmtRes'!AQ77,"=1",SmtRes!DI62:'SmtRes'!DI77) -> 2541.95 | T88: =ROUND(CU88*I88,2) -> 0 | U88: =SUMIF(SmtRes!AQ62:'SmtRes'!AQ77,"=1",SmtRes!CV62:'SmtRes'!CV77) -> 5.91 | V88: =SUMIF(SmtRes!AQ62:'SmtRes'!AQ77,"=1",SmtRes!CW62:'SmtRes'!CW77) -> 0.14 | W88: =ROUND(CX88*I88,2) -> 0 | X88: =ROUND(CY88,2) -> 3039.64 | Y88: =ROUND(CZ88,2) -> 1922.51 | AA88: 73938991 | AB88: =ROUND((AC88+AD88+AF88),6) -> 4295.2856 | AC88: =ROUND((SUM(SmtRes!BQ62:'SmtRes'!BQ77)),6) -> 1550.541 | AD88: =ROUND((((SUM(SmtRes!BR62:'SmtRes'!BR77))-(SUM(SmtRes!BS62:'SmtRes'!BS77)))+AE88),6) -> 202.7945 | AE88: =ROUND((SUM(SmtRes!BS62:'SmtRes'!BS77)),6) -> 56.0336 | AF88: =ROUND((SUM(SmtRes!BT62:'SmtRes'!BT77)),6) -> 2541.9501 | AG88: =ROUND((AP88),6) -> 0 | AH88: =(SUM(SmtRes!BU62:'SmtRes'!BU77)) -> 5.91 | AI88: =(SUM(SmtRes!BV62:'SmtRes'!BV77)) -> 0.14 | AJ88: =(AS88) -> 0 | AK88: 4351.3192 | AL88: 1550.541 | AM88: 202.7945 | AN88: 56.0336 | AO88: 2541.9501 | AP88: 0 | AQ88: 5.91 | AR88: 0.14 | AS88: 0 | AT88: 117 | AU88: 74 | AV88: 1 | AW88: 1 | AZ88: 1 | BA88: 1 | BB88: 1 | BC88: 1 | BH88: 0 | BI88: 1 | BJ88: ГЭСН-2022 доп.12, 24-02-051-01, приказ Минстроя России от 07.11.2024 г. № 747/пр | BM88: 24001 | BN88: 0 | BP88: 0 | BQ88: 2 | BR88: 0 | BS88: 1 | BT88: 1 | BU88: 1 | BV88: 1 | BW88: 1 | BX88: 1 | BZ88: 117 | CA88: 74 | CE88: 0 | CF88: 0 | CG88: 0 | CM88: 0 | CO88: 0 | CP88: =(P88+Q88+S88+R88) -> 4393.74 | CQ88: =SUMIF(SmtRes!AQ62:'SmtRes'!AQ77,"=1",SmtRes!AA62:'SmtRes'!AA77) -> 725440.17 | CR88: =SUMIF(SmtRes!AQ62:'SmtRes'!AQ77,"=1",SmtRes!AB62:'SmtRes'!AB77) -> 705.48 | CS88: =SUMIF(SmtRes!AQ62:'SmtRes'!AQ77,"=1",SmtRes!AC62:'SmtRes'!AC77) -> 400.24 | CT88: =SUMIF(SmtRes!AQ62:'SmtRes'!AQ77,"=1",SmtRes!AD62:'SmtRes'!AD77) -> 430.11 | CU88: =AG88 -> 0 | CV88: =SUMIF(SmtRes!AQ62:'SmtRes'!AQ77,"=1",SmtRes!BU62:'SmtRes'!BU77) -> 5.91 | CW88: =SUMIF(SmtRes!AQ62:'SmtRes'!AQ77,"=1",SmtRes!BV62:'SmtRes'!BV77) -> 0.14 | CX88: =AJ88 -> 0 | CY88: =(((S88+R88)*AT88)/100) -> 3039.6366 | CZ88: =(((S88+R88)*AU88)/100) -> 1922.5052 | DN88: 0 | DO88: 0 | DP88: 1 | DQ88: 1 | DU88: 1013 | DV88: ШТ | DW88: ШТ | DX88: 1 | EE88: 72340632 | EF88: 2 | EG88: Общестроительные работы | EH88: 18 | EI88: Наружные сети водопровода, канализации, теплоснабжения, газопроводы | EJ88: 1 | EK88: 24001 | EL88: Наружные сети водопровода, канализации, теплоснабжения, газопроводы | EM88: ФЕР-24 | EQ88: 0 | ER88: 0 | ES88: 0 | ET88: 0 | EU88: 0 | EV88: 0 | EW88: 5.91 | EX88: 0.14 | EY88: 0 | FQ88: 0 | FR88: 0 | FS88: 0 | FX88: 117 | FY88: 74 | GD88: 1 | GF88: -256154684 | GG88: 2 | GH88: 1 | GI88: -2 | GJ88: 0 | GK88: 0 | GL88: =ROUND(IF(AND(BH88=3,BI88=3,FS88<>0),P88,0),2) -> 0 | GM88: =ROUND(O88+X88+Y88,2)+GX88 -> 9355.89 | GN88: =IF(OR(BI88=0,BI88=1),GM88-GX88,0) -> 9355.89 | GO88: =IF(BI88=2,GM88-GX88,0) -> 0 | GP88: =IF(BI88=4,GM88-GX88,0) -> 0 | GR88: 0 | GS88: 3 | GT88: 0 | GV88: =ROUND((GT88),6) -> 0 | GW88: 1 | GX88: =ROUND(HC88*I88,2) -> 0 | HA88: 0 | HB88: 0 | HC88: =GV88*GW88 -> 0 | HN88: Пр/812-018.0-1 | HO88: Пр/774-018.0 | HP88: Наружные сети водопровода, канализации, теплоснабжения, газопроводы | HQ88: Наружные сети водопровода, канализации, теплоснабжения, газопроводы | HS88: 0 | IK88: 0
A89: 17 | B89: 1 | E89: 21 | F89: 18.1.09.04-0001 | G89: Кран шаровой газовый стальной, присоединение к трубопроводу фланцевое, с комплектом ответных фланцев, прокладками и крепежом, номинальное давление 1,6 МПа, номинальный диаметр 50 мм | H89: ШТ | I89: 1 | J89: 0 | K89: 1 | O89: =ROUND(CP89,2) -> 10322.4 | P89: =ROUND(CQ89*I89,2) -> 10322.4 | Q89: =ROUND(CR89*I89,2) -> 0 | R89: =ROUND(CS89*I89,2) -> 0 | S89: =ROUND(CT89*I89,2) -> 0 | T89: =ROUND(CU89*I89,2) -> 0 | U89: =ROUND(CV89*I89,7) -> 0 | V89: =ROUND(CW89*I89,7) -> 0 | W89: =ROUND(CX89*I89,2) -> 0 | X89: =ROUND(CY89,2) -> 0 | Y89: =ROUND(CZ89,2) -> 0 | AA89: 73938991 | AB89: =ROUND((AC89+AD89+AF89),6) -> 8460.98 | AC89: =ROUND((ES89),6) -> 8460.98 | AD89: =ROUND((((ET89)-(EU89))+AE89),6) -> 0 | AE89: =ROUND((EU89),6) -> 0 | AF89: =ROUND((EV89),6) -> 0 | AG89: =ROUND((AP89),6) -> 0 | AH89: =(EW89) -> 0 | AI89: =(EX89) -> 0 | AJ89: =(AS89) -> 0 | AK89: 8460.98 | AL89: 8460.98 | AM89: 0 | AN89: 0 | AO89: 0 | AP89: 0 | AQ89: 0 | AR89: 0 | AS89: 0 | AT89: 0 | AU89: 0 | AV89: 1 | AW89: 1 | AZ89: 1 | BA89: 1 | BB89: 1 | BC89: 1.22 | BH89: 3 | BI89: 1 | BJ89: ФСБЦ-2022 доп.3, 18.1.09.04-0001, приказ Минстроя России от 26.10.2022 г. № 905/пр | BM89: 500001 | BN89: 0 | BO89: 18.1.09.04-0001 | BP89: 1 | BQ89: 8 | BR89: 0 | BS89: 1 | BT89: 1 | BU89: 1 | BV89: 1 | BW89: 1 | BX89: 1 | BZ89: 0 | CA89: 0 | CE89: 0 | CF89: 0 | CG89: 0 | CM89: 0 | CO89: 0 | CP89: =(P89+Q89+S89+R89) -> 10322.4 | CQ89: =ROUND(AL89*BC89,2) -> 10322.4 | CR89: =ROUND(AM89*BB89,2) -> 0 | CS89: =ROUND(AN89*BS89,2) -> 0 | CT89: =ROUND(AO89*BA89,2) -> 0 | CU89: =AG89 -> 0 | CV89: =AH89 -> 0 | CW89: =AI89 -> 0 | CX89: =AJ89 -> 0 | CY89: =0 -> 0 | CZ89: =0 -> 0 | DN89: 0 | DO89: 0 | DP89: 1 | DQ89: 1 | DU89: 1013 | DV89: ШТ | DW89: ШТ | DX89: 1 | EE89: 72340530 | EF89: 8 | EG89: Материалы строительные | EH89: 0 | EJ89: 1 | EK89: 500001 | EL89: Материалы и конструкции ( строительные ) по ценникам и каталогом | EM89: ФССЦст | EQ89: 0 | ER89: 8460.98 | ES89: 8460.98 | ET89: 0 | EU89: 0 | EV89: 0 | EW89: 0 | EX89: 0 | EY89: 0 | FQ89: 0 | FR89: 0 | FS89: 0 | FX89: 0 | FY89: 0 | GD89: 1 | GF89: -1359572944 | GG89: 2 | GH89: 1 | GI89: 2 | GJ89: 0 | GK89: 0 | GL89: =ROUND(IF(AND(BH89=3,BI89=3,FS89<>0),P89,0),2) -> 0 | GM89: =ROUND(O89+X89+Y89,2)+GX89 -> 10322.4 | GN89: =IF(OR(BI89=0,BI89=1),GM89-GX89,0) -> 10322.4 | GO89: =IF(BI89=2,GM89-GX89,0) -> 0 | GP89: =IF(BI89=4,GM89-GX89,0) -> 0 | GR89: 0 | GS89: 3 | GT89: 0 | GV89: =ROUND((GT89),6) -> 0 | GW89: 1 | GX89: =ROUND(HC89*I89,2) -> 0 | HA89: 0 | HB89: 0 | HC89: =GV89*GW89 -> 0 | HS89: 0 | IK89: 0
A90: 17 | B90: 1 | C90: =ROW(SmtRes!A81) -> 81 | D90: =ROW(EtalonRes!A90) -> 90 | E90: 22 | F90: 22-03-014-01 | G90: Изолирующее соединение приварное диаметром: 50 мм | H90: ШТ | I90: 1 | J90: 0 | K90: 1 | O90: =ROUND(CP90,2) -> 512.59 | P90: =SUMIF(SmtRes!AQ78:'SmtRes'!AQ81,"=1",SmtRes!DF78:'SmtRes'!DF81) -> 13.19 | Q90: =SUMIF(SmtRes!AQ78:'SmtRes'!AQ81,"=1",SmtRes!DG78:'SmtRes'!DG81) -> 269.41 | R90: =SUMIF(SmtRes!AQ78:'SmtRes'!AQ81,"=1",SmtRes!DH78:'SmtRes'!DH81) -> 82.8 | S90: =SUMIF(SmtRes!AQ78:'SmtRes'!AQ81,"=1",SmtRes!DI78:'SmtRes'!DI81) -> 147.19 | T90: =ROUND(CU90*I90,2) -> 0 | U90: =SUMIF(SmtRes!AQ78:'SmtRes'!AQ81,"=1",SmtRes!CV78:'SmtRes'!CV81) -> 0.32 | V90: =SUMIF(SmtRes!AQ78:'SmtRes'!AQ81,"=1",SmtRes!CW78:'SmtRes'!CW81) -> 0.18 | W90: =ROUND(CX90*I90,2) -> 0 | X90: =ROUND(CY90,2) -> 269.09 | Y90: =ROUND(CZ90,2) -> 170.19 | AA90: 73938991 | AB90: =ROUND((AC90+AD90+AF90),6) -> 352.813 | AC90: =ROUND((SUM(SmtRes!BQ78:'SmtRes'!BQ81)),6) -> 13.185 | AD90: =ROUND((((SUM(SmtRes!BR78:'SmtRes'!BR81))-(SUM(SmtRes!BS78:'SmtRes'!BS81)))+AE90),6) -> 192.4344 | AE90: =ROUND((SUM(SmtRes!BS78:'SmtRes'!BS81)),6) -> 82.7964 | AF90: =ROUND((SUM(SmtRes!BT78:'SmtRes'!BT81)),6) -> 147.1936 | AG90: =ROUND((AP90),6) -> 0 | AH90: =(SUM(SmtRes!BU78:'SmtRes'!BU81)) -> 0.32 | AI90: =(SUM(SmtRes!BV78:'SmtRes'!BV81)) -> 0.18 | AJ90: =(AS90) -> 0 | AK90: 435.6094 | AL90: 13.185 | AM90: 192.4344 | AN90: 82.7964 | AO90: 147.1936 | AP90: 0 | AQ90: 0.32 | AR90: 0.18 | AS90: 0 | AT90: 117 | AU90: 74 | AV90: 1 | AW90: 1 | AZ90: 1 | BA90: 1 | BB90: 1 | BC90: 1 | BH90: 0 | BI90: 1 | BJ90: ГЭСН-2022, 22-03-014-01, приказ Минстроя России от 18.05.2022 г. № 378/пр | BM90: 22001 | BN90: 0 | BP90: 0 | BQ90: 2 | BR90: 0 | BS90: 1 | BT90: 1 | BU90: 1 | BV90: 1 | BW90: 1 | BX90: 1 | BZ90: 117 | CA90: 74 | CE90: 0 | CF90: 0 | CG90: 0 | CM90: 0 | CO90: 0 | CP90: =(P90+Q90+S90+R90) -> 512.59 | CQ90: =SUMIF(SmtRes!AQ78:'SmtRes'!AQ81,"=1",SmtRes!AA78:'SmtRes'!AA81) -> 131.85 | CR90: =SUMIF(SmtRes!AQ78:'SmtRes'!AQ81,"=1",SmtRes!AB78:'SmtRes'!AB81) -> 1496.71 | CS90: =SUMIF(SmtRes!AQ78:'SmtRes'!AQ81,"=1",SmtRes!AC78:'SmtRes'!AC81) -> 459.98 | CT90: =SUMIF(SmtRes!AQ78:'SmtRes'!AQ81,"=1",SmtRes!AD78:'SmtRes'!AD81) -> 459.98 | CU90: =AG90 -> 0 | CV90: =SUMIF(SmtRes!AQ78:'SmtRes'!AQ81,"=1",SmtRes!BU78:'SmtRes'!BU81) -> 0.32 | CW90: =SUMIF(SmtRes!AQ78:'SmtRes'!AQ81,"=1",SmtRes!BV78:'SmtRes'!BV81) -> 0.18 | CX90: =AJ90 -> 0 | CY90: =(((S90+R90)*AT90)/100) -> 269.0883 | CZ90: =(((S90+R90)*AU90)/100) -> 170.1926 | DN90: 0 | DO90: 0 | DP90: 1 | DQ90: 1 | DU90: 1013 | DV90: ШТ | DW90: ШТ | DX90: 1 | EE90: 72340630 | EF90: 2 | EG90: Общестроительные работы | EH90: 18 | EI90: Наружные сети водопровода, канализации, теплоснабжения, газопроводы | EJ90: 1 | EK90: 22001 | EL90: Наружные сети водопровода, канализации, теплоснабжения, газопроводы | EM90: ФЕР-22 | EQ90: 0 | ER90: 0 | ES90: 0 | ET90: 0 | EU90: 0 | EV90: 0 | EW90: 0.32 | EX90: 0.18 | EY90: 0 | FQ90: 0 | FR90: 0 | FS90: 0 | FX90: 117 | FY90: 74 | GD90: 1 | GF90: 21539010 | GG90: 2 | GH90: 1 | GI90: -2 | GJ90: 0 | GK90: 0 | GL90: =ROUND(IF(AND(BH90=3,BI90=3,FS90<>0),P90,0),2) -> 0 | GM90: =ROUND(O90+X90+Y90,2)+GX90 -> 951.87 | GN90: =IF(OR(BI90=0,BI90=1),GM90-GX90,0) -> 951.87 | GO90: =IF(BI90=2,GM90-GX90,0) -> 0 | GP90: =IF(BI90=4,GM90-GX90,0) -> 0 | GR90: 0 | GS90: 3 | GT90: 0 | GV90: =ROUND((GT90),6) -> 0 | GW90: 1 | GX90: =ROUND(HC90*I90,2) -> 0 | HA90: 0 | HB90: 0 | HC90: =GV90*GW90 -> 0 | HN90: Пр/812-018.0-1 | HO90: Пр/774-018.0 | HP90: Наружные сети водопровода, канализации, теплоснабжения, газопроводы | HQ90: Наружные сети водопровода, канализации, теплоснабжения, газопроводы | HS90: 0 | IK90: 0
A91: 17 | B91: 1 | E91: 23 | F91: 23.8.03.07-0025 | G91: Соединение изолирующее неразъемное (вставка диэлектрическая) под приварку, номинальный диаметр трубы 50 мм | H91: ШТ | I91: 1 | J91: 0 | K91: 1 | O91: =ROUND(CP91,2) -> 3356.26 | P91: =ROUND(CQ91*I91,2) -> 3356.26 | Q91: =ROUND(CR91*I91,2) -> 0 | R91: =ROUND(CS91*I91,2) -> 0 | S91: =ROUND(CT91*I91,2) -> 0 | T91: =ROUND(CU91*I91,2) -> 0 | U91: =ROUND(CV91*I91,7) -> 0 | V91: =ROUND(CW91*I91,7) -> 0 | W91: =ROUND(CX91*I91,2) -> 0 | X91: =ROUND(CY91,2) -> 0 | Y91: =ROUND(CZ91,2) -> 0 | AA91: 73938991 | AB91: =ROUND((AC91+AD91+AF91),6) -> 3136.69 | AC91: =ROUND((ES91),6) -> 3136.69 | AD91: =ROUND((((ET91)-(EU91))+AE91),6) -> 0 | AE91: =ROUND((EU91),6) -> 0 | AF91: =ROUND((EV91),6) -> 0 | AG91: =ROUND((AP91),6) -> 0 | AH91: =(EW91) -> 0 | AI91: =(EX91) -> 0 | AJ91: =(AS91) -> 0 | AK91: 3136.69 | AL91: 3136.69 | AM91: 0 | AN91: 0 | AO91: 0 | AP91: 0 | AQ91: 0 | AR91: 0 | AS91: 0 | AT91: 0 | AU91: 0 | AV91: 1 | AW91: 1 | AZ91: 1 | BA91: 1 | BB91: 1 | BC91: 1.07 | BH91: 3 | BI91: 1 | BJ91: ФСБЦ-2022, 23.8.03.07-0025, приказ Минстроя России от 18.05.2022 г. № 378/пр | BM91: 500001 | BN91: 0 | BO91: 23.8.03.07-0025 | BP91: 1 | BQ91: 8 | BR91: 0 | BS91: 1 | BT91: 1 | BU91: 1 | BV91: 1 | BW91: 1 | BX91: 1 | BZ91: 0 | CA91: 0 | CE91: 0 | CF91: 0 | CG91: 0 | CM91: 0 | CO91: 0 | CP91: =(P91+Q91+S91+R91) -> 3356.26 | CQ91: =ROUND(AL91*BC91,2) -> 3356.26 | CR91: =ROUND(AM91*BB91,2) -> 0 | CS91: =ROUND(AN91*BS91,2) -> 0 | CT91: =ROUND(AO91*BA91,2) -> 0 | CU91: =AG91 -> 0 | CV91: =AH91 -> 0 | CW91: =AI91 -> 0 | CX91: =AJ91 -> 0 | CY91: =0 -> 0 | CZ91: =0 -> 0 | DN91: 0 | DO91: 0 | DP91: 1 | DQ91: 1 | DU91: 1013 | DV91: ШТ | DW91: ШТ | DX91: 1 | EE91: 72340530 | EF91: 8 | EG91: Материалы строительные | EH91: 0 | EJ91: 1 | EK91: 500001 | EL91: Материалы и конструкции ( строительные ) по ценникам и каталогом | EM91: ФССЦст | EQ91: 0 | ER91: 3136.69 | ES91: 3136.69 | ET91: 0 | EU91: 0 | EV91: 0 | EW91: 0 | EX91: 0 | EY91: 0 | FQ91: 0 | FR91: 0 | FS91: 0 | FX91: 0 | FY91: 0 | GD91: 1 | GF91: 770484041 | GG91: 2 | GH91: 1 | GI91: 2 | GJ91: 0 | GK91: 0 | GL91: =ROUND(IF(AND(BH91=3,BI91=3,FS91<>0),P91,0),2) -> 0 | GM91: =ROUND(O91+X91+Y91,2)+GX91 -> 3356.26 | GN91: =IF(OR(BI91=0,BI91=1),GM91-GX91,0) -> 3356.26 | GO91: =IF(BI91=2,GM91-GX91,0) -> 0 | GP91: =IF(BI91=4,GM91-GX91,0) -> 0 | GR91: 0 | GS91: 3 | GT91: 0 | GV91: =ROUND((GT91),6) -> 0 | GW91: 1 | GX91: =ROUND(HC91*I91,2) -> 0 | HA91: 0 | HB91: 0 | HC91: =GV91*GW91 -> 0 | HS91: 0 | IK91: 0
A92: 17 | B92: 1 | C92: =ROW(SmtRes!A89) -> 89 | D92: =ROW(EtalonRes!A101) -> 101 | E92: 24 | F92: 24-02-013-02 | G92: Установка перехода на газопроводе из полиэтиленовых труб с приваркой муфтами с закладными нагревателями, диаметр: 63/32 мм | H92: 100 ШТ | I92: =ROUND(1/100,7) -> 0.01 | J92: 0 | K92: =ROUND(1/100,7) -> 0.01 | O92: =ROUND(CP92,2) -> 628.05 | P92: =SUMIF(SmtRes!AQ82:'SmtRes'!AQ89,"=1",SmtRes!DF82:'SmtRes'!DF89) -> 0.6 | Q92: =SUMIF(SmtRes!AQ82:'SmtRes'!AQ89,"=1",SmtRes!DG82:'SmtRes'!DG89) -> 7.73 | R92: =SUMIF(SmtRes!AQ82:'SmtRes'!AQ89,"=1",SmtRes!DH82:'SmtRes'!DH89) -> 2.44 | S92: =SUMIF(SmtRes!AQ82:'SmtRes'!AQ89,"=1",SmtRes!DI82:'SmtRes'!DI89) -> 617.28 | T92: =ROUND(CU92*I92,2) -> 0 | U92: =SUMIF(SmtRes!AQ82:'SmtRes'!AQ89,"=1",SmtRes!CV82:'SmtRes'!CV89) -> 1.544 | V92: =SUMIF(SmtRes!AQ82:'SmtRes'!AQ89,"=1",SmtRes!CW82:'SmtRes'!CW89) -> 0.0061 | W92: =ROUND(CX92*I92,2) -> 0 | X92: =ROUND(CY92,2) -> 725.07 | Y92: =ROUND(CZ92,2) -> 458.59 | AA92: 73938991 | AB92: =ROUND((AC92+AD92+AF92),6) -> 62443.495 | AC92: =ROUND((SUM(SmtRes!BQ82:'SmtRes'!BQ89)),6) -> 35.911 | AD92: =ROUND((((SUM(SmtRes!BR82:'SmtRes'!BR89))-(SUM(SmtRes!BS82:'SmtRes'!BS89)))+AE92),6) -> 679.9715 | AE92: =ROUND((SUM(SmtRes!BS82:'SmtRes'!BS89)),6) -> 244.1464 | AF92: =ROUND((SUM(SmtRes!BT82:'SmtRes'!BT89)),6) -> 61727.613 | AG92: =ROUND((AP92),6) -> 0 | AH92: =(SUM(SmtRes!BU82:'SmtRes'!BU89)) -> 154.4 | AI92: =(SUM(SmtRes!BV82:'SmtRes'!BV89)) -> 0.61 | AJ92: =(AS92) -> 0 | AK92: 62687.642 | AL92: 35.911 | AM92: 679.9715 | AN92: 244.1464 | AO92: 61727.613 | AP92: 0 | AQ92: 154.4 | AR92: 0.61 | AS92: 0 | AT92: 117 | AU92: 74 | AV92: 1 | AW92: 1 | AZ92: 1 | BA92: 1 | BB92: 1 | BC92: 1 | BH92: 0 | BI92: 1 | BJ92: ГЭСН-2022 доп.7, 24-02-013-02, приказ Минстроя России от 02.08.2023 г. № 551/пр | BM92: 24001 | BN92: 0 | BP92: 0 | BQ92: 2 | BR92: 0 | BS92: 1 | BT92: 1 | BU92: 1 | BV92: 1 | BW92: 1 | BX92: 1 | BZ92: 117 | CA92: 74 | CE92: 0 | CF92: 0 | CG92: 0 | CM92: 0 | CO92: 0 | CP92: =(P92+Q92+S92+R92) -> 628.05 | CQ92: =SUMIF(SmtRes!AQ82:'SmtRes'!AQ89,"=1",SmtRes!AA82:'SmtRes'!AA89) -> 193.27 | CR92: =SUMIF(SmtRes!AQ82:'SmtRes'!AQ89,"=1",SmtRes!AB82:'SmtRes'!AB89) -> 674.1 | CS92: =SUMIF(SmtRes!AQ82:'SmtRes'!AQ89,"=1",SmtRes!AC82:'SmtRes'!AC89) -> 400.24 | CT92: =SUMIF(SmtRes!AQ82:'SmtRes'!AQ89,"=1",SmtRes!AD82:'SmtRes'!AD89) -> 725.81 | CU92: =AG92 -> 0 | CV92: =SUMIF(SmtRes!AQ82:'SmtRes'!AQ89,"=1",SmtRes!BU82:'SmtRes'!BU89) -> 154.4 | CW92: =SUMIF(SmtRes!AQ82:'SmtRes'!AQ89,"=1",SmtRes!BV82:'SmtRes'!BV89) -> 0.61 | CX92: =AJ92 -> 0 | CY92: =(((S92+R92)*AT92)/100) -> 725.0724 | CZ92: =(((S92+R92)*AU92)/100) -> 458.5928 | DN92: 0 | DO92: 0 | DP92: 1 | DQ92: 1 | DU92: 1013 | DV92: 100 ШТ | DW92: 100 ШТ | DX92: 1 | EE92: 72340632 | EF92: 2 | EG92: Общестроительные работы | EH92: 18 | EI92: Наружные сети водопровода, канализации, теплоснабжения, газопроводы | EJ92: 1 | EK92: 24001 | EL92: Наружные сети водопровода, канализации, теплоснабжения, газопроводы | EM92: ФЕР-24 | EQ92: 0 | ER92: 0 | ES92: 0 | ET92: 0 | EU92: 0 | EV92: 0 | EW92: 154.4 | EX92: 0.61 | EY92: 0 | FQ92: 0 | FR92: 0 | FS92: 0 | FX92: 117 | FY92: 74 | GD92: 1 | GF92: -969692631 | GG92: 2 | GH92: 1 | GI92: -2 | GJ92: 0 | GK92: 0 | GL92: =ROUND(IF(AND(BH92=3,BI92=3,FS92<>0),P92,0),2) -> 0 | GM92: =ROUND(O92+X92+Y92,2)+GX92 -> 1811.71 | GN92: =IF(OR(BI92=0,BI92=1),GM92-GX92,0) -> 1811.71 | GO92: =IF(BI92=2,GM92-GX92,0) -> 0 | GP92: =IF(BI92=4,GM92-GX92,0) -> 0 | GR92: 0 | GS92: 3 | GT92: 0 | GV92: =ROUND((GT92),6) -> 0 | GW92: 1 | GX92: =ROUND(HC92*I92,2) -> 0 | HA92: 0 | HB92: 0 | HC92: =GV92*GW92 -> 0 | HN92: Пр/812-018.0-1 | HO92: Пр/774-018.0 | HP92: Наружные сети водопровода, канализации, теплоснабжения, газопроводы | HQ92: Наружные сети водопровода, канализации, теплоснабжения, газопроводы | HS92: 0 | IK92: 0
A93: 17 | B93: 1 | E93: 25 | F93: 24.3.05.07-0213 | G93: Муфта полиэтиленовая переходная электросварная, номинальный наружный диаметр 63х32 мм | H93: ШТ | I93: 1 | J93: 0 | K93: 1 | O93: =ROUND(CP93,2) -> 438.72 | P93: =ROUND(CQ93*I93,2) -> 438.72 | Q93: =ROUND(CR93*I93,2) -> 0 | R93: =ROUND(CS93*I93,2) -> 0 | S93: =ROUND(CT93*I93,2) -> 0 | T93: =ROUND(CU93*I93,2) -> 0 | U93: =ROUND(CV93*I93,7) -> 0 | V93: =ROUND(CW93*I93,7) -> 0 | W93: =ROUND(CX93*I93,2) -> 0 | X93: =ROUND(CY93,2) -> 0 | Y93: =ROUND(CZ93,2) -> 0 | AA93: 73938991 | AB93: =ROUND((AC93+AD93+AF93),6) -> 443.15 | AC93: =ROUND((ES93),6) -> 443.15 | AD93: =ROUND((((ET93)-(EU93))+AE93),6) -> 0 | AE93: =ROUND((EU93),6) -> 0 | AF93: =ROUND((EV93),6) -> 0 | AG93: =ROUND((AP93),6) -> 0 | AH93: =(EW93) -> 0 | AI93: =(EX93) -> 0 | AJ93: =(AS93) -> 0 | AK93: 443.15 | AL93: 443.15 | AM93: 0 | AN93: 0 | AO93: 0 | AP93: 0 | AQ93: 0 | AR93: 0 | AS93: 0 | AT93: 0 | AU93: 0 | AV93: 1 | AW93: 1 | AZ93: 1 | BA93: 1 | BB93: 1 | BC93: 0.99 | BH93: 3 | BI93: 1 | BJ93: ФСБЦ-2022, 24.3.05.07-0213, приказ Минстроя России от 18.05.2022 г. № 378/пр | BM93: 500001 | BN93: 0 | BO93: 24.3.05.07-0213 | BP93: 1 | BQ93: 8 | BR93: 0 | BS93: 1 | BT93: 1 | BU93: 1 | BV93: 1 | BW93: 1 | BX93: 1 | BZ93: 0 | CA93: 0 | CE93: 0 | CF93: 0 | CG93: 0 | CM93: 0 | CO93: 0 | CP93: =(P93+Q93+S93+R93) -> 438.72 | CQ93: =ROUND(AL93*BC93,2) -> 438.72 | CR93: =ROUND(AM93*BB93,2) -> 0 | CS93: =ROUND(AN93*BS93,2) -> 0 | CT93: =ROUND(AO93*BA93,2) -> 0 | CU93: =AG93 -> 0 | CV93: =AH93 -> 0 | CW93: =AI93 -> 0 | CX93: =AJ93 -> 0 | CY93: =0 -> 0 | CZ93: =0 -> 0 | DN93: 0 | DO93: 0 | DP93: 1 | DQ93: 1 | DU93: 1013 | DV93: ШТ | DW93: ШТ | DX93: 1 | EE93: 72340530 | EF93: 8 | EG93: Материалы строительные | EH93: 0 | EJ93: 1 | EK93: 500001 | EL93: Материалы и конструкции ( строительные ) по ценникам и каталогом | EM93: ФССЦст | EQ93: 0 | ER93: 443.15 | ES93: 443.15 | ET93: 0 | EU93: 0 | EV93: 0 | EW93: 0 | EX93: 0 | EY93: 0 | FQ93: 0 | FR93: 0 | FS93: 0 | FX93: 0 | FY93: 0 | GD93: 1 | GF93: 1517527450 | GG93: 2 | GH93: 1 | GI93: 2 | GJ93: 0 | GK93: 0 | GL93: =ROUND(IF(AND(BH93=3,BI93=3,FS93<>0),P93,0),2) -> 0 | GM93: =ROUND(O93+X93+Y93,2)+GX93 -> 438.72 | GN93: =IF(OR(BI93=0,BI93=1),GM93-GX93,0) -> 438.72 | GO93: =IF(BI93=2,GM93-GX93,0) -> 0 | GP93: =IF(BI93=4,GM93-GX93,0) -> 0 | GR93: 0 | GS93: 3 | GT93: 0 | GV93: =ROUND((GT93),6) -> 0 | GW93: 1 | GX93: =ROUND(HC93*I93,2) -> 0 | HA93: 0 | HB93: 0 | HC93: =GV93*GW93 -> 0 | HS93: 0 | IK93: 0
A94: 17 | B94: 1 | C94: =ROW(SmtRes!A94) -> 94 | D94: =ROW(EtalonRes!A106) -> 106 | E94: 26 | F94: м10-06-003-01 | G94: Прокладка ленты сигнальной желтого цвета в траншее | H94: км кабеля | I94: 0.096 | J94: 0 | K94: 0.096 | O94: =ROUND(CP94,2) -> 2307.72 | P94: =SUMIF(SmtRes!AQ90:'SmtRes'!AQ94,"=1",SmtRes!DF90:'SmtRes'!DF94) -> 0 | Q94: =SUMIF(SmtRes!AQ90:'SmtRes'!AQ94,"=1",SmtRes!DG90:'SmtRes'!DG94) -> 1000.71 | R94: =SUMIF(SmtRes!AQ90:'SmtRes'!AQ94,"=1",SmtRes!DH90:'SmtRes'!DH94) -> 327.65 | S94: =SUMIF(SmtRes!AQ90:'SmtRes'!AQ94,"=1",SmtRes!DI90:'SmtRes'!DI94) -> 979.36 | T94: =ROUND(CU94*I94,2) -> 0 | U94: =SUMIF(SmtRes!AQ90:'SmtRes'!AQ94,"=1",SmtRes!CV90:'SmtRes'!CV94) -> 2.592 | V94: =SUMIF(SmtRes!AQ90:'SmtRes'!AQ94,"=1",SmtRes!CW90:'SmtRes'!CW94) -> 0.71232 | W94: =ROUND(CX94*I94,2) -> 0 | X94: =ROUND(CY94,2) -> 1450.78 | Y94: =ROUND(CZ94,2) -> 679.65 | AA94: 73938991 | AB94: =ROUND((AC94+AD94+AF94),6) -> 17843.686 | AC94: =ROUND((0),6) -> 0 | AD94: =ROUND((((SUM(SmtRes!BR90:'SmtRes'!BR94))-(SUM(SmtRes!BS90:'SmtRes'!BS94)))+AE94),6) -> 7642.0064 | AE94: =ROUND((SUM(SmtRes!BS90:'SmtRes'!BS94)),6) -> 3413.0516 | AF94: =ROUND((SUM(SmtRes!BT90:'SmtRes'!BT94)),6) -> 10201.68 | AG94: =ROUND((AP94),6) -> 0 | AH94: =(SUM(SmtRes!BU90:'SmtRes'!BU94)) -> 27 | AI94: =(SUM(SmtRes!BV90:'SmtRes'!BV94)) -> 7.42 | AJ94: =(AS94) -> 0 | AK94: 21256.738 | AL94: 0 | AM94: 7642.0064 | AN94: 3413.0516 | AO94: 10201.68 | AP94: 0 | AQ94: 27 | AR94: 7.42 | AS94: 0 | AT94: 111 | AU94: 52 | AV94: 1 | AW94: 1 | AZ94: 1 | BA94: 1 | BB94: 1 | BC94: 1 | BH94: 0 | BI94: 2 | BJ94: ГЭСНм-2022, м10-06-003-01, приказ Минстроя России от 18.05.2022 г. № 378/пр | BM94: 110005 | BN94: 0 | BP94: 0 | BQ94: 3 | BR94: 0 | BS94: 1 | BT94: 1 | BU94: 1 | BV94: 1 | BW94: 1 | BX94: 1 | BZ94: 111 | CA94: 52 | CE94: 0 | CF94: 0 | CG94: 0 | CM94: 0 | CO94: 0 | CP94: =(P94+Q94+S94+R94) -> 2307.72 | CQ94: =SUMIF(SmtRes!AQ90:'SmtRes'!AQ94,"=1",SmtRes!AA90:'SmtRes'!AA94) -> 0 | CR94: =SUMIF(SmtRes!AQ90:'SmtRes'!AQ94,"=1",SmtRes!AB90:'SmtRes'!AB94) -> 1404.85 | CS94: =SUMIF(SmtRes!AQ90:'SmtRes'!AQ94,"=1",SmtRes!AC90:'SmtRes'!AC94) -> 459.98 | CT94: =SUMIF(SmtRes!AQ90:'SmtRes'!AQ94,"=1",SmtRes!AD90:'SmtRes'!AD94) -> 377.84 | CU94: =AG94 -> 0 | CV94: =SUMIF(SmtRes!AQ90:'SmtRes'!AQ94,"=1",SmtRes!BU90:'SmtRes'!BU94) -> 27 | CW94: =SUMIF(SmtRes!AQ90:'SmtRes'!AQ94,"=1",SmtRes!BV90:'SmtRes'!BV94) -> 7.42 | CX94: =AJ94 -> 0 | CY94: =(((S94+R94)*AT94)/100) -> 1450.7811 | CZ94: =(((S94+R94)*AU94)/100) -> 679.6452 | DN94: 0 | DO94: 0 | DP94: 1 | DQ94: 1 | DU94: 30717392 | DV94: км кабеля | DW94: км кабеля | DX94: 1 | EE94: 72340517 | EF94: 3 | EG94: Монтажные работы | EH94: 0 | EJ94: 2 | EK94: 110005 | EL94: Оборудование связи: прокладка и монтаж междугородных линий связи | EM94: мФЕР-10 | EQ94: 0 | ER94: 0 | ES94: 0 | ET94: 0 | EU94: 0 | EV94: 0 | EW94: 27 | EX94: 7.42 | EY94: 0 | FQ94: 0 | FR94: 0 | FS94: 0 | FX94: 111 | FY94: 52 | GD94: 1 | GF94: -359692194 | GG94: 2 | GH94: 1 | GI94: -2 | GJ94: 0 | GK94: 0 | GL94: =ROUND(IF(AND(BH94=3,BI94=3,FS94<>0),P94,0),2) -> 0 | GM94: =ROUND(O94+X94+Y94,2)+GX94 -> 4438.15 | GN94: =IF(OR(BI94=0,BI94=1),GM94-GX94,0) -> 0 | GO94: =IF(BI94=2,GM94-GX94,0) -> 4438.15 | GP94: =IF(BI94=4,GM94-GX94,0) -> 0 | GR94: 0 | GS94: 3 | GT94: 0 | GV94: =ROUND((GT94),6) -> 0 | GW94: 1 | GX94: =ROUND(HC94*I94,2) -> 0 | HA94: 0 | HB94: 0 | HC94: =GV94*GW94 -> 0 | HN94: Пр/812-051.3-1 | HO94: Пр/774-051.3 | HP94: Оборудование связи: прокладка и монтаж междугородных линий связи | HQ94: Оборудование связи: прокладка и монтаж междугородных линий связи | HS94: 0 | IK94: 0
A95: 18 | B95: 1 | C95: 94 | E95: 26,1 | F95: 421/пр_2020_п.75_пп.а | G95: Сметная стоимость вспомогательных ненормируемых материальных ресурсов, не учтенная в сметной норме, 2% | H95: % | I95: =J95 -> 2 | J95: 2 | K95: 2 | O95: =ROUND(P95,2) -> 19.59 | P95: =ROUND(ROUND(ROUND(SUMIF(SmtRes!AQ90:'SmtRes'!AQ94,"=1",SmtRes!CU90:'SmtRes'!CU94),2),2)*I95/100,2) -> 19.59 | Q95: =ROUND(CR95*I95,2) -> 0 | R95: =ROUND(CS95*I95,2) -> 0 | S95: =ROUND(CT95*I95,2) -> 0 | T95: =ROUND(CU95*I95,2) -> 0 | U95: =ROUND(CV95*I95,7) -> 0 | V95: =ROUND(CW95*I95,7) -> 0 | W95: =ROUND(CX95*I95,2) -> 0 | X95: =ROUND(CY95,2) -> 0 | Y95: =ROUND(CZ95,2) -> 0 | AA95: 73938991 | AB95: =ROUND((AC95+AD95+AF95),6) -> 0 | AC95: =ROUND((ES95),6) -> 0 | AD95: =ROUND((((ET95)-(EU95))+AE95),6) -> 0 | AE95: =ROUND((EU95),6) -> 0 | AF95: =ROUND((EV95),6) -> 0 | AG95: =ROUND((AP95),6) -> 0 | AH95: =(EW95) -> 0 | AI95: =(EX95) -> 0 | AJ95: =(AS95) -> 0 | AK95: 0 | AL95: 0 | AM95: 0 | AN95: 0 | AO95: 0 | AP95: 0 | AQ95: 0 | AR95: 0 | AS95: 0 | AT95: 111 | AU95: 52 | AV95: 1 | AW95: 1 | AZ95: 1 | BA95: 1 | BB95: 1 | BC95: 1 | BH95: 3 | BI95: 2 | BM95: 110005 | BN95: 0 | BP95: 0 | BQ95: 3 | BR95: 0 | BS95: 1 | BT95: 1 | BU95: 1 | BV95: 1 | BW95: 1 | BX95: 1 | BZ95: 111 | CA95: 52 | CE95: 0 | CF95: 0 | CG95: 0 | CM95: 0 | CO95: 0 | CP95: =0 -> 0 | CQ95: =0 -> 0 | CR95: =0 -> 0 | CS95: =0 -> 0 | CT95: =0 -> 0 | CU95: =0 -> 0 | CV95: =0 -> 0 | CW95: =0 -> 0 | ... CZ95: =0 -> 0 | DN95: 0 | DO95: 0 | DP95: 1 | DQ95: 1 | DU95: 1013 | DV95: % | DW95: % | DX95: 1 | EE95: 72340517 | EF95: 3 | EG95: Монтажные работы | EH95: 0 | EJ95: 2 | EK95: 110005 | EL95: Оборудование связи: прокладка и монтаж междугородных линий связи | EM95: мФЕР-10 | EQ95: 0 | ER95: 0 | ES95: 0 | ET95: 0 | EU95: 0 | EV95: 0 | EW95: 0 | EX95: 0 | FQ95: 0 | FR95: 0 | FS95: 0 | FX95: 111 | FY95: 52 | GD95: 1 | GF95: 274903907 | GG95: 2 | GH95: 1 | GI95: -2 | GJ95: 0 | GK95: 0 | GL95: =ROUND(IF(AND(BH95=3,BI95=3,FS95<>0),P95,0),2) -> 0 | GM95: =ROUND(O95+X95+Y95,2)+GX95 -> 19.59 | GN95: =IF(OR(BI95=0,BI95=1),GM95-GX95,0) -> 0 | GO95: =IF(BI95=2,GM95-GX95,0) -> 19.59 | GP95: =IF(BI95=4,GM95-GX95,0) -> 0 | GR95: 0 | GS95: 3 | GT95: 0 | GV95: =ROUND((GT95),6) -> 0 | GW95: 1 | GX95: =ROUND(HC95*I95,2) -> 0 | HA95: 0 | HB95: 0 | HC95: =0 -> 0 | HN95: Пр/812-051.3-1 | HO95: Пр/774-051.3 | HP95: Оборудование связи: прокладка и монтаж междугородных линий связи | HQ95: Оборудование связи: прокладка и монтаж междугородных линий связи | HS95: 0 | IK95: 0
A96: 17 | B96: 1 | E96: 27 | F96: 01.7.06.08-0007 | G96: Ленты сигнальные из полиэтилена высокого давления «ГАЗ», фон желтый, надпись красная, ширина 200 мм, толщина 0,05 мм | H96: 100 м | I96: =ROUND(96/100,7) -> 0.96 | J96: 0 | K96: =ROUND(96/100,7) -> 0.96 | O96: =ROUND(CP96,2) -> 224 | P96: =ROUND(CQ96*I96,2) -> 224 | Q96: =ROUND(CR96*I96,2) -> 0 | R96: =ROUND(CS96*I96,2) -> 0 | S96: =ROUND(CT96*I96,2) -> 0 | T96: =ROUND(CU96*I96,2) -> 0 | U96: =ROUND(CV96*I96,7) -> 0 | V96: =ROUND(CW96*I96,7) -> 0 | W96: =ROUND(CX96*I96,2) -> 0 | X96: =ROUND(CY96,2) -> 0 | Y96: =ROUND(CZ96,2) -> 0 | AA96: 73938991 | AB96: =ROUND((AC96+AD96+AF96),6) -> 151.51 | AC96: =ROUND((ES96),6) -> 151.51 | AD96: =ROUND((((ET96)-(EU96))+AE96),6) -> 0 | AE96: =ROUND((EU96),6) -> 0 | AF96: =ROUND((EV96),6) -> 0 | AG96: =ROUND((AP96),6) -> 0 | AH96: =(EW96) -> 0 | AI96: =(EX96) -> 0 | AJ96: =(AS96) -> 0 | AK96: 151.51 | AL96: 151.51 | AM96: 0 | AN96: 0 | AO96: 0 | AP96: 0 | AQ96: 0 | AR96: 0 | AS96: 0 | AT96: 0 | AU96: 0 | AV96: 1 | AW96: 1 | AZ96: 1 | BA96: 1 | BB96: 1 | BC96: 1.54 | BH96: 3 | BI96: 1 | BJ96: ФСБЦ-2022, 01.7.06.08-0007, приказ Минстроя России от 18.05.2022 г. № 378/пр | BM96: 500001 | BN96: 0 | BO96: 01.7.06.08-0007 | BP96: 1 | BQ96: 8 | BR96: 0 | BS96: 1 | BT96: 1 | BU96: 1 | BV96: 1 | BW96: 1 | BX96: 1 | BZ96: 0 | CA96: 0 | CE96: 0 | CF96: 0 | CG96: 0 | CM96: 0 | CO96: 0 | CP96: =(P96+Q96+S96+R96) -> 224 | CQ96: =ROUND(AL96*BC96,2) -> 233.33 | CR96: =ROUND(AM96*BB96,2) -> 0 | CS96: =ROUND(AN96*BS96,2) -> 0 | CT96: =ROUND(AO96*BA96,2) -> 0 | CU96: =AG96 -> 0 | CV96: =AH96 -> 0 | CW96: =AI96 -> 0 | CX96: =AJ96 -> 0 | CY96: =0 -> 0 | CZ96: =0 -> 0 | DN96: 0 | DO96: 0 | DP96: 1 | DQ96: 1 | DU96: 1003 | DV96: 100 м | DW96: 100 м | DX96: 100 | EE96: 72340530 | EF96: 8 | EG96: Материалы строительные | EH96: 0 | EJ96: 1 | EK96: 500001 | EL96: Материалы и конструкции ( строительные ) по ценникам и каталогом | EM96: ФССЦст | EQ96: 0 | ER96: 151.51 | ES96: 151.51 | ET96: 0 | EU96: 0 | EV96: 0 | EW96: 0 | EX96: 0 | EY96: 0 | FQ96: 0 | FR96: 0 | FS96: 0 | FX96: 0 | FY96: 0 | GD96: 1 | GF96: 465333347 | GG96: 2 | GH96: 1 | GI96: 2 | GJ96: 0 | GK96: 0 | GL96: =ROUND(IF(AND(BH96=3,BI96=3,FS96<>0),P96,0),2) -> 0 | GM96: =ROUND(O96+X96+Y96,2)+GX96 -> 224 | GN96: =IF(OR(BI96=0,BI96=1),GM96-GX96,0) -> 224 | GO96: =IF(BI96=2,GM96-GX96,0) -> 0 | GP96: =IF(BI96=4,GM96-GX96,0) -> 0 | GR96: 0 | GS96: 3 | GT96: 0 | GV96: =ROUND((GT96),6) -> 0 | GW96: 1 | GX96: =ROUND(HC96*I96,2) -> 0 | HA96: 0 | HB96: 0 | HC96: =GV96*GW96 -> 0 | HS96: 0 | IK96: 0
A97: 17 | B97: 1 | C97: =ROW(SmtRes!A99) -> 99 | D97: =ROW(EtalonRes!A111) -> 111 | E97: 28 | F97: м10-06-003-01 | G97: Кабель, прокладываемый в траншее, масса 1м кабеля: до 0,6 кг | H97: км кабеля | I97: 0.099 | J97: 0 | K97: 0.099 | O97: =ROUND(CP97,2) -> 2379.83 | P97: =SUMIF(SmtRes!AQ95:'SmtRes'!AQ99,"=1",SmtRes!DF95:'SmtRes'!DF99) -> 0 | Q97: =SUMIF(SmtRes!AQ95:'SmtRes'!AQ99,"=1",SmtRes!DG95:'SmtRes'!DG99) -> 1031.97 | R97: =SUMIF(SmtRes!AQ95:'SmtRes'!AQ99,"=1",SmtRes!DH95:'SmtRes'!DH99) -> 337.89 | S97: =SUMIF(SmtRes!AQ95:'SmtRes'!AQ99,"=1",SmtRes!DI95:'SmtRes'!DI99) -> 1009.97 | T97: =ROUND(CU97*I97,2) -> 0 | U97: =SUMIF(SmtRes!AQ95:'SmtRes'!AQ99,"=1",SmtRes!CV95:'SmtRes'!CV99) -> 2.673 | V97: =SUMIF(SmtRes!AQ95:'SmtRes'!AQ99,"=1",SmtRes!CW95:'SmtRes'!CW99) -> 0.73458 | W97: =ROUND(CX97*I97,2) -> 0 | X97: =ROUND(CY97,2) -> 1496.12 | Y97: =ROUND(CZ97,2) -> 700.89 | AA97: 73938991 | AB97: =ROUND((AC97+AD97+AF97),6) -> 17843.686 | AC97: =ROUND((0),6) -> 0 | AD97: =ROUND((((SUM(SmtRes!BR95:'SmtRes'!BR99))-(SUM(SmtRes!BS95:'SmtRes'!BS99)))+AE97),6) -> 7642.0064 | AE97: =ROUND((SUM(SmtRes!BS95:'SmtRes'!BS99)),6) -> 3413.0516 | AF97: =ROUND((SUM(SmtRes!BT95:'SmtRes'!BT99)),6) -> 10201.68 | AG97: =ROUND((AP97),6) -> 0 | AH97: =(SUM(SmtRes!BU95:'SmtRes'!BU99)) -> 27 | AI97: =(SUM(SmtRes!BV95:'SmtRes'!BV99)) -> 7.42 | AJ97: =(AS97) -> 0 | AK97: 21256.738 | AL97: 0 | AM97: 7642.0064 | AN97: 3413.0516 | AO97: 10201.68 | AP97: 0 | AQ97: 27 | AR97: 7.42 | AS97: 0 | AT97: 111 | AU97: 52 | AV97: 1 | AW97: 1 | AZ97: 1 | BA97: 1 | BB97: 1 | BC97: 1 | BH97: 0 | BI97: 2 | BJ97: ГЭСНм-2022, м10-06-003-01, приказ Минстроя России от 18.05.2022 г. № 378/пр | BM97: 110005 | BN97: 0 | BP97: 0 | BQ97: 3 | BR97: 0 | BS97: 1 | BT97: 1 | BU97: 1 | BV97: 1 | BW97: 1 | BX97: 1 | BZ97: 111 | CA97: 52 | CE97: 0 | CF97: 0 | CG97: 0 | CM97: 0 | CO97: 0 | CP97: =(P97+Q97+S97+R97) -> 2379.83 | CQ97: =SUMIF(SmtRes!AQ95:'SmtRes'!AQ99,"=1",SmtRes!AA95:'SmtRes'!AA99) -> 0 | CR97: =SUMIF(SmtRes!AQ95:'SmtRes'!AQ99,"=1",SmtRes!AB95:'SmtRes'!AB99) -> 1404.85 | CS97: =SUMIF(SmtRes!AQ95:'SmtRes'!AQ99,"=1",SmtRes!AC95:'SmtRes'!AC99) -> 459.98 | CT97: =SUMIF(SmtRes!AQ95:'SmtRes'!AQ99,"=1",SmtRes!AD95:'SmtRes'!AD99) -> 377.84 | CU97: =AG97 -> 0 | CV97: =SUMIF(SmtRes!AQ95:'SmtRes'!AQ99,"=1",SmtRes!BU95:'SmtRes'!BU99) -> 27 | CW97: =SUMIF(SmtRes!AQ95:'SmtRes'!AQ99,"=1",SmtRes!BV95:'SmtRes'!BV99) -> 7.42 | CX97: =AJ97 -> 0 | CY97: =(((S97+R97)*AT97)/100) -> 1496.1246 | CZ97: =(((S97+R97)*AU97)/100) -> 700.8872 | DN97: 0 | DO97: 0 | DP97: 1 | DQ97: 1 | DU97: 30717392 | DV97: км кабеля | DW97: км кабеля | DX97: 1 | EE97: 72340517 | EF97: 3 | EG97: Монтажные работы | EH97: 0 | EJ97: 2 | EK97: 110005 | EL97: Оборудование связи: прокладка и монтаж междугородных линий связи | EM97: мФЕР-10 | EQ97: 0 | ER97: 0 | ES97: 0 | ET97: 0 | EU97: 0 | EV97: 0 | EW97: 27 | EX97: 7.42 | EY97: 0 | FQ97: 0 | FR97: 0 | FS97: 0 | FX97: 111 | FY97: 52 | GD97: 1 | GF97: 1356055473 | GG97: 2 | GH97: 1 | GI97: -2 | GJ97: 0 | GK97: 0 | GL97: =ROUND(IF(AND(BH97=3,BI97=3,FS97<>0),P97,0),2) -> 0 | GM97: =ROUND(O97+X97+Y97,2)+GX97 -> 4576.84 | GN97: =IF(OR(BI97=0,BI97=1),GM97-GX97,0) -> 0 | GO97: =IF(BI97=2,GM97-GX97,0) -> 4576.84 | GP97: =IF(BI97=4,GM97-GX97,0) -> 0 | GR97: 0 | GS97: 3 | GT97: 0 | GV97: =ROUND((GT97),6) -> 0 | GW97: 1 | GX97: =ROUND(HC97*I97,2) -> 0 | HA97: 0 | HB97: 0 | HC97: =GV97*GW97 -> 0 | HN97: Пр/812-051.3-1 | HO97: Пр/774-051.3 | HP97: Оборудование связи: прокладка и монтаж междугородных линий связи | HQ97: Оборудование связи: прокладка и монтаж междугородных линий связи | HS97: 0 | IK97: 0
A98: 18 | B98: 1 | C98: 99 | E98: 28,1 | F98: 421/пр_2020_п.75_пп.а | G98: Сметная стоимость вспомогательных ненормируемых материальных ресурсов, не учтенная в сметной норме, 2% | H98: % | I98: =J98 -> 2 | J98: 2 | K98: 2 | O98: =ROUND(P98,2) -> 20.2 | P98: =ROUND(ROUND(ROUND(SUMIF(SmtRes!AQ95:'SmtRes'!AQ99,"=1",SmtRes!CU95:'SmtRes'!CU99),2),2)*I98/100,2) -> 20.2 | Q98: =ROUND(CR98*I98,2) -> 0 | R98: =ROUND(CS98*I98,2) -> 0 | S98: =ROUND(CT98*I98,2) -> 0 | T98: =ROUND(CU98*I98,2) -> 0 | U98: =ROUND(CV98*I98,7) -> 0 | V98: =ROUND(CW98*I98,7) -> 0 | W98: =ROUND(CX98*I98,2) -> 0 | X98: =ROUND(CY98,2) -> 0 | Y98: =ROUND(CZ98,2) -> 0 | AA98: 73938991 | AB98: =ROUND((AC98+AD98+AF98),6) -> 0 | AC98: =ROUND((ES98),6) -> 0 | AD98: =ROUND((((ET98)-(EU98))+AE98),6) -> 0 | AE98: =ROUND((EU98),6) -> 0 | AF98: =ROUND((EV98),6) -> 0 | AG98: =ROUND((AP98),6) -> 0 | AH98: =(EW98) -> 0 | AI98: =(EX98) -> 0 | AJ98: =(AS98) -> 0 | AK98: 0 | AL98: 0 | AM98: 0 | AN98: 0 | AO98: 0 | AP98: 0 | AQ98: 0 | AR98: 0 | AS98: 0 | AT98: 111 | AU98: 52 | AV98: 1 | AW98: 1 | AZ98: 1 | BA98: 1 | BB98: 1 | BC98: 1 | BH98: 3 | BI98: 2 | BM98: 110005 | BN98: 0 | BP98: 0 | BQ98: 3 | BR98: 0 | BS98: 1 | BT98: 1 | BU98: 1 | BV98: 1 | BW98: 1 | BX98: 1 | BZ98: 111 | CA98: 52 | CE98: 0 | CF98: 0 | CG98: 0 | CM98: 0 | CO98: 0 | CP98: =0 -> 0 | CQ98: =0 -> 0 | CR98: =0 -> 0 | CS98: =0 -> 0 | CT98: =0 -> 0 | CU98: =0 -> 0 | CV98: =0 -> 0 | CW98: =0 -> 0 | ... CZ98: =0 -> 0 | DN98: 0 | DO98: 0 | DP98: 1 | DQ98: 1 | DU98: 1013 | DV98: % | DW98: % | DX98: 1 | EE98: 72340517 | EF98: 3 | EG98: Монтажные работы | EH98: 0 | EJ98: 2 | EK98: 110005 | EL98: Оборудование связи: прокладка и монтаж междугородных линий связи | EM98: мФЕР-10 | EQ98: 0 | ER98: 0 | ES98: 0 | ET98: 0 | EU98: 0 | EV98: 0 | EW98: 0 | EX98: 0 | FQ98: 0 | FR98: 0 | FS98: 0 | FX98: 111 | FY98: 52 | GD98: 1 | GF98: 274903907 | GG98: 2 | GH98: 1 | GI98: -2 | GJ98: 0 | GK98: 0 | GL98: =ROUND(IF(AND(BH98=3,BI98=3,FS98<>0),P98,0),2) -> 0 | GM98: =ROUND(O98+X98+Y98,2)+GX98 -> 20.2 | GN98: =IF(OR(BI98=0,BI98=1),GM98-GX98,0) -> 0 | GO98: =IF(BI98=2,GM98-GX98,0) -> 20.2 | GP98: =IF(BI98=4,GM98-GX98,0) -> 0 | GR98: 0 | GS98: 3 | GT98: 0 | GV98: =ROUND((GT98),6) -> 0 | GW98: 1 | GX98: =ROUND(HC98*I98,2) -> 0 | HA98: 0 | HB98: 0 | HC98: =0 -> 0 | HN98: Пр/812-051.3-1 | HO98: Пр/774-051.3 | HP98: Оборудование связи: прокладка и монтаж междугородных линий связи | HQ98: Оборудование связи: прокладка и монтаж междугородных линий связи | HS98: 0 | IK98: 0
A99: 17 | B99: 1 | E99: 29 | F99: 21.2.03.05-0002 | G99: Провод АПВ 1х2,5-450/750 | H99: 1000 м | I99: =ROUND(99/1000,7) -> 0.099 | J99: 0 | K99: =ROUND(99/1000,7) -> 0.099 | O99: =ROUND(CP99,2) -> 384.27 | P99: =ROUND(CQ99*I99,2) -> 384.27 | Q99: =ROUND(CR99*I99,2) -> 0 | R99: =ROUND(CS99*I99,2) -> 0 | S99: =ROUND(CT99*I99,2) -> 0 | T99: =ROUND(CU99*I99,2) -> 0 | U99: =ROUND(CV99*I99,7) -> 0 | V99: =ROUND(CW99*I99,7) -> 0 | W99: =ROUND(CX99*I99,2) -> 0 | X99: =ROUND(CY99,2) -> 0 | Y99: =ROUND(CZ99,2) -> 0 | AA99: 73938991 | AB99: =ROUND((AC99+AD99+AF99),6) -> 3080.58 | AC99: =ROUND((ES99),6) -> 3080.58 | AD99: =ROUND((((ET99)-(EU99))+AE99),6) -> 0 | AE99: =ROUND((EU99),6) -> 0 | AF99: =ROUND((EV99),6) -> 0 | AG99: =ROUND((AP99),6) -> 0 | AH99: =(EW99) -> 0 | AI99: =(EX99) -> 0 | AJ99: =(AS99) -> 0 | AK99: 3080.58 | AL99: 3080.58 | AM99: 0 | AN99: 0 | AO99: 0 | AP99: 0 | AQ99: 0 | AR99: 0 | AS99: 0 | AT99: 0 | AU99: 0 | AV99: 1 | AW99: 1 | AZ99: 1 | BA99: 1 | BB99: 1 | BC99: 1.26 | BH99: 3 | BI99: 2 | BJ99: ФСБЦ-2022 доп.18, 21.2.03.05-0002, приказ Минстроя России от 15.05.2026 г. № 301/пр | BM99: 500002 | BN99: 0 | BO99: 21.2.03.05-0002 | BP99: 1 | BQ99: 12 | BR99: 0 | BS99: 1 | BT99: 1 | BU99: 1 | BV99: 1 | BW99: 1 | BX99: 1 | BZ99: 0 | CA99: 0 | CE99: 0 | CF99: 0 | CG99: 0 | CM99: 0 | CO99: 0 | CP99: =(P99+Q99+S99+R99) -> 384.27 | CQ99: =ROUND(AL99*BC99,2) -> 3881.53 | CR99: =ROUND(AM99*BB99,2) -> 0 | CS99: =ROUND(AN99*BS99,2) -> 0 | CT99: =ROUND(AO99*BA99,2) -> 0 | CU99: =AG99 -> 0 | CV99: =AH99 -> 0 | CW99: =AI99 -> 0 | CX99: =AJ99 -> 0 | CY99: =0 -> 0 | CZ99: =0 -> 0 | DN99: 0 | DO99: 0 | DP99: 1 | DQ99: 1 | DU99: 1013 | DV99: 1000 м | DW99: 1000 М | DX99: 1 | EE99: 72340531 | EF99: 12 | EG99: Материалы монтажные | EH99: 0 | EJ99: 2 | EK99: 500002 | EL99: Материалы и конструкции ( монтажные ) по ценникам и каталогам | EM99: ФССЦм | EQ99: 0 | ER99: 3080.58 | ES99: 3080.58 | ET99: 0 | EU99: 0 | EV99: 0 | EW99: 0 | EX99: 0 | EY99: 0 | FQ99: 0 | FR99: 0 | FS99: 0 | FX99: 0 | FY99: 0 | GD99: 1 | GF99: -1564319187 | GG99: 2 | GH99: 1 | GI99: 2 | GJ99: 0 | GK99: 0 | GL99: =ROUND(IF(AND(BH99=3,BI99=3,FS99<>0),P99,0),2) -> 0 | GM99: =ROUND(O99+X99+Y99,2)+GX99 -> 384.27 | GN99: =IF(OR(BI99=0,BI99=1),GM99-GX99,0) -> 0 | GO99: =IF(BI99=2,GM99-GX99,0) -> 384.27 | GP99: =IF(BI99=4,GM99-GX99,0) -> 0 | GR99: 0 | GS99: 3 | GT99: 0 | GV99: =ROUND((GT99),6) -> 0 | GW99: 1 | GX99: =ROUND(HC99*I99,2) -> 0 | HA99: 0 | HB99: 0 | HC99: =GV99*GW99 -> 0 | HS99: 0 | IK99: 0
A100: 17 | B100: 1 | C100: =ROW(SmtRes!A104) -> 104 | D100: =ROW(EtalonRes!A116) -> 116 | E100: 30 | F100: 27-09-004-02 | G100: Установка столбиков сигнальных: пластиковых | H100: 100 ШТ | I100: =ROUND(4/100,7) -> 0.04 | J100: 0 | K100: =ROUND(4/100,7) -> 0.04 | O100: =ROUND(CP100,2) -> 218.66 | P100: =SUMIF(SmtRes!AQ100:'SmtRes'!AQ104,"=1",SmtRes!DF100:'SmtRes'!DF104) -> 0 | Q100: =SUMIF(SmtRes!AQ100:'SmtRes'!AQ104,"=1",SmtRes!DG100:'SmtRes'!DG104) -> 50.38 | R100: =SUMIF(SmtRes!AQ100:'SmtRes'!AQ104,"=1",SmtRes!DH100:'SmtRes'!DH104) -> 15.05 | S100: =SUMIF(SmtRes!AQ100:'SmtRes'!AQ104,"=1",SmtRes!DI100:'SmtRes'!DI104) -> 153.23 | T100: =ROUND(CU100*I100,2) -> 0 | U100: =SUMIF(SmtRes!AQ100:'SmtRes'!AQ104,"=1",SmtRes!CV100:'SmtRes'!CV104) -> 0.454 | V100: =SUMIF(SmtRes!AQ100:'SmtRes'!AQ104,"=1",SmtRes!CW100:'SmtRes'!CW104) -> 0.0376 | W100: =ROUND(CX100*I100,2) -> 0 | X100: =ROUND(CY100,2) -> 247.37 | Y100: =ROUND(CZ100,2) -> 225.5 | AA100: 73938991 | AB100: =ROUND((AC100+AD100+AF100),6) -> 4773.1532 | AC100: =ROUND((0),6) -> 0 | AD100: =ROUND((((SUM(SmtRes!BR100:'SmtRes'!BR104))-(SUM(SmtRes!BS100:'SmtRes'!BS104)))+AE100),6) -> 942.3012 | AE100: =ROUND((SUM(SmtRes!BS100:'SmtRes'!BS104)),6) -> 376.2256 | AF100: =ROUND((SUM(SmtRes!BT100:'SmtRes'!BT104)),6) -> 3830.852 | AG100: =ROUND((AP100),6) -> 0 | AH100: =(SUM(SmtRes!BU100:'SmtRes'!BU104)) -> 11.35 | AI100: =(SUM(SmtRes!BV100:'SmtRes'!BV104)) -> 0.94 | AJ100: =(AS100) -> 0 | AK100: 5149.3788 | AL100: 0 | AM100: 942.3012 | AN100: 376.2256 | AO100: 3830.852 | AP100: 0 | AQ100: 11.35 | AR100: 0.94 | AS100: 0 | AT100: 147 | AU100: 134 | AV100: 1 | AW100: 1 | AZ100: 1 | BA100: 1 | BB100: 1 | BC100: 1 | BH100: 0 | BI100: 1 | BJ100: ГЭСН-2022 доп.19, 27-09-004-02, приказ Минстроя России от 12.08.2026 г. № 527/пр | BM100: 27001 | BN100: 0 | BP100: 0 | BQ100: 2 | BR100: 0 | BS100: 1 | BT100: 1 | BU100: 1 | BV100: 1 | BW100: 1 | BX100: 1 | BZ100: 147 | CA100: 134 | CE100: 0 | CF100: 0 | CG100: 0 | CM100: 0 | CO100: 0 | CP100: =(P100+Q100+S100+R100) -> 218.66 | CQ100: =SUMIF(SmtRes!AQ100:'SmtRes'!AQ104,"=1",SmtRes!AA100:'SmtRes'!AA104) -> 0 | CR100: =SUMIF(SmtRes!AQ100:'SmtRes'!AQ104,"=1",SmtRes!AB100:'SmtRes'!AB104) -> 1233.36 | CS100: =SUMIF(SmtRes!AQ100:'SmtRes'!AQ104,"=1",SmtRes!AC100:'SmtRes'!AC104) -> 400.24 | CT100: =SUMIF(SmtRes!AQ100:'SmtRes'!AQ104,"=1",SmtRes!AD100:'SmtRes'!AD104) -> 337.52 | CU100: =AG100 -> 0 | CV100: =SUMIF(SmtRes!AQ100:'SmtRes'!AQ104,"=1",SmtRes!BU100:'SmtRes'!BU104) -> 11.35 | CW100: =SUMIF(SmtRes!AQ100:'SmtRes'!AQ104,"=1",SmtRes!BV100:'SmtRes'!BV104) -> 0.94 | CX100: =AJ100 -> 0 | CY100: =(((S100+R100)*AT100)/100) -> 247.3716 | CZ100: =(((S100+R100)*AU100)/100) -> 225.4952 | DN100: 0 | DO100: 0 | DP100: 1 | DQ100: 1 | DU100: 1013 | DV100: 100 ШТ | DW100: 100 ШТ | DX100: 1 | EE100: 72340638 | EF100: 2 | EG100: Общестроительные работы | EH100: 21 | EI100: Автомобильные дороги | EJ100: 1 | EK100: 27001 | EL100: Автомобильные дороги | EM100: ФЕР-27 | EQ100: 0 | ER100: 0 | ES100: 0 | ET100: 0 | EU100: 0 | EV100: 0 | EW100: 11.35 | EX100: 0.94 | EY100: 0 | FQ100: 0 | FR100: 0 | FS100: 0 | FX100: 147 | FY100: 134 | GD100: 1 | GF100: 2100829410 | GG100: 2 | GH100: 1 | GI100: -2 | GJ100: 0 | GK100: 0 | GL100: =ROUND(IF(AND(BH100=3,BI100=3,FS100<>0),P100,0),2) -> 0 | GM100: =ROUND(O100+X100+Y100,2)+GX100 -> 691.53 | GN100: =IF(OR(BI100=0,BI100=1),GM100-GX100,0) -> 691.53 | GO100: =IF(BI100=2,GM100-GX100,0) -> 0 | GP100: =IF(BI100=4,GM100-GX100,0) -> 0 | GR100: 0 | GS100: 3 | GT100: 0 | GV100: =ROUND((GT100),6) -> 0 | GW100: 1 | GX100: =ROUND(HC100*I100,2) -> 0 | HA100: 0 | HB100: 0 | HC100: =GV100*GW100 -> 0 | HN100: Пр/812-021.0-1 | HO100: Пр/774-021.0 | HP100: Автомобильные дороги | HQ100: Автомобильные дороги | HS100: 0 | IK100: 0
A101: 18 | B101: 1 | C101: 104 | E101: 30,1 | F101: 01.5.03.06 | G101: Столбик сигнальный дорожный пластиковый | H101: ШТ | I101: =I100*J101 -> 4 | J101: 100 | K101: 100 | O101: =ROUND(CP101,2) -> 0 | P101: =ROUND(CQ101*I101,2) -> 0 | Q101: =ROUND(CR101*I101,2) -> 0 | R101: =ROUND(CS101*I101,2) -> 0 | S101: =ROUND(CT101*I101,2) -> 0 | T101: =ROUND(CU101*I101,2) -> 0 | U101: =ROUND(CV101*I101,7) -> 0 | V101: =ROUND(CW101*I101,7) -> 0 | W101: =ROUND(CX101*I101,2) -> 0 | X101: =ROUND(CY101,2) -> 0 | Y101: =ROUND(CZ101,2) -> 0 | AA101: 73938991 | AB101: =ROUND((AC101+AD101+AF101),6) -> 0 | AC101: =ROUND((ES101),6) -> 0 | AD101: =ROUND((((ET101)-(EU101))+AE101),6) -> 0 | AE101: =ROUND((EU101),6) -> 0 | AF101: =ROUND((EV101),6) -> 0 | AG101: =ROUND((AP101),6) -> 0 | AH101: =(EW101) -> 0 | AI101: =(EX101) -> 0 | AJ101: =(AS101) -> 0 | AK101: 0 | AL101: 0 | AM101: 0 | AN101: 0 | AO101: 0 | AP101: 0 | AQ101: 0 | AR101: 0 | AS101: 0 | AT101: 147 | AU101: 134 | AV101: 1 | AW101: 1 | AZ101: 1 | BA101: 1 | BB101: 1 | BC101: 1 | BH101: 3 | BI101: 1 | BM101: 27001 | BN101: 0 | BP101: 0 | BQ101: 2 | BR101: 0 | BS101: 1 | BT101: 1 | BU101: 1 | BV101: 1 | BW101: 1 | BX101: 1 | BZ101: 147 | CA101: 134 | CE101: 0 | CF101: 0 | CG101: 0 | CM101: 0 | CO101: 0 | CP101: =(P101+Q101+S101+R101) -> 0 | CQ101: =ROUND(AL101*BC101,2) -> 0 | CR101: =ROUND(AM101*BB101,2) -> 0 | CS101: =ROUND(AN101*BS101,2) -> 0 | CT101: =ROUND(AO101*BA101,2) -> 0 | CU101: =AG101 -> 0 | CV101: =AH101 -> 0 | CW101: =AI101 -> 0 | CX101: =AJ101 -> 0 | CY101: =(((S101+R101)*AT101)/100) -> 0 | CZ101: =(((S101+R101)*AU101)/100) -> 0 | DN101: 0 | DO101: 0 | DP101: 1 | DQ101: 1 | DU101: 1013 | DV101: ШТ | DW101: ШТ | DX101: 1 | EE101: 72340638 | EF101: 2 | EG101: Общестроительные работы | EH101: 21 | EI101: Автомобильные дороги | EJ101: 1 | EK101: 27001 | EL101: Автомобильные дороги | EM101: ФЕР-27 | EQ101: 0 | ER101: 0 | ES101: 0 | ET101: 0 | EU101: 0 | EV101: 0 | EW101: 0 | EX101: 0 | FQ101: 0 | FR101: 0 | FS101: 0 | FX101: 147 | FY101: 134 | GD101: 1 | GF101: 1558787212 | GG101: 2 | GH101: 1 | GI101: -2 | GJ101: 0 | GK101: 0 | GL101: =ROUND(IF(AND(BH101=3,BI101=3,FS101<>0),P101,0),2) -> 0 | GM101: =ROUND(O101+X101+Y101,2)+GX101 -> 0 | GN101: =IF(OR(BI101=0,BI101=1),GM101-GX101,0) -> 0 | GO101: =IF(BI101=2,GM101-GX101,0) -> 0 | GP101: =IF(BI101=4,GM101-GX101,0) -> 0 | GR101: 0 | GS101: 3 | GT101: 0 | GV101: =ROUND((GT101),6) -> 0 | GW101: 1 | GX101: =ROUND(HC101*I101,2) -> 0 | HA101: 0 | HB101: 0 | HC101: =GV101*GW101 -> 0 | HN101: Пр/812-021.0-1 | HO101: Пр/774-021.0 | HP101: Автомобильные дороги | HQ101: Автомобильные дороги | HS101: 0 | IK101: 0
A102: 17 | B102: 1 | E102: 31 | F102: 22.2.02.23-0302 | G102: Таблички-указатели кабельных трасс пластиковые односторонние, размеры 300х400х5 мм | H102: 100 ШТ | I102: =ROUND(4/100,7) -> 0.04 | J102: 0 | K102: =ROUND(4/100,7) -> 0.04 | O102: =ROUND(CP102,2) -> 3848.93 | P102: =ROUND(CQ102*I102,2) -> 3848.93 | Q102: =ROUND(CR102*I102,2) -> 0 | R102: =ROUND(CS102*I102,2) -> 0 | S102: =ROUND(CT102*I102,2) -> 0 | T102: =ROUND(CU102*I102,2) -> 0 | U102: =ROUND(CV102*I102,7) -> 0 | V102: =ROUND(CW102*I102,7) -> 0 | W102: =ROUND(CX102*I102,2) -> 0 | X102: =ROUND(CY102,2) -> 0 | Y102: =ROUND(CZ102,2) -> 0 | AA102: 73938991 | AB102: =ROUND((AC102+AD102+AF102),6) -> 69225.4 | AC102: =ROUND((ES102),6) -> 69225.4 | AD102: =ROUND((((ET102)-(EU102))+AE102),6) -> 0 | AE102: =ROUND((EU102),6) -> 0 | AF102: =ROUND((EV102),6) -> 0 | AG102: =ROUND((AP102),6) -> 0 | AH102: =(EW102) -> 0 | AI102: =(EX102) -> 0 | AJ102: =(AS102) -> 0 | AK102: 69225.4 | AL102: 69225.4 | AM102: 0 | AN102: 0 | AO102: 0 | AP102: 0 | AQ102: 0 | AR102: 0 | AS102: 0 | AT102: 0 | AU102: 0 | AV102: 1 | AW102: 1 | AZ102: 1 | BA102: 1 | BB102: 1 | BC102: 1.39 | BH102: 3 | BI102: 2 | BJ102: ФСБЦ-2022, 22.2.02.23-0302, приказ Минстроя России от 18.05.2022 г. № 378/пр | BM102: 500002 | BN102: 0 | BO102: 22.2.02.23-0302 | BP102: 1 | BQ102: 12 | BR102: 0 | BS102: 1 | BT102: 1 | BU102: 1 | BV102: 1 | BW102: 1 | BX102: 1 | BZ102: 0 | CA102: 0 | CE102: 0 | CF102: 0 | CG102: 0 | CM102: 0 | CO102: 0 | CP102: =(P102+Q102+S102+R102) -> 3848.93 | CQ102: =ROUND(AL102*BC102,2) -> 96223.31 | CR102: =ROUND(AM102*BB102,2) -> 0 | CS102: =ROUND(AN102*BS102,2) -> 0 | CT102: =ROUND(AO102*BA102,2) -> 0 | CU102: =AG102 -> 0 | CV102: =AH102 -> 0 | CW102: =AI102 -> 0 | CX102: =AJ102 -> 0 | CY102: =0 -> 0 | CZ102: =0 -> 0 | DN102: 0 | DO102: 0 | DP102: 1 | DQ102: 1 | DU102: 1013 | DV102: 100 ШТ | DW102: 100 ШТ | DX102: 1 | EE102: 72340531 | EF102: 12 | EG102: Материалы монтажные | EH102: 0 | EJ102: 2 | EK102: 500002 | EL102: Материалы и конструкции ( монтажные ) по ценникам и каталогам | EM102: ФССЦм | EQ102: 0 | ER102: 69225.4 | ES102: 69225.4 | ET102: 0 | EU102: 0 | EV102: 0 | EW102: 0 | EX102: 0 | EY102: 0 | FQ102: 0 | FR102: 0 | FS102: 0 | FX102: 0 | FY102: 0 | GD102: 1 | GF102: 1134049418 | GG102: 2 | GH102: 1 | GI102: 2 | GJ102: 0 | GK102: 0 | GL102: =ROUND(IF(AND(BH102=3,BI102=3,FS102<>0),P102,0),2) -> 0 | GM102: =ROUND(O102+X102+Y102,2)+GX102 -> 3848.93 | GN102: =IF(OR(BI102=0,BI102=1),GM102-GX102,0) -> 0 | GO102: =IF(BI102=2,GM102-GX102,0) -> 3848.93 | GP102: =IF(BI102=4,GM102-GX102,0) -> 0 | GR102: 0 | GS102: 3 | GT102: 0 | GV102: =ROUND((GT102),6) -> 0 | GW102: 1 | GX102: =ROUND(HC102*I102,2) -> 0 | HA102: 0 | HB102: 0 | HC102: =GV102*GW102 -> 0 | HS102: 0 | IK102: 0
A103: 17 | B103: 1 | E103: 32 | F103: 20.1.02.23-0174 | G103: Столбик замерный, опознавательный, пластиковый для подземных кабельных линий связи, диаметр 83 мм, высота 2200 мм | H103: ШТ | I103: 4 | J103: 0 | K103: 4 | O103: =ROUND(CP103,2) -> 3965.68 | P103: =ROUND(CQ103*I103,2) -> 3965.68 | Q103: =ROUND(CR103*I103,2) -> 0 | R103: =ROUND(CS103*I103,2) -> 0 | S103: =ROUND(CT103*I103,2) -> 0 | T103: =ROUND(CU103*I103,2) -> 0 | U103: =ROUND(CV103*I103,7) -> 0 | V103: =ROUND(CW103*I103,7) -> 0 | W103: =ROUND(CX103*I103,2) -> 0 | X103: =ROUND(CY103,2) -> 0 | Y103: =ROUND(CZ103,2) -> 0 | AA103: 73938991 | AB103: =ROUND((AC103+AD103+AF103),6) -> 713.25 | AC103: =ROUND((ES103),6) -> 713.25 | AD103: =ROUND((((ET103)-(EU103))+AE103),6) -> 0 | AE103: =ROUND((EU103),6) -> 0 | AF103: =ROUND((EV103),6) -> 0 | AG103: =ROUND((AP103),6) -> 0 | AH103: =(EW103) -> 0 | AI103: =(EX103) -> 0 | AJ103: =(AS103) -> 0 | AK103: 713.25 | AL103: 713.25 | AM103: 0 | AN103: 0 | AO103: 0 | AP103: 0 | AQ103: 0 | AR103: 0 | AS103: 0 | AT103: 0 | AU103: 0 | AV103: 1 | AW103: 1 | AZ103: 1 | BA103: 1 | BB103: 1 | BC103: 1.39 | BH103: 3 | BI103: 2 | BJ103: ФСБЦ-2022, 20.1.02.23-0174, приказ Минстроя России от 18.05.2022 г. № 378/пр | BM103: 500002 | BN103: 0 | BO103: 20.1.02.23-0174 | BP103: 1 | BQ103: 12 | BR103: 0 | BS103: 1 | BT103: 1 | BU103: 1 | BV103: 1 | BW103: 1 | BX103: 1 | BZ103: 0 | CA103: 0 | CE103: 0 | CF103: 0 | CG103: 0 | CM103: 0 | CO103: 0 | CP103: =(P103+Q103+S103+R103) -> 3965.68 | CQ103: =ROUND(AL103*BC103,2) -> 991.42 | CR103: =ROUND(AM103*BB103,2) -> 0 | CS103: =ROUND(AN103*BS103,2) -> 0 | CT103: =ROUND(AO103*BA103,2) -> 0 | CU103: =AG103 -> 0 | CV103: =AH103 -> 0 | CW103: =AI103 -> 0 | CX103: =AJ103 -> 0 | CY103: =0 -> 0 | CZ103: =0 -> 0 | DN103: 0 | DO103: 0 | DP103: 1 | DQ103: 1 | DU103: 1013 | DV103: ШТ | DW103: ШТ | DX103: 1 | EE103: 72340531 | EF103: 12 | EG103: Материалы монтажные | EH103: 0 | EJ103: 2 | EK103: 500002 | EL103: Материалы и конструкции ( монтажные ) по ценникам и каталогам | EM103: ФССЦм | EQ103: 0 | ER103: 713.25 | ES103: 713.25 | ET103: 0 | EU103: 0 | EV103: 0 | EW103: 0 | EX103: 0 | EY103: 0 | FQ103: 0 | FR103: 0 | FS103: 0 | FX103: 0 | FY103: 0 | GD103: 1 | GF103: -10111022 | GG103: 2 | GH103: 1 | GI103: 2 | GJ103: 0 | GK103: 0 | GL103: =ROUND(IF(AND(BH103=3,BI103=3,FS103<>0),P103,0),2) -> 0 | GM103: =ROUND(O103+X103+Y103,2)+GX103 -> 3965.68 | GN103: =IF(OR(BI103=0,BI103=1),GM103-GX103,0) -> 0 | GO103: =IF(BI103=2,GM103-GX103,0) -> 3965.68 | GP103: =IF(BI103=4,GM103-GX103,0) -> 0 | GR103: 0 | GS103: 3 | GT103: 0 | GV103: =ROUND((GT103),6) -> 0 | GW103: 1 | GX103: =ROUND(HC103*I103,2) -> 0 | HA103: 0 | HB103: 0 | HC103: =GV103*GW103 -> 0 | HS103: 0 | IK103: 0
A104: 17 | B104: 1 | C104: =ROW(SmtRes!A112) -> 112 | D104: =ROW(EtalonRes!A124) -> 124 | E104: 33 | F104: 06-01-001-01 | G104: Устройство бетонной подготовки | H104: 100 м3 | I104: =ROUND(0.104/100,7) -> 0.00104 | J104: 0 | K104: =ROUND(0.104/100,7) -> 0.00104 | O104: =ROUND(CP104,2) -> 78.34 | P104: =SUMIF(SmtRes!AQ105:'SmtRes'!AQ112,"=1",SmtRes!DF105:'SmtRes'!DF112) -> 3.69 | Q104: =SUMIF(SmtRes!AQ105:'SmtRes'!AQ112,"=1",SmtRes!DG105:'SmtRes'!DG112) -> 18.83 | R104: =SUMIF(SmtRes!AQ105:'SmtRes'!AQ112,"=1",SmtRes!DH105:'SmtRes'!DH112) -> 10.11 | S104: =SUMIF(SmtRes!AQ105:'SmtRes'!AQ112,"=1",SmtRes!DI105:'SmtRes'!DI112) -> 45.71 | T104: =ROUND(CU104*I104,2) -> 0 | U104: =SUMIF(SmtRes!AQ105:'SmtRes'!AQ112,"=1",SmtRes!CV105:'SmtRes'!CV112) -> 0.1404 | V104: =SUMIF(SmtRes!AQ105:'SmtRes'!AQ112,"=1",SmtRes!CW105:'SmtRes'!CW112) -> 0.0188448 | W104: =ROUND(CX104*I104,2) -> 0 | X104: =ROUND(CY104,2) -> 56.94 | Y104: =ROUND(CZ104,2) -> 32.38 | AA104: 73938991 | AB104: =ROUND((AC104+AD104+AF104),6) -> 58558.459 | AC104: =ROUND((SUM(SmtRes!BQ105:'SmtRes'!BQ112)),6) -> 3269.9925 | AD104: =ROUND((((SUM(SmtRes!BR105:'SmtRes'!BR112))-(SUM(SmtRes!BS105:'SmtRes'!BS112)))+AE104),6) -> 11336.516 | AE104: =ROUND((SUM(SmtRes!BS105:'SmtRes'!BS112)),6) -> 9725.5488 | AF104: =ROUND((SUM(SmtRes!BT105:'SmtRes'!BT112)),6) -> 43951.95 | AG104: =ROUND((AP104),6) -> 0 | AH104: =(SUM(SmtRes!BU105:'SmtRes'!BU112)) -> 135 | AI104: =(SUM(SmtRes!BV105:'SmtRes'!BV112)) -> 18.12 | AJ104: =(AS104) -> 0 | AK104: 68284.007 | AL104: 3269.9925 | AM104: 11336.516 | AN104: 9725.5488 | AO104: 43951.95 | AP104: 0 | AQ104: 135 | AR104: 18.12 | AS104: 0 | AT104: 102 | AU104: 58 | AV104: 1 | AW104: 1 | AZ104: 1 | BA104: 1 | BB104: 1 | BC104: 1 | BH104: 0 | BI104: 1 | BJ104: ГЭСН-2022 доп.18, 06-01-001-01, приказ Минстроя России от 15.05.2026 г. № 301/пр | BM104: 6001 | BN104: 0 | BP104: 0 | BQ104: 2 | BR104: 0 | BS104: 1 | BT104: 1 | BU104: 1 | BV104: 1 | BW104: 1 | BX104: 1 | BZ104: 102 | CA104: 58 | CE104: 0 | CF104: 0 | CG104: 0 | CM104: 0 | CO104: 0 | CP104: =(P104+Q104+S104+R104) -> 78.34 | CQ104: =SUMIF(SmtRes!AQ105:'SmtRes'!AQ112,"=1",SmtRes!AA105:'SmtRes'!AA112) -> 45.4 | CR104: =SUMIF(SmtRes!AQ105:'SmtRes'!AQ112,"=1",SmtRes!AB105:'SmtRes'!AB112) -> 1668.45 | CS104: =SUMIF(SmtRes!AQ105:'SmtRes'!AQ112,"=1",SmtRes!AC105:'SmtRes'!AC112) -> 937.88 | CT104: =SUMIF(SmtRes!AQ105:'SmtRes'!AQ112,"=1",SmtRes!AD105:'SmtRes'!AD112) -> 325.57 | CU104: =AG104 -> 0 | CV104: =SUMIF(SmtRes!AQ105:'SmtRes'!AQ112,"=1",SmtRes!BU105:'SmtRes'!BU112) -> 135 | CW104: =SUMIF(SmtRes!AQ105:'SmtRes'!AQ112,"=1",SmtRes!BV105:'SmtRes'!BV112) -> 18.12 | CX104: =AJ104 -> 0 | CY104: =(((S104+R104)*AT104)/100) -> 56.9364 | CZ104: =(((S104+R104)*AU104)/100) -> 32.3756 | DN104: 0 | DO104: 0 | DP104: 1 | DQ104: 1 | DU104: 1007 | DV104: 100 м3 | DW104: 100 м3 | DX104: 100 | EE104: 72340584 | EF104: 2 | EG104: Общестроительные работы | EH104: 6 | EI104: Бетонные и железобетонные монолитные конструкции и работы в строительстве | EJ104: 1 | EK104: 6001 | EL104: Бетонные и железобетонные монолитные конструкции и работы в строительстве | EM104: ФЕР-06 | EQ104: 0 | ER104: 0 | ES104: 0 | ET104: 0 | EU104: 0 | EV104: 0 | EW104: 135 | EX104: 18.12 | EY104: 0 | FQ104: 0 | FR104: 0 | FS104: 0 | FX104: 102 | FY104: 58 | GD104: 1 | GF104: -1561135117 | GG104: 2 | GH104: 1 | GI104: -2 | GJ104: 0 | GK104: 0 | GL104: =ROUND(IF(AND(BH104=3,BI104=3,FS104<>0),P104,0),2) -> 0 | GM104: =ROUND(O104+X104+Y104,2)+GX104 -> 167.66 | GN104: =IF(OR(BI104=0,BI104=1),GM104-GX104,0) -> 167.66 | GO104: =IF(BI104=2,GM104-GX104,0) -> 0 | GP104: =IF(BI104=4,GM104-GX104,0) -> 0 | GR104: 0 | GS104: 3 | GT104: 0 | GV104: =ROUND((GT104),6) -> 0 | GW104: 1 | GX104: =ROUND(HC104*I104,2) -> 0 | HA104: 0 | HB104: 0 | HC104: =GV104*GW104 -> 0 | HN104: Пр/812-006.0-1 | HO104: Пр/774-006.0 | HP104: Бетонные и железобетонные монолитные конструкции и работы в строительстве | HQ104: Бетонные и железобетонные монолитные конструкции и работы в строительстве | HS104: 0 | IK104: 0
A105: 18 | B105: 1 | C105: 112 | E105: 33,1 | F105: 04.1.02.05-0110 | G105: Смеси бетонные тяжелого бетона (БСТ) на щебне из гравия, класс В7,5, F(1)50, W2 | H105: м3 | I105: =I104*J105 -> 0.104 | J105: 100 | K105: 100 | O105: =ROUND(CP105,2) -> 609.93 | P105: =ROUND(CQ105*I105,2) -> 609.93 | Q105: =ROUND(CR105*I105,2) -> 0 | R105: =ROUND(CS105*I105,2) -> 0 | S105: =ROUND(CT105*I105,2) -> 0 | T105: =ROUND(CU105*I105,2) -> 0 | U105: =ROUND(CV105*I105,7) -> 0 | V105: =ROUND(CW105*I105,7) -> 0 | W105: =ROUND(CX105*I105,2) -> 0 | X105: =ROUND(CY105,2) -> 0 | Y105: =ROUND(CZ105,2) -> 0 | AA105: 73938991 | AB105: =ROUND((AC105+AD105+AF105),6) -> 4044.61 | AC105: =ROUND((ES105),6) -> 4044.61 | AD105: =ROUND((((ET105)-(EU105))+AE105),6) -> 0 | AE105: =ROUND((EU105),6) -> 0 | AF105: =ROUND((EV105),6) -> 0 | AG105: =ROUND((AP105),6) -> 0 | AH105: =(EW105) -> 0 | AI105: =(EX105) -> 0 | AJ105: =(AS105) -> 0 | AK105: 4044.61 | AL105: 4044.61 | AM105: 0 | AN105: 0 | AO105: 0 | AP105: 0 | AQ105: 0 | AR105: 0 | AS105: 0 | AT105: 102 | AU105: 58 | AV105: 1 | AW105: 1 | AZ105: 1 | BA105: 1 | BB105: 1 | BC105: 1.45 | BH105: 3 | BI105: 1 | BJ105: ФСБЦ-2022 доп.14, 04.1.02.05-0110, приказ Минстроя России от 19.05.2025 г. № 299/пр | BM105: 6001 | BN105: 0 | BO105: 04.1.02.05-0110 | BP105: 1 | BQ105: 2 | BR105: 0 | BS105: 1 | BT105: 1 | BU105: 1 | BV105: 1 | BW105: 1 | BX105: 1 | BZ105: 102 | CA105: 58 | CE105: 0 | CF105: 0 | CG105: 0 | CM105: 0 | CO105: 0 | CP105: =(P105+Q105+S105+R105) -> 609.93 | CQ105: =ROUND(AL105*BC105,2) -> 5864.68 | CR105: =ROUND(AM105*BB105,2) -> 0 | CS105: =ROUND(AN105*BS105,2) -> 0 | CT105: =ROUND(AO105*BA105,2) -> 0 | CU105: =AG105 -> 0 | CV105: =AH105 -> 0 | CW105: =AI105 -> 0 | CX105: =AJ105 -> 0 | CY105: =(((S105+R105)*AT105)/100) -> 0 | CZ105: =(((S105+R105)*AU105)/100) -> 0 | DN105: 0 | DO105: 0 | DP105: 1 | DQ105: 1 | DU105: 1007 | DV105: м3 | DW105: м3 | DX105: 1 | EE105: 72340584 | EF105: 2 | EG105: Общестроительные работы | EH105: 6 | EI105: Бетонные и железобетонные монолитные конструкции и работы в строительстве | EJ105: 1 | EK105: 6001 | EL105: Бетонные и железобетонные монолитные конструкции и работы в строительстве | EM105: ФЕР-06 | EQ105: 0 | ER105: 4044.61 | ES105: 4044.61 | ET105: 0 | EU105: 0 | EV105: 0 | EW105: 0 | EX105: 0 | FQ105: 0 | FR105: 0 | FS105: 0 | FX105: 102 | FY105: 58 | GD105: 1 | GF105: -993322229 | GG105: 2 | GH105: 1 | GI105: 2 | GJ105: 0 | GK105: 0 | GL105: =ROUND(IF(AND(BH105=3,BI105=3,FS105<>0),P105,0),2) -> 0 | GM105: =ROUND(O105+X105+Y105,2)+GX105 -> 609.93 | GN105: =IF(OR(BI105=0,BI105=1),GM105-GX105,0) -> 609.93 | GO105: =IF(BI105=2,GM105-GX105,0) -> 0 | GP105: =IF(BI105=4,GM105-GX105,0) -> 0 | GR105: 0 | GS105: 3 | GT105: 0 | GV105: =ROUND((GT105),6) -> 0 | GW105: 1 | GX105: =ROUND(HC105*I105,2) -> 0 | HA105: 0 | HB105: 0 | HC105: =GV105*GW105 -> 0 | HN105: Пр/812-006.0-1 | HO105: Пр/774-006.0 | HP105: Бетонные и железобетонные монолитные конструкции и работы в строительстве | HQ105: Бетонные и железобетонные монолитные конструкции и работы в строительстве | HS105: 0 | IK105: 0
A106: 17 | B106: 1 | C106: =ROW(SmtRes!A118) -> 118 | D106: =ROW(EtalonRes!A130) -> 130 | E106: 34 | F106: 06-03-004-01 | G106: Установка анкерных болтов: в готовые гнезда с заделкой длиной до 1 м | H106: т | I106: 0.001 | J106: 0 | K106: 0.001 | O106: =ROUND(CP106,2) -> 108.38 | P106: =SUMIF(SmtRes!AQ113:'SmtRes'!AQ118,"=1",SmtRes!DF113:'SmtRes'!DF118) -> 0.82 | Q106: =SUMIF(SmtRes!AQ113:'SmtRes'!AQ118,"=1",SmtRes!DG113:'SmtRes'!DG118) -> 0.68 | R106: =SUMIF(SmtRes!AQ113:'SmtRes'!AQ118,"=1",SmtRes!DH113:'SmtRes'!DH118) -> 0.27 | S106: =SUMIF(SmtRes!AQ113:'SmtRes'!AQ118,"=1",SmtRes!DI113:'SmtRes'!DI118) -> 106.61 | T106: =ROUND(CU106*I106,2) -> 0 | U106: =SUMIF(SmtRes!AQ113:'SmtRes'!AQ118,"=1",SmtRes!CV113:'SmtRes'!CV118) -> 0.289 | V106: =SUMIF(SmtRes!AQ113:'SmtRes'!AQ118,"=1",SmtRes!CW113:'SmtRes'!CW118) -> 0.00059 | W106: =ROUND(CX106*I106,2) -> 0 | X106: =ROUND(CY106,2) -> 109.02 | Y106: =ROUND(CZ106,2) -> 61.99 | AA106: 73938991 | AB106: =ROUND((AC106+AD106+AF106),6) -> 107898.54 | AC106: =ROUND((SUM(SmtRes!BQ113:'SmtRes'!BQ118)),6) -> 610.1576 | AD106: =ROUND((((SUM(SmtRes!BR113:'SmtRes'!BR118))-(SUM(SmtRes!BS113:'SmtRes'!BS118)))+AE106),6) -> 682.063 | AE106: =ROUND((SUM(SmtRes!BS113:'SmtRes'!BS118)),6) -> 270.4916 | AF106: =ROUND((SUM(SmtRes!BT113:'SmtRes'!BT118)),6) -> 106606.32 | AG106: =ROUND((AP106),6) -> 0 | AH106: =(SUM(SmtRes!BU113:'SmtRes'!BU118)) -> 289 | AI106: =(SUM(SmtRes!BV113:'SmtRes'!BV118)) -> 0.59 | AJ106: =(AS106) -> 0 | AK106: 108169.03 | AL106: 610.1576 | AM106: 682.063 | AN106: 270.4916 | AO106: 106606.32 | AP106: 0 | AQ106: 289 | AR106: 0.59 | AS106: 0 | AT106: 102 | AU106: 58 | AV106: 1 | AW106: 1 | AZ106: 1 | BA106: 1 | BB106: 1 | BC106: 1 | BH106: 0 | BI106: 1 | BJ106: ГЭСН-2022 доп.16, 06-03-004-01, приказ Минстроя России от 12.11.2025 г. № 696/пр | BM106: 6001 | BN106: 0 | BP106: 0 | BQ106: 2 | BR106: 0 | BS106: 1 | BT106: 1 | BU106: 1 | BV106: 1 | BW106: 1 | BX106: 1 | BZ106: 102 | CA106: 58 | CE106: 0 | CF106: 0 | CG106: 0 | CM106: 0 | CO106: 0 | CP106: =(P106+Q106+S106+R106) -> 108.38 | CQ106: =SUMIF(SmtRes!AQ113:'SmtRes'!AQ118,"=1",SmtRes!AA113:'SmtRes'!AA118) -> 82371.28 | CR106: =SUMIF(SmtRes!AQ113:'SmtRes'!AQ118,"=1",SmtRes!AB113:'SmtRes'!AB118) -> 2492.11 | CS106: =SUMIF(SmtRes!AQ113:'SmtRes'!AQ118,"=1",SmtRes!AC113:'SmtRes'!AC118) -> 937.88 | CT106: =SUMIF(SmtRes!AQ113:'SmtRes'!AQ118,"=1",SmtRes!AD113:'SmtRes'!AD118) -> 368.88 | CU106: =AG106 -> 0 | CV106: =SUMIF(SmtRes!AQ113:'SmtRes'!AQ118,"=1",SmtRes!BU113:'SmtRes'!BU118) -> 289 | CW106: =SUMIF(SmtRes!AQ113:'SmtRes'!AQ118,"=1",SmtRes!BV113:'SmtRes'!BV118) -> 0.59 | CX106: =AJ106 -> 0 | CY106: =(((S106+R106)*AT106)/100) -> 109.0176 | CZ106: =(((S106+R106)*AU106)/100) -> 61.9904 | DN106: 0 | DO106: 0 | DP106: 1 | DQ106: 1 | DU106: 1009 | DV106: т | DW106: т | DX106: 1000 | EE106: 72340584 | EF106: 2 | EG106: Общестроительные работы | EH106: 6 | EI106: Бетонные и железобетонные монолитные конструкции и работы в строительстве | EJ106: 1 | EK106: 6001 | EL106: Бетонные и железобетонные монолитные конструкции и работы в строительстве | EM106: ФЕР-06 | EQ106: 0 | ER106: 0 | ES106: 0 | ET106: 0 | EU106: 0 | EV106: 0 | EW106: 289 | EX106: 0.59 | EY106: 0 | FQ106: 0 | FR106: 0 | FS106: 0 | FX106: 102 | FY106: 58 | GD106: 1 | GF106: -1181679143 | GG106: 2 | GH106: 1 | GI106: -2 | GJ106: 0 | GK106: 0 | GL106: =ROUND(IF(AND(BH106=3,BI106=3,FS106<>0),P106,0),2) -> 0 | GM106: =ROUND(O106+X106+Y106,2)+GX106 -> 279.39 | GN106: =IF(OR(BI106=0,BI106=1),GM106-GX106,0) -> 279.39 | GO106: =IF(BI106=2,GM106-GX106,0) -> 0 | GP106: =IF(BI106=4,GM106-GX106,0) -> 0 | GR106: 0 | GS106: 3 | GT106: 0 | GV106: =ROUND((GT106),6) -> 0 | GW106: 1 | GX106: =ROUND(HC106*I106,2) -> 0 | HA106: 0 | HB106: 0 | HC106: =GV106*GW106 -> 0 | HN106: Пр/812-006.0-1 | HO106: Пр/774-006.0 | HP106: Бетонные и железобетонные монолитные конструкции и работы в строительстве | HQ106: Бетонные и железобетонные монолитные конструкции и работы в строительстве | HS106: 0 | IK106: 0
A107: 18 | B107: 1 | C107: 118 | E107: 34,1 | F107: 08.4.01.01-0025 | G107: Болты анкерные фундаментные стальные в комплекте с двумя гайками М12 и шайбами М12, тип 1, диаметр М12 | H107: т | I107: =I106*J107 -> 0.001 | J107: 1 | K107: 1 | O107: =ROUND(CP107,2) -> 214.72 | P107: =ROUND(CQ107*I107,2) -> 214.72 | Q107: =ROUND(CR107*I107,2) -> 0 | R107: =ROUND(CS107*I107,2) -> 0 | S107: =ROUND(CT107*I107,2) -> 0 | T107: =ROUND(CU107*I107,2) -> 0 | U107: =ROUND(CV107*I107,7) -> 0 | V107: =ROUND(CW107*I107,7) -> 0 | W107: =ROUND(CX107*I107,2) -> 0 | X107: =ROUND(CY107,2) -> 0 | Y107: =ROUND(CZ107,2) -> 0 | AA107: 73938991 | AB107: =ROUND((AC107+AD107+AF107),6) -> 191710.91 | AC107: =ROUND((ES107),6) -> 191710.91 | AD107: =ROUND((((ET107)-(EU107))+AE107),6) -> 0 | AE107: =ROUND((EU107),6) -> 0 | AF107: =ROUND((EV107),6) -> 0 | AG107: =ROUND((AP107),6) -> 0 | AH107: =(EW107) -> 0 | AI107: =(EX107) -> 0 | AJ107: =(AS107) -> 0 | AK107: 191710.91 | AL107: 191710.91 | AM107: 0 | AN107: 0 | AO107: 0 | AP107: 0 | AQ107: 0 | AR107: 0 | AS107: 0 | AT107: 102 | AU107: 58 | AV107: 1 | AW107: 1 | AZ107: 1 | BA107: 1 | BB107: 1 | BC107: 1.12 | BH107: 3 | BI107: 1 | BJ107: ФСБЦ-2022 доп.2, 08.4.01.01-0025, приказ Минстроя России от 26.08.2022 г. № 703/пр | BM107: 6001 | BN107: 0 | BO107: 08.4.01.01-0025 | BP107: 1 | BQ107: 2 | BR107: 0 | BS107: 1 | BT107: 1 | BU107: 1 | BV107: 1 | BW107: 1 | BX107: 1 | BZ107: 102 | CA107: 58 | CE107: 0 | CF107: 0 | CG107: 0 | CM107: 0 | CO107: 0 | CP107: =(P107+Q107+S107+R107) -> 214.72 | CQ107: =ROUND(AL107*BC107,2) -> 214716.22 | CR107: =ROUND(AM107*BB107,2) -> 0 | CS107: =ROUND(AN107*BS107,2) -> 0 | CT107: =ROUND(AO107*BA107,2) -> 0 | CU107: =AG107 -> 0 | CV107: =AH107 -> 0 | CW107: =AI107 -> 0 | CX107: =AJ107 -> 0 | CY107: =(((S107+R107)*AT107)/100) -> 0 | CZ107: =(((S107+R107)*AU107)/100) -> 0 | DN107: 0 | DO107: 0 | DP107: 1 | DQ107: 1 | DU107: 1009 | DV107: т | DW107: т | DX107: 1000 | EE107: 72340584 | EF107: 2 | EG107: Общестроительные работы | EH107: 6 | EI107: Бетонные и железобетонные монолитные конструкции и работы в строительстве | EJ107: 1 | EK107: 6001 | EL107: Бетонные и железобетонные монолитные конструкции и работы в строительстве | EM107: ФЕР-06 | EQ107: 0 | ER107: 191710.91 | ES107: 191710.91 | ET107: 0 | EU107: 0 | EV107: 0 | EW107: 0 | EX107: 0 | FQ107: 0 | FR107: 0 | FS107: 0 | FX107: 102 | FY107: 58 | GD107: 1 | GF107: -853630379 | GG107: 2 | GH107: 1 | GI107: 2 | GJ107: 0 | GK107: 0 | GL107: =ROUND(IF(AND(BH107=3,BI107=3,FS107<>0),P107,0),2) -> 0 | GM107: =ROUND(O107+X107+Y107,2)+GX107 -> 214.72 | GN107: =IF(OR(BI107=0,BI107=1),GM107-GX107,0) -> 214.72 | GO107: =IF(BI107=2,GM107-GX107,0) -> 0 | GP107: =IF(BI107=4,GM107-GX107,0) -> 0 | GR107: 0 | GS107: 3 | GT107: 0 | GV107: =ROUND((GT107),6) -> 0 | GW107: 1 | GX107: =ROUND(HC107*I107,2) -> 0 | HA107: 0 | HB107: 0 | HC107: =GV107*GW107 -> 0 | HN107: Пр/812-006.0-1 | HO107: Пр/774-006.0 | HP107: Бетонные и железобетонные монолитные конструкции и работы в строительстве | HQ107: Бетонные и железобетонные монолитные конструкции и работы в строительстве | HS107: 0 | IK107: 0
A108: 17 | B108: 1 | C108: =ROW(SmtRes!A121) -> 121 | D108: =ROW(EtalonRes!A133) -> 133 | E108: 35 | F108: 24-02-120-01 | G108: Очистка полости трубопровода продувкой воздухом, номинальный диаметр газопровода: 50 мм | H108: 100 м | I108: =ROUND(102/100,7) -> 1.02 | J108: 0 | K108: =ROUND(102/100,7) -> 1.02 | O108: =ROUND(CP108,2) -> 334.12 | P108: =SUMIF(SmtRes!AQ119:'SmtRes'!AQ121,"=1",SmtRes!DF119:'SmtRes'!DF121) -> 0 | Q108: =SUMIF(SmtRes!AQ119:'SmtRes'!AQ121,"=1",SmtRes!DG119:'SmtRes'!DG121) -> 85.09 | R108: =SUMIF(SmtRes!AQ119:'SmtRes'!AQ121,"=1",SmtRes!DH119:'SmtRes'!DH121) -> 81.65 | S108: =SUMIF(SmtRes!AQ119:'SmtRes'!AQ121,"=1",SmtRes!DI119:'SmtRes'!DI121) -> 167.38 | T108: =ROUND(CU108*I108,2) -> 0 | U108: =SUMIF(SmtRes!AQ119:'SmtRes'!AQ121,"=1",SmtRes!CV119:'SmtRes'!CV121) -> 0.4182 | V108: =SUMIF(SmtRes!AQ119:'SmtRes'!AQ121,"=1",SmtRes!CW119:'SmtRes'!CW121) -> 0.204 | W108: =ROUND(CX108*I108,2) -> 0 | X108: =ROUND(CY108,2) -> 291.37 | Y108: =ROUND(CZ108,2) -> 184.28 | AA108: 73938991 | AB108: =ROUND((AC108+AD108+AF108),6) -> 247.5224 | AC108: =ROUND((0),6) -> 0 | AD108: =ROUND((((SUM(SmtRes!BR119:'SmtRes'!BR121))-(SUM(SmtRes!BS119:'SmtRes'!BS121)))+AE108),6) -> 83.424 | AE108: =ROUND((SUM(SmtRes!BS119:'SmtRes'!BS121)),6) -> 80.048 | AF108: =ROUND((SUM(SmtRes!BT119:'SmtRes'!BT121)),6) -> 164.0984 | AG108: =ROUND((AP108),6) -> 0 | AH108: =(SUM(SmtRes!BU119:'SmtRes'!BU121)) -> 0.41 | AI108: =(SUM(SmtRes!BV119:'SmtRes'!BV121)) -> 0.2 | AJ108: =(AS108) -> 0 | AK108: 327.5704 | AL108: 0 | AM108: 83.424 | AN108: 80.048 | AO108: 164.0984 | AP108: 0 | AQ108: 0.41 | AR108: 0.2 | AS108: 0 | AT108: 117 | AU108: 74 | AV108: 1 | AW108: 1 | AZ108: 1 | BA108: 1 | BB108: 1 | BC108: 1 | BH108: 0 | BI108: 1 | BJ108: ГЭСН-2022, 24-02-120-01, приказ Минстроя России от 18.05.2022 г. № 378/пр | BM108: 24001 | BN108: 0 | BP108: 0 | BQ108: 2 | BR108: 0 | BS108: 1 | BT108: 1 | BU108: 1 | BV108: 1 | BW108: 1 | BX108: 1 | BZ108: 117 | CA108: 74 | CE108: 0 | CF108: 0 | CG108: 0 | CM108: 0 | CO108: 0 | CP108: =(P108+Q108+S108+R108) -> 334.12 | CQ108: =SUMIF(SmtRes!AQ119:'SmtRes'!AQ121,"=1",SmtRes!AA119:'SmtRes'!AA121) -> 0 | CR108: =SUMIF(SmtRes!AQ119:'SmtRes'!AQ121,"=1",SmtRes!AB119:'SmtRes'!AB121) -> 417.12 | CS108: =SUMIF(SmtRes!AQ119:'SmtRes'!AQ121,"=1",SmtRes!AC119:'SmtRes'!AC121) -> 400.24 | CT108: =SUMIF(SmtRes!AQ119:'SmtRes'!AQ121,"=1",SmtRes!AD119:'SmtRes'!AD121) -> 400.24 | CU108: =AG108 -> 0 | CV108: =SUMIF(SmtRes!AQ119:'SmtRes'!AQ121,"=1",SmtRes!BU119:'SmtRes'!BU121) -> 0.41 | CW108: =SUMIF(SmtRes!AQ119:'SmtRes'!AQ121,"=1",SmtRes!BV119:'SmtRes'!BV121) -> 0.2 | CX108: =AJ108 -> 0 | CY108: =(((S108+R108)*AT108)/100) -> 291.3651 | CZ108: =(((S108+R108)*AU108)/100) -> 184.2822 | DN108: 0 | DO108: 0 | DP108: 1 | DQ108: 1 | DU108: 1003 | DV108: 100 м | DW108: 100 м | DX108: 100 | EE108: 72340632 | EF108: 2 | EG108: Общестроительные работы | EH108: 18 | EI108: Наружные сети водопровода, канализации, теплоснабжения, газопроводы | EJ108: 1 | EK108: 24001 | EL108: Наружные сети водопровода, канализации, теплоснабжения, газопроводы | EM108: ФЕР-24 | EQ108: 0 | ER108: 0 | ES108: 0 | ET108: 0 | EU108: 0 | EV108: 0 | EW108: 0.41 | EX108: 0.2 | EY108: 0 | FQ108: 0 | FR108: 0 | FS108: 0 | FX108: 117 | FY108: 74 | GD108: 1 | GF108: -414317655 | GG108: 2 | GH108: 1 | GI108: -2 | GJ108: 0 | GK108: 0 | GL108: =ROUND(IF(AND(BH108=3,BI108=3,FS108<>0),P108,0),2) -> 0 | GM108: =ROUND(O108+X108+Y108,2)+GX108 -> 809.77 | GN108: =IF(OR(BI108=0,BI108=1),GM108-GX108,0) -> 809.77 | GO108: =IF(BI108=2,GM108-GX108,0) -> 0 | GP108: =IF(BI108=4,GM108-GX108,0) -> 0 | GR108: 0 | GS108: 3 | GT108: 0 | GV108: =ROUND((GT108),6) -> 0 | GW108: 1 | GX108: =ROUND(HC108*I108,2) -> 0 | HA108: 0 | HB108: 0 | HC108: =GV108*GW108 -> 0 | HN108: Пр/812-018.0-1 | HO108: Пр/774-018.0 | HP108: Наружные сети водопровода, канализации, теплоснабжения, газопроводы | HQ108: Наружные сети водопровода, канализации, теплоснабжения, газопроводы | HS108: 0 | IK108: 0
A109: 17 | B109: 1 | C109: =ROW(SmtRes!A127) -> 127 | D109: =ROW(EtalonRes!A140) -> 140 | E109: 36 | F109: 24-02-035-01 | G109: Опрессовка газопровода из полиэтиленовых труб, диаметром: 32 мм | H109: км | I109: 0.006 | J109: 0 | K109: 0.006 | O109: =ROUND(CP109,2) -> 51.93 | P109: =SUMIF(SmtRes!AQ122:'SmtRes'!AQ127,"=1",SmtRes!DF122:'SmtRes'!DF127) -> 0.04 | Q109: =SUMIF(SmtRes!AQ122:'SmtRes'!AQ127,"=1",SmtRes!DG122:'SmtRes'!DG127) -> 0.26 | R109: =SUMIF(SmtRes!AQ122:'SmtRes'!AQ127,"=1",SmtRes!DH122:'SmtRes'!DH127) -> 0.02 | S109: =SUMIF(SmtRes!AQ122:'SmtRes'!AQ127,"=1",SmtRes!DI122:'SmtRes'!DI127) -> 51.61 | T109: =ROUND(CU109*I109,2) -> 0 | U109: =SUMIF(SmtRes!AQ122:'SmtRes'!AQ127,"=1",SmtRes!CV122:'SmtRes'!CV127) -> 0.12 | V109: =SUMIF(SmtRes!AQ122:'SmtRes'!AQ127,"=1",SmtRes!CW122:'SmtRes'!CW127) -> 6e-05 | W109: =ROUND(CX109*I109,2) -> 0 | X109: =ROUND(CY109,2) -> 60.41 | Y109: =ROUND(CZ109,2) -> 38.21 | AA109: 73938991 | AB109: =ROUND((AC109+AD109+AF109),6) -> 8633.8626 | AC109: =ROUND((SUM(SmtRes!BQ122:'SmtRes'!BQ127)),6) -> 7.2121 | AD109: =ROUND((((SUM(SmtRes!BR122:'SmtRes'!BR127))-(SUM(SmtRes!BS122:'SmtRes'!BS127)))+AE109),6) -> 24.4505 | AE109: =ROUND((SUM(SmtRes!BS122:'SmtRes'!BS127)),6) -> 4.0024 | AF109: =ROUND((SUM(SmtRes!BT122:'SmtRes'!BT127)),6) -> 8602.2 | AG109: =ROUND((AP109),6) -> 0 | AH109: =(SUM(SmtRes!BU122:'SmtRes'!BU127)) -> 20 | AI109: =(SUM(SmtRes!BV122:'SmtRes'!BV127)) -> 0.01 | AJ109: =(AS109) -> 0 | AK109: 8637.865 | AL109: 7.2121 | AM109: 24.4505 | AN109: 4.0024 | AO109: 8602.2 | AP109: 0 | AQ109: 20 | AR109: 0.01 | AS109: 0 | AT109: 117 | AU109: 74 | AV109: 1 | AW109: 1 | AZ109: 1 | BA109: 1 | BB109: 1 | BC109: 1 | BH109: 0 | BI109: 1 | BJ109: ГЭСН-2022 доп.7, 24-02-035-01, приказ Минстроя России от 02.08.2023 г. № 551/пр | BM109: 24001 | BN109: 0 | BP109: 0 | BQ109: 2 | BR109: 0 | BS109: 1 | BT109: 1 | BU109: 1 | BV109: 1 | BW109: 1 | BX109: 1 | BZ109: 117 | CA109: 74 | CE109: 0 | CF109: 0 | CG109: 0 | CM109: 0 | CO109: 0 | CP109: =(P109+Q109+S109+R109) -> 51.93 | CQ109: =SUMIF(SmtRes!AQ122:'SmtRes'!AQ127,"=1",SmtRes!AA122:'SmtRes'!AA127) -> 145.67 | CR109: =SUMIF(SmtRes!AQ122:'SmtRes'!AQ127,"=1",SmtRes!AB122:'SmtRes'!AB127) -> 4327.74 | CS109: =SUMIF(SmtRes!AQ122:'SmtRes'!AQ127,"=1",SmtRes!AC122:'SmtRes'!AC127) -> 400.24 | CT109: =SUMIF(SmtRes!AQ122:'SmtRes'!AQ127,"=1",SmtRes!AD122:'SmtRes'!AD127) -> 860.22 | CU109: =AG109 -> 0 | CV109: =SUMIF(SmtRes!AQ122:'SmtRes'!AQ127,"=1",SmtRes!BU122:'SmtRes'!BU127) -> 20 | CW109: =SUMIF(SmtRes!AQ122:'SmtRes'!AQ127,"=1",SmtRes!BV122:'SmtRes'!BV127) -> 0.01 | CX109: =AJ109 -> 0 | CY109: =(((S109+R109)*AT109)/100) -> 60.4071 | CZ109: =(((S109+R109)*AU109)/100) -> 38.2062 | DN109: 0 | DO109: 0 | DP109: 1 | DQ109: 1 | DU109: 1003 | DV109: км | DW109: км | DX109: 1000 | EE109: 72340632 | EF109: 2 | EG109: Общестроительные работы | EH109: 18 | EI109: Наружные сети водопровода, канализации, теплоснабжения, газопроводы | EJ109: 1 | EK109: 24001 | EL109: Наружные сети водопровода, канализации, теплоснабжения, газопроводы | EM109: ФЕР-24 | EQ109: 0 | ER109: 0 | ES109: 0 | ET109: 0 | EU109: 0 | EV109: 0 | EW109: 20 | EX109: 0.01 | EY109: 0 | FQ109: 0 | FR109: 0 | FS109: 0 | FX109: 117 | FY109: 74 | GD109: 1 | GF109: -254105150 | GG109: 2 | GH109: 1 | GI109: -2 | GJ109: 0 | GK109: 0 | GL109: =ROUND(IF(AND(BH109=3,BI109=3,FS109<>0),P109,0),2) -> 0 | GM109: =ROUND(O109+X109+Y109,2)+GX109 -> 150.55 | GN109: =IF(OR(BI109=0,BI109=1),GM109-GX109,0) -> 150.55 | GO109: =IF(BI109=2,GM109-GX109,0) -> 0 | GP109: =IF(BI109=4,GM109-GX109,0) -> 0 | GR109: 0 | GS109: 3 | GT109: 0 | GV109: =ROUND((GT109),6) -> 0 | GW109: 1 | GX109: =ROUND(HC109*I109,2) -> 0 | HA109: 0 | HB109: 0 | HC109: =GV109*GW109 -> 0 | HN109: Пр/812-018.0-1 | HO109: Пр/774-018.0 | HP109: Наружные сети водопровода, канализации, теплоснабжения, газопроводы | HQ109: Наружные сети водопровода, канализации, теплоснабжения, газопроводы | HS109: 0 | IK109: 0
A110: 17 | B110: 1 | C110: =ROW(SmtRes!A133) -> 133 | D110: =ROW(EtalonRes!A147) -> 147 | E110: 37 | F110: 24-02-035-03 | G110: Опрессовка газопровода из полиэтиленовых труб, диаметром: 63 мм | H110: км | I110: 0.093 | J110: 0 | K110: 0.093 | O110: =ROUND(CP110,2) -> 1596.79 | P110: =SUMIF(SmtRes!AQ128:'SmtRes'!AQ133,"=1",SmtRes!DF128:'SmtRes'!DF133) -> 0.4 | Q110: =SUMIF(SmtRes!AQ128:'SmtRes'!AQ133,"=1",SmtRes!DG128:'SmtRes'!DG133) -> 4.02 | R110: =SUMIF(SmtRes!AQ128:'SmtRes'!AQ133,"=1",SmtRes!DH128:'SmtRes'!DH133) -> 0.37 | S110: =SUMIF(SmtRes!AQ128:'SmtRes'!AQ133,"=1",SmtRes!DI128:'SmtRes'!DI133) -> 1592 | T110: =ROUND(CU110*I110,2) -> 0 | U110: =SUMIF(SmtRes!AQ128:'SmtRes'!AQ133,"=1",SmtRes!CV128:'SmtRes'!CV133) -> 3.7014 | V110: =SUMIF(SmtRes!AQ128:'SmtRes'!AQ133,"=1",SmtRes!CW128:'SmtRes'!CW133) -> 0.00093 | W110: =ROUND(CX110*I110,2) -> 0 | X110: =ROUND(CY110,2) -> 1863.07 | Y110: =ROUND(CZ110,2) -> 1178.35 | AA110: 73938991 | AB110: =ROUND((AC110+AD110+AF110),6) -> 17147.542 | AC110: =ROUND((SUM(SmtRes!BQ128:'SmtRes'!BQ133)),6) -> 4.7135 | AD110: =ROUND((((SUM(SmtRes!BR128:'SmtRes'!BR133))-(SUM(SmtRes!BS128:'SmtRes'!BS133)))+AE110),6) -> 24.4505 | AE110: =ROUND((SUM(SmtRes!BS128:'SmtRes'!BS133)),6) -> 4.0024 | AF110: =ROUND((SUM(SmtRes!BT128:'SmtRes'!BT133)),6) -> 17118.378 | AG110: =ROUND((AP110),6) -> 0 | AH110: =(SUM(SmtRes!BU128:'SmtRes'!BU133)) -> 39.8 | AI110: =(SUM(SmtRes!BV128:'SmtRes'!BV133)) -> 0.01 | AJ110: =(AS110) -> 0 | AK110: 17151.544 | AL110: 4.7135 | AM110: 24.4505 | AN110: 4.0024 | AO110: 17118.378 | AP110: 0 | AQ110: 39.8 | AR110: 0.01 | AS110: 0 | AT110: 117 | AU110: 74 | AV110: 1 | AW110: 1 | AZ110: 1 | BA110: 1 | BB110: 1 | BC110: 1 | BH110: 0 | BI110: 1 | BJ110: ГЭСН-2022 доп.7, 24-02-035-03, приказ Минстроя России от 02.08.2023 г. № 551/пр | BM110: 24001 | BN110: 0 | BP110: 0 | BQ110: 2 | BR110: 0 | BS110: 1 | BT110: 1 | BU110: 1 | BV110: 1 | BW110: 1 | BX110: 1 | BZ110: 117 | CA110: 74 | CE110: 0 | CF110: 0 | CG110: 0 | CM110: 0 | CO110: 0 | CP110: =(P110+Q110+S110+R110) -> 1596.79 | CQ110: =SUMIF(SmtRes!AQ128:'SmtRes'!AQ133,"=1",SmtRes!AA128:'SmtRes'!AA133) -> 145.67 | CR110: =SUMIF(SmtRes!AQ128:'SmtRes'!AQ133,"=1",SmtRes!AB128:'SmtRes'!AB133) -> 4327.74 | CS110: =SUMIF(SmtRes!AQ128:'SmtRes'!AQ133,"=1",SmtRes!AC128:'SmtRes'!AC133) -> 400.24 | CT110: =SUMIF(SmtRes!AQ128:'SmtRes'!AQ133,"=1",SmtRes!AD128:'SmtRes'!AD133) -> 860.22 | CU110: =AG110 -> 0 | CV110: =SUMIF(SmtRes!AQ128:'SmtRes'!AQ133,"=1",SmtRes!BU128:'SmtRes'!BU133) -> 39.8 | CW110: =SUMIF(SmtRes!AQ128:'SmtRes'!AQ133,"=1",SmtRes!BV128:'SmtRes'!BV133) -> 0.01 | CX110: =AJ110 -> 0 | CY110: =(((S110+R110)*AT110)/100) -> 1863.0729 | CZ110: =(((S110+R110)*AU110)/100) -> 1178.3538 | DN110: 0 | DO110: 0 | DP110: 1 | DQ110: 1 | DU110: 1003 | DV110: км | DW110: км | DX110: 1000 | EE110: 72340632 | EF110: 2 | EG110: Общестроительные работы | EH110: 18 | EI110: Наружные сети водопровода, канализации, теплоснабжения, газопроводы | EJ110: 1 | EK110: 24001 | EL110: Наружные сети водопровода, канализации, теплоснабжения, газопроводы | EM110: ФЕР-24 | EQ110: 0 | ER110: 0 | ES110: 0 | ET110: 0 | EU110: 0 | EV110: 0 | EW110: 39.8 | EX110: 0.01 | EY110: 0 | FQ110: 0 | FR110: 0 | FS110: 0 | FX110: 117 | FY110: 74 | GD110: 1 | GF110: -714333159 | GG110: 2 | GH110: 1 | GI110: -2 | GJ110: 0 | GK110: 0 | GL110: =ROUND(IF(AND(BH110=3,BI110=3,FS110<>0),P110,0),2) -> 0 | GM110: =ROUND(O110+X110+Y110,2)+GX110 -> 4638.21 | GN110: =IF(OR(BI110=0,BI110=1),GM110-GX110,0) -> 4638.21 | GO110: =IF(BI110=2,GM110-GX110,0) -> 0 | GP110: =IF(BI110=4,GM110-GX110,0) -> 0 | GR110: 0 | GS110: 3 | GT110: 0 | GV110: =ROUND((GT110),6) -> 0 | GW110: 1 | GX110: =ROUND(HC110*I110,2) -> 0 | HA110: 0 | HB110: 0 | HC110: =GV110*GW110 -> 0 | HN110: Пр/812-018.0-1 | HO110: Пр/774-018.0 | HP110: Наружные сети водопровода, канализации, теплоснабжения, газопроводы | HQ110: Наружные сети водопровода, канализации, теплоснабжения, газопроводы | HS110: 0 | IK110: 0
A111: 17 | B111: 1 | C111: =ROW(SmtRes!A137) -> 137 | D111: =ROW(EtalonRes!A151) -> 151 | E111: 38 | F111: 24-02-124-01 | G111: Выдержка под давлением до 0,6 МПа при испытании на прочность и герметичность участка газопровода номинальным диаметром: 50-300 мм | H111: участок | I111: 1 | J111: 0 | K111: 1 | O111: =ROUND(CP111,2) -> 17298.45 | P111: =SUMIF(SmtRes!AQ134:'SmtRes'!AQ137,"=1",SmtRes!DF134:'SmtRes'!DF137) -> 0 | Q111: =SUMIF(SmtRes!AQ134:'SmtRes'!AQ137,"=1",SmtRes!DG134:'SmtRes'!DG137) -> 7388.02 | R111: =SUMIF(SmtRes!AQ134:'SmtRes'!AQ137,"=1",SmtRes!DH134:'SmtRes'!DH137) -> 4307.07 | S111: =SUMIF(SmtRes!AQ134:'SmtRes'!AQ137,"=1",SmtRes!DI134:'SmtRes'!DI137) -> 5603.36 | T111: =ROUND(CU111*I111,2) -> 0 | U111: =SUMIF(SmtRes!AQ134:'SmtRes'!AQ137,"=1",SmtRes!CV134:'SmtRes'!CV137) -> 14 | V111: =SUMIF(SmtRes!AQ134:'SmtRes'!AQ137,"=1",SmtRes!CW134:'SmtRes'!CW137) -> 9.8 | W111: =ROUND(CX111*I111,2) -> 0 | X111: =ROUND(CY111,2) -> 11595.2 | Y111: =ROUND(CZ111,2) -> 7333.72 | AA111: 73938991 | AB111: =ROUND((AC111+AD111+AF111),6) -> 11521.972 | AC111: =ROUND((0),6) -> 0 | AD111: =ROUND((((SUM(SmtRes!BR134:'SmtRes'!BR137))-(SUM(SmtRes!BS134:'SmtRes'!BS137)))+AE111),6) -> 5918.612 | AE111: =ROUND((SUM(SmtRes!BS134:'SmtRes'!BS137)),6) -> 4307.072 | AF111: =ROUND((SUM(SmtRes!BT134:'SmtRes'!BT137)),6) -> 5603.36 | AG111: =ROUND((AP111),6) -> 0 | AH111: =(SUM(SmtRes!BU134:'SmtRes'!BU137)) -> 14 | AI111: =(SUM(SmtRes!BV134:'SmtRes'!BV137)) -> 9.8 | AJ111: =(AS111) -> 0 | AK111: 15829.044 | AL111: 0 | AM111: 5918.612 | AN111: 4307.072 | AO111: 5603.36 | AP111: 0 | AQ111: 14 | AR111: 9.8 | AS111: 0 | AT111: 117 | AU111: 74 | AV111: 1 | AW111: 1 | AZ111: 1 | BA111: 1 | BB111: 1 | BC111: 1 | BH111: 0 | BI111: 1 | BJ111: ГЭСН-2022, 24-02-124-01, приказ Минстроя России от 18.05.2022 г. № 378/пр | BM111: 24001 | BN111: 0 | BP111: 0 | BQ111: 2 | BR111: 0 | BS111: 1 | BT111: 1 | BU111: 1 | BV111: 1 | BW111: 1 | BX111: 1 | BZ111: 117 | CA111: 74 | CE111: 0 | CF111: 0 | CG111: 0 | CM111: 0 | CO111: 0 | CP111: =(P111+Q111+S111+R111) -> 17298.45 | CQ111: =SUMIF(SmtRes!AQ134:'SmtRes'!AQ137,"=1",SmtRes!AA134:'SmtRes'!AA137) -> 0 | CR111: =SUMIF(SmtRes!AQ134:'SmtRes'!AQ137,"=1",SmtRes!AB134:'SmtRes'!AB137) -> 2012.9 | CS111: =SUMIF(SmtRes!AQ134:'SmtRes'!AQ137,"=1",SmtRes!AC134:'SmtRes'!AC137) -> 937.88 | CT111: =SUMIF(SmtRes!AQ134:'SmtRes'!AQ137,"=1",SmtRes!AD134:'SmtRes'!AD137) -> 400.24 | CU111: =AG111 -> 0 | CV111: =SUMIF(SmtRes!AQ134:'SmtRes'!AQ137,"=1",SmtRes!BU134:'SmtRes'!BU137) -> 14 | CW111: =SUMIF(SmtRes!AQ134:'SmtRes'!AQ137,"=1",SmtRes!BV134:'SmtRes'!BV137) -> 9.8 | CX111: =AJ111 -> 0 | CY111: =(((S111+R111)*AT111)/100) -> 11595.203 | CZ111: =(((S111+R111)*AU111)/100) -> 7333.7182 | DN111: 0 | DO111: 0 | DP111: 1 | DQ111: 1 | DU111: 1013 | DV111: участок | DW111: участок | DX111: 1 | EE111: 72340632 | EF111: 2 | EG111: Общестроительные работы | EH111: 18 | EI111: Наружные сети водопровода, канализации, теплоснабжения, газопроводы | EJ111: 1 | EK111: 24001 | EL111: Наружные сети водопровода, канализации, теплоснабжения, газопроводы | EM111: ФЕР-24 | EQ111: 0 | ER111: 0 | ES111: 0 | ET111: 0 | EU111: 0 | EV111: 0 | EW111: 14 | EX111: 9.8 | EY111: 0 | FQ111: 0 | FR111: 0 | FS111: 0 | FX111: 117 | FY111: 74 | GD111: 1 | GF111: -884602627 | GG111: 2 | GH111: 1 | GI111: -2 | GJ111: 0 | GK111: 0 | GL111: =ROUND(IF(AND(BH111=3,BI111=3,FS111<>0),P111,0),2) -> 0 | GM111: =ROUND(O111+X111+Y111,2)+GX111 -> 36227.37 | GN111: =IF(OR(BI111=0,BI111=1),GM111-GX111,0) -> 36227.37 | GO111: =IF(BI111=2,GM111-GX111,0) -> 0 | GP111: =IF(BI111=4,GM111-GX111,0) -> 0 | GR111: 0 | GS111: 0 | GT111: 0 | GV111: =ROUND((GT111),6) -> 0 | GW111: 1 | GX111: =ROUND(HC111*I111,2) -> 0 | HA111: 0 | HB111: 0 | HC111: =GV111*GW111 -> 0 | HN111: Пр/812-018.0-1 | HO111: Пр/774-018.0 | HP111: Наружные сети водопровода, канализации, теплоснабжения, газопроводы | HQ111: Наружные сети водопровода, канализации, теплоснабжения, газопроводы | HS111: 0 | IK111: 0
A113: 51 | B113: =B66 -> 1 | C113: =A66 -> 4 | D113: =ROW(A66) -> 66 | F113: =IF(F66<>"",F66,"") -> Новый раздел | G113: =IF(G66<>"",G66,"") -> Укладка трубы | H113: 0 | O113: =ROUND(AB113,2) -> 112106.52 | P113: =ROUND(AC113,2) -> 76976.1 | Q113: =ROUND(AD113,2) -> 10953.35 | R113: =ROUND(AE113,2) -> 5389.06 | S113: =ROUND(AF113,2) -> 18788.01 | T113: =ROUND(AG113,2) -> 0 | U113: =AH113 -> 46.0633 | V113: =AI113 -> 12.202825 | W113: =ROUND(AJ113,2) -> 0 | X113: =ROUND(AK113,2) -> 28153.96 | Y113: =ROUND(AL113,2) -> 17381.92 | AB113: =ROUND(SUMIF(AA70:AA111,"=73938991",O70:O111),2) -> 112106.52 | AC113: =ROUND(SUMIF(AA70:AA111,"=73938991",P70:P111),2) -> 76976.1 | AD113: =ROUND(SUMIF(AA70:AA111,"=73938991",Q70:Q111),2) -> 10953.35 | AE113: =ROUND(SUMIF(AA70:AA111,"=73938991",R70:R111),2) -> 5389.06 | AF113: =ROUND(SUMIF(AA70:AA111,"=73938991",S70:S111),2) -> 18788.01 | AG113: =ROUND(SUMIF(AA70:AA111,"=73938991",T70:T111),2) -> 0 | AH113: =SUMIF(AA70:AA111,"=73938991",U70:U111) -> 46.0633 | AI113: =SUMIF(AA70:AA111,"=73938991",V70:V111) -> 12.202825 | AJ113: =ROUND(SUMIF(AA70:AA111,"=73938991",W70:W111),2) -> 0 | AK113: =ROUND(SUMIF(AA70:AA111,"=73938991",X70:X111),2) -> 28153.96 | AL113: =ROUND(SUMIF(AA70:AA111,"=73938991",Y70:Y111),2) -> 17381.92 | AO113: =ROUND(BX113,2) -> 0 | AP113: =ROUND(BY113,2) -> 0 | AQ113: =ROUND(BZ113,2) -> 0 | AR113: =ROUND(CA113,2) -> 157642.4 | AS113: =ROUND(CB113,2) -> 140388.74 | AT113: =ROUND(CC113,2) -> 17253.66 | AU113: =ROUND(CD113,2) -> 0 | AV113: =ROUND(CE113,2) -> 76976.1 | ... BD113: =ROUND(CM113,2) -> 0 | BX113: =ROUND(SUMIF(AA70:AA111,"=73938991",FQ70:FQ111),2) -> 0 | BY113: =ROUND(SUMIF(AA70:AA111,"=73938991",FR70:FR111),2) -> 0 | BZ113: =ROUND(SUMIF(AA70:AA111,"=73938991",GL70:GL111),2) -> 0 | CA113: =ROUND(SUMIF(AA70:AA111,"=73938991",GM70:GM111),2) -> 157642.4 | CB113: =ROUND(SUMIF(AA70:AA111,"=73938991",GN70:GN111),2) -> 140388.74 | CC113: =ROUND(SUMIF(AA70:AA111,"=73938991",GO70:GO111),2) -> 17253.66 | CD113: =ROUND(SUMIF(AA70:AA111,"=73938991",GP70:GP111),2) -> 0 | CE113: =AC113-BX113 -> 76976.1 | CF113: =AC113-BY113 -> 76976.1 | CG113: =BX113-BZ113 -> 0 | CH113: =AC113-BX113-BY113+BZ113 -> 76976.1 | CI113: =BY113-BZ113 -> 0 | CJ113: =ROUND(SUMIF(AA70:AA111,"=73938991",GX70:GX111),2) -> 0 | CK113: =ROUND(SUMIF(AA70:AA111,"=73938991",GY70:GY111),2) -> 0 | CL113: =ROUND(SUMIF(AA70:AA111,"=73938991",GZ70:GZ111),2) -> 0 | CM113: =ROUND(SUMIF(AA70:AA111,"=73938991",HD70:HD111),2) -> 0 | GX113: 0
A115: 50 | B115: 0 | C115: 0 | D115: 1 | E115: 201 | F115: =ROUND(Source!O113,O115) -> 112106.52 | G115: ПЗ | H115: Прямые затраты | K115: 201 | L115: 1 | M115: 3 | O115: 2 | W115: 112106.52 | X115: 1 | Y115: 112106.52
A116: 50 | B116: 0 | C116: 0 | D116: 1 | E116: 202 | F116: =ROUND(Source!P113,O116) -> 76976.1 | G116: СтМатОб | H116: Стоимость материальных ресурсов (всего) | K116: 202 | L116: 2 | M116: 3 | O116: 2 | W116: 76976.1 | X116: 1 | Y116: 76976.1
A117: 50 | B117: 0 | C117: 0 | D117: 1 | E117: 222 | F117: =ROUND(Source!AO113,O117) -> 0 | G117: СтМатОбЗак | H117: Стоимость материалов и оборудования заказчика | K117: 222 | L117: 3 | M117: 3 | O117: 2 | W117: 0 | X117: 1 | Y117: 0
A118: 50 | B118: 0 | C118: 0 | D118: 1 | E118: 225 | F118: =ROUND(Source!AV113,O118) -> 76976.1 | G118: СтМатОбПод | H118: Стоимость материалов и оборудования подрядчика | K118: 225 | L118: 4 | M118: 3 | O118: 2 | W118: 76976.1 | X118: 1 | Y118: 76976.1
A119: 50 | B119: 0 | C119: 0 | D119: 1 | E119: 226 | F119: =ROUND(Source!AW113,O119) -> 76976.1 | G119: СтМат | H119: Стоимость материалов (всего) | K119: 226 | L119: 5 | M119: 3 | O119: 2 | W119: 76976.1 | X119: 1 | Y119: 76976.1
A120: 50 | B120: 0 | C120: 0 | D120: 1 | E120: 227 | F120: =ROUND(Source!AX113,O120) -> 0 | G120: СтМатЗак | H120: Стоимость материалов заказчика | K120: 227 | L120: 6 | M120: 3 | O120: 2 | W120: 0 | X120: 1 | Y120: 0
A121: 50 | B121: 0 | C121: 0 | D121: 1 | E121: 228 | F121: =ROUND(Source!AY113,O121) -> 76976.1 | G121: СтМатПод | H121: Стоимость материалов подрядчика | K121: 228 | L121: 7 | M121: 3 | O121: 2 | W121: 76976.1 | X121: 1 | Y121: 76976.1
A122: 50 | B122: 0 | C122: 0 | D122: 1 | E122: 216 | F122: =ROUND(Source!AP113,O122) -> 0 | G122: Оборуд | H122: Стоимость оборудования (всего) | K122: 216 | L122: 8 | M122: 3 | O122: 2 | W122: 0 | X122: 1 | Y122: 0
A123: 50 | B123: 0 | C123: 0 | D123: 1 | E123: 223 | F123: =ROUND(Source!AQ113,O123) -> 0 | G123: ОборудЗак | H123: Стоимость оборудования заказчика | K123: 223 | L123: 9 | M123: 3 | O123: 2 | W123: 0 | X123: 1 | Y123: 0
A124: 50 | B124: 0 | C124: 0 | D124: 1 | E124: 229 | F124: =ROUND(Source!AZ113,O124) -> 0 | G124: ОборудПод | H124: Стоимость оборудования подрядчика | K124: 229 | L124: 10 | M124: 3 | O124: 2 | W124: 0 | X124: 1 | Y124: 0
A125: 50 | B125: 0 | C125: 0 | D125: 1 | E125: 203 | F125: =ROUND(Source!Q113,O125) -> 10953.35 | G125: ЭММ | H125: Эксплуатация машин | K125: 203 | L125: 11 | M125: 3 | O125: 2 | W125: 10953.35 | X125: 1 | Y125: 10953.35
A126: 50 | B126: 0 | C126: 0 | D126: 1 | E126: 231 | F126: =ROUND(Source!BB113,O126) -> 0 | G126: ЭММсНРиСП | H126: Эксплуатация машин по ТСН-2001.16 | K126: 231 | L126: 12 | M126: 3 | O126: 2 | W126: 0 | X126: 1 | Y126: 0
...

Sheet SourceObSm
A1: 0 | B1: Smeta.RU (495) 974-1589 | D1: _OBSM_ | F1: 0 | G1: 0 | H1: 0 | I1: Smeta.RU | K1: 1 | L1: 28180 | M1: 10 | N1: 12 | O1: 1 | P1: 0 | Q1: 5
A12: 1 | B12: 59 | C12: 0 | E12: 0 | F12: Новый объект_(Копия)_(Копия)_(Копия)_(Копия)_(Копия)_(Копия) | G12: Газопровод низкого давления к жилому дому,расположенному по адресу: Пензенская область,Кузнецкий район,с.Радищево,ул.Кузнецкая,3 | I12: 0 | K12: 0 | L12: 0 | M12: 523 | O12: 0 | P12: 0 | Q12: 7 | R12: 0 | T12: 4 | V12: 0 | BB12: 0 | BH12: Сметные нормы списания | BI12: Коды ценников | BJ12: 1 | BK12: 1 | BL12: 0 | BM12: 0 | BN12: 1 | BO12: 0 | BP12: 6 | BQ12: 2 | BR12: 1 | BS12: 1 | BT12: 0 | BU12: 0 | BV12: 0 | BW12: 0 | BX12: 0 | BY12: ФСНБ-2022_И19 | BZ12: Версия 1.19.0 для ФСНБ-2022 И19 | CA12: ФСНБ-2022 - Изменения И19 | CB12: ФСНБ-2022 - Изменения И19 | CC12: ФСНБ-2022 - Изменения И19 | CD12: ФСНБ-2022 - Изменения И19 | CE12: Поправки для ФСНБ-2022 от 21.08.2026 г И19 (55/пр) Строительство | CF12: 0 | CG12: 0 | CH12: 487096328 | CK12: 19 | CQ12: Приказ Минстроя России от 30.12.2021 г. № 1046/пр; Приказ Минстроя России от 04.08.2020 г. № 421/пр; Приказ Минстроя России от 21.12.2020 г. № 812/пр; Приказ Минстроя России от 11.12.2020 г. № 774/пр | CR12: ГСН | CS12: 46248 | CT12: 570 | CU12: 19 | CV12: Приказ Минстроя России от 18.05.2022 г. № 378/пр; Приказ Минстроя России от 26.08.2022 г. № 703/пр; Приказ Минстроя России от 26.10.2022 г. № 905/пр; Приказ Минстроя России от 27.12.2022 г. № 1133/пр; Приказ Минстроя России от 10.02.2023 г. № 84/пр; Приказ Минстроя России от 11.05.2023 г. № 335/пр; Приказ Минстроя России от 02.08.2023 г. № 551/пр; Приказ Минстроя России от 14.11.2023 г. № 817/пр; Приказ Минстроя России от 16.02.2024 г. № 102/пр; Приказ Минстроя России от 13.05.2024 г. № 323/пр; Приказ Минстроя России от 09.08.2024 г. № 524/пр; Приказ Минстроя России от 07.11.2024 г. № 747/пр; Приказ Минстроя России от 07.02.2025 г. № 69/пр; Приказ Минстроя России от 19.05.2025 г. № 299/пр; Приказ Минстроя России от 14.08.2025 г. № 490/пр; Приказ Минстроя России от 12.11.2025 г. № 696/пр; Приказ Минстроя России от 17.02.2026 г. № 91/пр; Приказ Минстроя России от 15.05.2026 г. № 301/пр; Приказ Минстроя России от 12.08.2026 г. № 527/пр; Приказ Минстроя России от 07.07.2022 г. № 557/пр; Приказ Минстроя России от 30.01.2024 г. № 55/пр; Приказ Минстроя России от 23.01.2025 г. № 30/пр; Приказ Минстроя России от 02.09.2021 г. № 636/пр; Приказ Минстроя России от 26.07.2022 г. № 611/пр; Приказ Минстроя России от 22.04.2022 г. № 317/пр | CY12: 0 | EC12: 0
A14: 22 | B14: 1 | C14: 0 | D14: 73938991 | E14: 0 | F14: 2 | G14: 1
A16: 3 | B16: 1 | C16: Новая локальная смета | D16: Газопровод низкого давленияя | E16: =ROUND((Source!F258)/1000,2) -> 238.05 | F16: =ROUND((Source!F259)/1000,2) -> 17.25 | G16: =ROUND((Source!F250)/1000,2) -> 0 | H16: =ROUND((Source!F260)/1000+(Source!F261)/1000,2) -> 0 | I16: =E16+F16+G16+H16 -> 255.3 | J16: =ROUND((Source!F256+Source!F255)/1000,2) -> 38.22 | K16: 314.75 | L16: 0 | M16: 0 | N16: =I16+L16+M16 -> 255.3 | AI16: 0 | AJ16: -1 | AN16: 0 | AT16: 185651.92 | AU16: 129096.4 | AV16: 0 | AW16: 0 | AX16: 0 | AY16: 18339.82 | AZ16: 8007.49 | BA16: 30208.21 | BB16: 238048.71 | BC16: 17253.66 | BD16: 0 | BE16: 0 | BF16: 79.76951 | BG16: 17.372354 | BH16: 0 | BI16: 43338.28 | BJ16: 26312.17 | BK16: 255302.37
A18: 51 | E18: 238.05 | F18: 17.25 | G18: 0 | H18: 0 | I18: 255.3 | J18: 38.22 | K18: 314.75 | L18: 0 | M18: 0 | N18: 255.3
A20: 50 | B20: 0 | C20: 0 | D20: 1 | E20: 0 | F20: 185651.92 | G20: ПЗ | H20: Прямые затраты | K20: 201 | L20: 1 | M20: 3 | O20: 2
A21: 50 | B21: 0 | C21: 0 | D21: 1 | E21: 202 | F21: 129096.4 | G21: СтМатОб | H21: Стоимость материальных ресурсов (всего) | K21: 202 | L21: 2 | M21: 3 | O21: 2
A22: 50 | B22: 0 | C22: 0 | D22: 1 | E22: 222 | F22: 0 | G22: СтМатОбЗак | H22: Стоимость материалов и оборудования заказчика | K22: 222 | L22: 3 | M22: 3 | O22: 2
A23: 50 | B23: 0 | C23: 0 | D23: 1 | E23: 225 | F23: 129096.4 | G23: СтМатОбПод | H23: Стоимость материалов и оборудования подрядчика | K23: 225 | L23: 4 | M23: 3 | O23: 2
A24: 50 | B24: 0 | C24: 0 | D24: 1 | E24: 226 | F24: 129096.4 | G24: СтМат | H24: Стоимость материалов (всего) | K24: 226 | L24: 5 | M24: 3 | O24: 2
A25: 50 | B25: 0 | C25: 0 | D25: 1 | E25: 227 | F25: 0 | G25: СтМатЗак | H25: Стоимость материалов заказчика | K25: 227 | L25: 6 | M25: 3 | O25: 2
A26: 50 | B26: 0 | C26: 0 | D26: 1 | E26: 228 | F26: 129096.4 | G26: СтМатПод | H26: Стоимость материалов подрядчика | K26: 228 | L26: 7 | M26: 3 | O26: 2
A27: 50 | B27: 0 | C27: 0 | D27: 1 | E27: 216 | F27: 0 | G27: Оборуд | H27: Стоимость оборудования (всего) | K27: 216 | L27: 8 | M27: 3 | O27: 2
A28: 50 | B28: 0 | C28: 0 | D28: 1 | E28: 223 | F28: 0 | G28: ОборудЗак | H28: Стоимость оборудования заказчика | K28: 223 | L28: 9 | M28: 3 | O28: 2
A29: 50 | B29: 0 | C29: 0 | D29: 1 | E29: 229 | F29: 0 | G29: ОборудПод | H29: Стоимость оборудования подрядчика | K29: 229 | L29: 10 | M29: 3 | O29: 2
A30: 50 | B30: 0 | C30: 0 | D30: 1 | E30: 203 | F30: 18339.82 | G30: ЭММ | H30: Эксплуатация машин | K30: 203 | L30: 11 | M30: 3 | O30: 2
A31: 50 | B31: 0 | C31: 0 | D31: 1 | E31: 231 | F31: 0 | G31: ЭММсНРиСП | H31: Эксплуатация машин по ТСН-2001.16 | K31: 231 | L31: 12 | M31: 3 | O31: 2
... A54: 50 | B54: 1 | C54: 0 | D54: 2 | E54: 213 | F54: 310958 | G54: Итог8 | H54: Всего | K54: 212 | L54: 35 | M54: 0 | O54: 2
A56: -1
A59: 75 | B59: Уровень цен | C59: 2026 | D59: 0 | E59: 9 | F59: 1 | G59: 0 | H59: 1 | I59: 0 | J59: 3 | K59: 0 | L59: 0 | M59: 0 | N59: 73938991 | O59: 1
A60: 2 | B60: Вид цен | C60: Пензенская область, КТЦ к ФСНБ-2022, 3 квартал 2026 г | D60: 0 | E60: 0 | F60: 0 | AN60: 73938992
A61: 1 | B61: Сборник индексов | C61: Пензенская область к ФСНБ-2022 ФГИС ЦС | D61: 2026 | E61: 9 | F61: 1 | G61: 1 | H61: 0 | I61: 2 | J61: 1 | K61: 1 | L61: 1 | M61: 1 | N61: 1 | O61: 1 | P61: 1 | Q61: 1 | AN61: 73938993 | AO61: Письмо Минстроя России «О размещении индексов изменения сметной стоимости строительства по группам однородных строительных ресурсов на III квартал 2026 года» | AP61: Справочная информация | AQ61: 46258 | AR61: 423 | AS61: Письмо Минстроя России от 24.08.2026 № 52419-ИФ/09 | AT61: Приказ Министерства градостроительства и архитектуры Пензенской области | AU61: Справочная информация | AV61: 46087 | AW61: 250 | AX61: Приказ Министерства градостроительства и архитектуры Пензенской области от 06.03.2026 г. № 250/оп

Sheet SmtRes
